Workbook
Name ACEquipmentType: Lists!$J$34:$J$37
Name ACEquipmentTypeWater: Lists!$I$12:$I$13
Name Admin_Address_1: Lists!$F$42
Name Admin_Address_2: Lists!$F$43
Name Admin_Address_3: Lists!$F$44
Name Admin_Address_4: Lists!$F$45
Name Admin_Address_5: Lists!$F$46
Name Admin_Comments_1: Lists!$F$38
Name Admin_Comments_2: Lists!$F$39
Name Admin_Comments_3: Lists!$F$40
Name Admin_Comments_4: Lists!$F$41
Name Admin_Data: Lists!$G$29:$G$46
Name Admin_Mail_to_Cust: Lists!$F$35
Name Admin_Note_to_Payroll: Lists!$F$37
Name Admin_Send_to_IPCO: Lists!$F$36
Name AllStates: Lists!$C$2:$D$52
Name AllStatesInitials: Lists!$C$2:$C$52
Name ApplicantStatus: Lists!$I$2:$I$6
Name BuildingHours: Lists!$E$2:$F$27
Name BuildingType: Lists!$E$2:$E$27
Name ButtonFinal: Lists!$F$30
Name ButtonPreliminary: Lists!$F$29
Name cc_List: Lists!$E$48:$E$55
Name ChillerType: Lists!$I$15:$I$17
Name ComboBoxRep: Lists!$F$34
Name CoolingHours: Lists!$E$2:$G$27
Name CustomerRepLocations: Lists!$H$28:$I$52
Name CustomerReps: Lists!$H$28:$H$55
Name EMCSSystemTypes: Lists!$J$15:$J$22
Name exteriorNLC: Lists!$J$30:$J$32
Name Facility_Name: Lists!$I$22:$I$23
Name FacilityState: Lists!$H$15:$H$16
Name Form_Data: Lists!$F$29:$F$46
Name GroupA: 'HVAC Efficiency Tables'!$F$3:$M$7
Name GroupB: 'HVAC Efficiency Tables'!$F$13:$M$13
Name GroupD: 'HVAC Efficiency Tables'!$F$14:$M$18
Name GroupE: 'HVAC Efficiency Tables'!$F$19:$M$19
Name GroupF: 'HVAC Efficiency Tables'!$F$24:$M$26
Name GroupG: 'HVAC Efficiency Tables'!$F$27:$M$32
Name GroupH: 'HVAC Efficiency Tables'!$F$33:$M$37
Name Handling: Lists!$I$19
Name Handling_Admin: Lists!$G$37
Name Handling_Instructions: Lists!$I$19:$I$20
Name HandlingInstructions: 'Data Extraction'!$G$7
Name HVACEfficiencies: 'HVAC Efficiency Tables'!$E$47:$W$149
Name HVACEfficiencyTables: 'HVAC Efficiency Tables'!$A$1:$K$37
Name HVACEfficiencyTablesCode: 'HVAC Efficiency Tables'!$A$1:$M$37
Name HVACEffLookUps: 'HVAC Efficiency Tables'!$E$46:$K$136
Name interiorNLC: Lists!$J$24:$J$28
Name ProjectType: Lists!$H$10:$H$13
Name RegionLookUp: Lists!$L$1:$O$184
Name Regions: Lists!$H$18:$H$22
Name ResistanceType01: 'HVAC Efficiency Tables'!$AD$11:$AD$13
Name ResistanceType02: 'HVAC Efficiency Tables'!$AD$14:$AD$16
Name ResistanceType03: 'HVAC Efficiency Tables'!$AD$17:$AD$19
Name ResistanceType04: 'HVAC Efficiency Tables'!$AD$20:$AD$22
Name ResistanceType05: 'HVAC Efficiency Tables'!$AD$23:$AD$25
Name ResistanceType06: 'HVAC Efficiency Tables'!$AD$26:$AD$28
Name ResistanceType07: 'HVAC Efficiency Tables'!$AD$29:$AD$31
Name ResistanceType08: 'HVAC Efficiency Tables'!$AD$32:$AD$34

Sheet Internal Notes
A2: To update macro forms
A3: IMPORTANT!!! Click AdminForm or paymentVerficationForm Double click on blank box to pull up macro code
A5: To change pre-fix on file name
A6: Go to List tab. Change F31.
A8: To update letter to include all new measures (No letter in 2021 app)
A9: Update the cell in column C two rows below the last new measure.
A10: In the 2018 application, the last new measure is in C49. Update the concatenate formula in cell C51.
A12: Update Incent Calc Table. Add new measures (Not used in 2021)
A14: Update internal Master App YYYY macros
A15: Not critical but consider updating ClearMaster macro to help make testing easier.
A16: Make sure to the first line of code MATCHES the file name.
A21: To prepare customer copy
... A26: Hide unnecssary tabs. Show the following:
B27: Welcome
B28: Preliminary Application
B29: Final Application
B30: HVAC Worksheet
B31: Controls Worksheet
B32: Custom Projects
B33: L3 LLLC | C33: <-New in 2021
B34: Specific Qualification
B35: Terms & Conditions
A36: Go to Page layout in each visible tab. Hide columns that have savings logic.
A37: Select all tabs. Go to Page Layout. Hide Gridlines and Headings.
A38: Lock workbook and visible worksheets with 27290825
A40: To prepare official master copy
A41: Rename as Master App YYYY.xlsm.
A42: If using macro to clear test data
B43: View Code
B44: Under ClearMaster (), make sure ActiveWorkbook.Name = "Master App YYYY.xlsm" Then
B45: Run ClearMaster
A46: Save copy here: \\austin\Customer_Relations_Research\PROGRAMS and PROJECTS\Programs Rider\Commercial & Industrial\Building Efficiency\Applications\2011 Applications\Masters
A47: Hide unnessary tabs. Show following:
B48: Internal Notes (maybe hide)
B49: Incent Calc Table
B50: Welcome
B51: Data Extraction
B52: Preliminary Application
B53: Final Application
B54: HVAC Worksheet
B55: Controls Worksheet
B56: Custom Projects
B57: L3 LLLC | C57: <-New in 2021
B58: Specific Qualification
B59: Terms & Conditions
B60: Lists (maybe hide)
A61: Move view to the top of each tab
A62: Move to Welcome Tab. Save.

Sheet Letter
C2: =TODAY()+7-WEEKDAY(TODAY()+7-4) -> 46295
C5: =CONCATENATE('Final Application'!B39,", ",'Final Application'!M39) -> ,
C6: ='Final Application'!B35 -> 0
C7: =Letter_Background!D10 -> 0
C8: =Letter_Background!D11 -> 0, 0 0
C10: ="Dear " &Letter_Background!C8&" "&Letter_Background!D8&":" -> Dear 0 :
C12: =IF('Final Application'!AL34=TRUE,Letter_Background!D4,IF('Final Application'!AK34=TRUE,Letter_Background!C4,"?????????")) -> ?????????
C14: =IF('Final Application'!AL34=TRUE,Letter_Background!D5,IF('Final Application'!AK34=TRUE,Letter_Background!C5,"?????????")) -> ?????????
C16: =IF('Final Application'!AL34=TRUE,Letter_Background!D6,IF('Final Application'!AK34=TRUE,Letter_Background!C6,"?????????")) -> ?????????
C18: =IF('Final Application'!AL34=TRUE,Letter_Background!D7,IF('Final Application'!AK34=TRUE,Letter_Background!C7,"?????????")) -> ?????????
C20: Thank you,
C26: Sheree Willhite, P.E.
C27: Senior Engineer
C28: swillhite@idahopower.com
C32: =IF(D32="","","cc:") -> cc: | D32: Brian Fletcher, Idaho Power
C33: =IF(D33="","",IF(C32="","cc:",""))
C34: =IF(D34="","",IF(AND(C33="",C32=""),"cc:",""))

Sheet Letter_Background
C1: Applicant | D1: Third Party
B3: New | F3: Name Split into Columns
B4: Paragraph 1 | C4: ="Enclosed is a Commercial & Industrial Energy Efficiency incentive check for energy efficiency designed and built into the "&C11& " " & C9&" in "&E8&" (Commercial & Industrial Energy Efficiency Application "&LEFT('Data Extraction'!A7,2)&"-"&RIGHT('Data Extraction'!A7,3)&"). The $"&'Final Application'!AF148&" payment is our way of reminding you that energy efficiency pays." -> Enclosed is a Commercial & Industrial Energy Efficiency incentive check for energy efficiency designed and built into the ??????? in ??????? (Commercial & Industrial Energy Efficiency Application -). The $ payment is our way of reminding you that energy efficiency pays. | D4: ="Enclosed is a Commercial & Industrial Energy Efficiency incentive check for energy efficiency designed and built into the "&C11& " " & C9 & " in "&E8&" (Commercial & Industrial Energy Efficiency Application "&LEFT('Data Extraction'!A7,2)&"-"&RIGHT('Data Extraction'!A7,3)&"). The $"&'Final Application'!AF148&" payment is our way of reminding you that energy efficiency pays." -> Enclosed is a Commercial & Industrial Energy Efficiency incentive check for energy efficiency designed and built into the ??????? in ??????? (Commercial & Industrial Energy Efficiency Application -). The $ payment is our way of reminding you that energy efficiency pays. | J4: =IF(I4="",IF(H4="",IF(G4="",IF(F4="","No Primary Contact Entered in Application",F4),G4),H4),I4) -> No Primary Contact Entered in Application
B5: Paragraph 2 | C5: =IF(C12=1,"We are glad to provide you with this incentive payment for the energy efficiency feature - "&C51&" - specified and installed in this facility.","We are glad to provide you with this incentive payment for the energy efficiency features - "&C51&" - specified and installed in this facility.") -> #REF! | D5: =IF(C12=1,"We are glad to provide you with this incentive payment for "&C9&" for the energy efficiency feature - "&C51&" - specified and installed into their facility.","We are glad to provide you with this incentive payment for "&C9&" for the energy efficiency features - "&C51&" - specified and installed in their facility.") -> #REF! | J5: =IF(I5="",IF(H5="",IF(G5="",IF(F5="","No Third Party Contact Entered in Application",F5),G5),H5),I5) -> No Third Party Contact Entered in Application
B6: Paragraph 3 | C6: ="Please feel free to share your energy-saving story with others. With Idaho Power's incentives available, energy efficiency pays more than ever." -> Please feel free to share your energy-saving story with others. With Idaho Power's incentives available, energy efficiency pays more than ever. | D6: ="We appreciate their investment in energy efficiency and your interest in helping them. We both know that they will appreciate electric bills that are lower than they otherwise would have been." -> We appreciate their investment in energy efficiency and your interest in helping them. We both know that they will appreciate electric bills that are lower than they otherwise would have been.
B7: Paragraph 4 | C7: ="We appreciate working with you on this project and want to offer our help again. When you have future energy-saving projects, just call me at "&C10&"." -> We appreciate working with you on this project and want to offer our help again. When you have future energy-saving projects, just call me at (208) 388-6717. | D7: ="With Idaho Power's incentives available, energy efficient designs pay more than ever. If you have future energy-savings projects in any other facilities, we'd be glad to help again. Just give me a call at "&C10&"." -> With Idaho Power's incentives available, energy efficient designs pay more than ever. If you have future energy-savings projects in any other facilities, we'd be glad to help again. Just give me a call at (208) 388-6717.
B8: name | C8: =IF('Final Application'!B39="",'Final Application'!B35,'Final Application'!B39) -> 0 | E8: =IF('Final Application'!T11="","???????",'Final Application'!T11) -> ??????? | F8: Facility City
B9: business | E9: anyone else to cc
B10: ipco phone | C10: (208) 388-6717 | D10: ='Data Extraction'!BK7 -> 0 | E10: letter address
B11: project type | C11: =IF('Final Application'!Z21="","???????",IF('Final Application'!Z21="new","new",IF('Final Application'!Z21="remodel","remodeled",IF('Final Application'!Z21="expansion","expanded",IF('Final Application'!Z21="expansion & remodel","expanded and remodeled"))))) -> ??????? | D11: ='Data Extraction'!BL7 & ", " & 'Data Extraction'!BM7 & " " & 'Data Extraction'!BN7 -> 0, 0 0 | E11: letter city, state & zip
B12: # of measures | C12: =COUNTIF('Final Application'!AK68:AK126,"True") -> 0 | D12: =IF(C9="",IF('Final Application'!B9="","………built into the "&C11&" ??????? in "&E8&"……….","…….built into the "&C11&" "&'Final Application'!B9&" in "&E8&"……."),"…….built into the "&C11&" "&C9&" in "&E8&"…….") -> ………built into the ??????? ??????? in ???????……….
C13: interior light load reduction | D13: =IF(E13=FALSE,"",IF(C$12=1,C13,IF(F13="never ever last",C13&", ",IF(F13="second to last",C13&" & ",IF(F13="last",C13,"?"))))) | E13: ='Final Application'!AK68 -> FALSE | F13: =IF(F14="never ever last","never ever last",IF(F14="second to last","never ever last",IF(OR(F14="never last",F14="last"),IF(E13=TRUE,"second to last","never last"),IF(F14="not last",IF(E13=TRUE,"last","not last"))))) -> #REF!
C14: exterior light load reduction | D14: =IF(E14=FALSE,"",IF(C$12=1,C14,IF(F14="never ever last",C14&", ",IF(F14="second to last",C14&" & ",IF(F14="last",C14,"?"))))) | E14: ='Final Application'!AK69 -> FALSE | F14: =IF(F15="never ever last","never ever last",IF(F15="second to last","never ever last",IF(OR(F15="never last",F15="last"),IF(E14=TRUE,"second to last","never last"),IF(F15="not last",IF(E14=TRUE,"last","not last"))))) -> #REF!
C15: daylight photo controls | D15: =IF(E15=FALSE,"",IF(C$12=1,C15,IF(F15="never ever last",C15&", ",IF(F15="second to last",C15&" & ",IF(F15="last",C15,"?"))))) | E15: ='Final Application'!AK70 -> FALSE | F15: =IF(F16="never ever last","never ever last",IF(F16="second to last","never ever last",IF(OR(F16="never last",F16="last"),IF(E15=TRUE,"second to last","never last"),IF(F16="not last",IF(E15=TRUE,"last","not last"))))) -> #REF!
C16: occupancy sensors | D16: =IF(E16=FALSE,"",IF(C$12=1,C16,IF(F16="never ever last",C16&", ",IF(F16="second to last",C16&" & ",IF(F16="last",C16,"?"))))) | E16: ='Final Application'!AK74 -> FALSE | F16: =IF(F17="never ever last","never ever last",IF(F17="second to last","never ever last",IF(OR(F17="never last",F17="last"),IF(E16=TRUE,"second to last","never last"),IF(F17="not last",IF(E16=TRUE,"last","not last"))))) -> #REF!
C17: high efficiency exit signs | D17: =IF(E17=FALSE,"",IF(C$12=1,C17,IF(F17="never ever last",C17&", ",IF(F17="second to last",C17&" & ",IF(F17="last",C17,"?"))))) | E17: ='Final Application'!AK75 -> FALSE | F17: =IF(F18="never ever last","never ever last",IF(F18="second to last","never ever last",IF(OR(F18="never last",F18="last"),IF(E17=TRUE,"second to last","never last"),IF(F18="not last",IF(E17=TRUE,"last","not last"))))) -> #REF!
C18: efficient AC & HP units | D18: =IF(E18=FALSE,"",IF(C$12=1,C18,IF(F18="never ever last",C18&", ",IF(F18="second to last",C18&" & ",IF(F18="last",C18,"?"))))) | E18: ='Final Application'!AK83 -> FALSE | F18: =IF(F19="never ever last","never ever last",IF(F19="second to last","never ever last",IF(OR(F19="never last",F19="last"),IF(E18=TRUE,"second to last","never last"),IF(F19="not last",IF(E18=TRUE,"last","not last"))))) -> #REF!
C19: efficient VRF units | D19: =IF(E19=FALSE,"",IF(C$12=1,C19,IF(F19="never ever last",C19&", ",IF(F19="second to last",C19&" & ",IF(F19="last",C19,"?"))))) | E19: ='Final Application'!AK84 -> FALSE | F19: =IF(F20="never ever last","never ever last",IF(F20="second to last","never ever last",IF(OR(F20="never last",F20="last"),IF(E19=TRUE,"second to last","never last"),IF(F20="not last",IF(E19=TRUE,"last","not last"))))) -> #REF!
C20: efficient chillers | D20: =IF(E20=FALSE,"",IF(C$12=1,C20,IF(F20="never ever last",C20&", ",IF(F20="second to last",C20&" & ",IF(F20="last",C20,"?"))))) | E20: ='Final Application'!AK85 -> FALSE | F20: =IF(F21="never ever last","never ever last",IF(F21="second to last","never ever last",IF(OR(F21="never last",F21="last"),IF(E20=TRUE,"second to last","never last"),IF(F21="not last",IF(E20=TRUE,"last","not last"))))) -> #REF!
C21: air side economizers | D21: =IF(E21=FALSE,"",IF(C$12=1,C21,IF(F21="never ever last",C21&", ",IF(F21="second to last",C21&" & ",IF(F21="last",C21,"?"))))) | E21: ='Final Application'!AK86 -> FALSE | F21: =IF(F22="never ever last","never ever last",IF(F22="second to last","never ever last",IF(OR(F22="never last",F22="last"),IF(E21=TRUE,"second to last","never last"),IF(F22="not last",IF(E21=TRUE,"last","not last"))))) -> #REF!
C22: direct evaporative cooler | D22: =IF(E22=FALSE,"",IF(C$12=1,C22,IF(F22="never ever last",C22&", ",IF(F22="second to last",C22&" & ",IF(F22="last",C22,"?"))))) | E22: ='Final Application'!AK89 -> FALSE | F22: =IF(F23="never ever last","never ever last",IF(F23="second to last","never ever last",IF(OR(F23="never last",F23="last"),IF(E22=TRUE,"second to last","never last"),IF(F23="not last",IF(E22=TRUE,"last","not last"))))) -> #REF!
C23: high volume low speed fan | D23: =IF(E23=FALSE,"",IF(C$12=1,C23,IF(F23="never ever last",C23&", ",IF(F23="second to last",C23&" & ",IF(F23="last",C23,"?"))))) | E23: ='Final Application'!AK90 -> FALSE | F23: =IF(F24="never ever last","never ever last",IF(F24="second to last","never ever last",IF(OR(F24="never last",F24="last"),IF(E23=TRUE,"second to last","never last"),IF(F24="not last",IF(E23=TRUE,"last","not last"))))) -> #REF!
C24: reflective roof treatment | D24: =IF(E24=FALSE,"",IF(C$12=1,C24,IF(F24="never ever last",C24&", ",IF(F24="second to last",C24&" & ",IF(F24="last",C24,"?"))))) | E24: ='Final Application'!AK96 -> FALSE | F24: =IF(F25="never ever last","never ever last",IF(F25="second to last","never ever last",IF(OR(F25="never last",F25="last"),IF(E24=TRUE,"second to last","never last"),IF(F25="not last",IF(E24=TRUE,"last","not last"))))) -> #REF!
C25: energy management control systems | D25: =IF(E25=FALSE,"",IF(C$12=1,C25,IF(F25="never ever last",C25&", ",IF(F25="second to last",C25&" & ",IF(F25="last",C25,"?"))))) | E25: ='Final Application'!AK101 -> FALSE | F25: =IF(F26="never ever last","never ever last",IF(F26="second to last","never ever last",IF(OR(F26="never last",F26="last"),IF(E25=TRUE,"second to last","never last"),IF(F26="not last",IF(E25=TRUE,"last","not last"))))) -> #REF!
C26: guest room EMS | D26: =IF(E26=FALSE,"",IF(C$12=1,C26,IF(F26="never ever last",C26&", ",IF(F26="second to last",C26&" & ",IF(F26="last",C26,"?"))))) | E26: ='Final Application'!AK102 -> FALSE | F26: =IF(F27="never ever last","never ever last",IF(F27="second to last","never ever last",IF(OR(F27="never last",F27="last"),IF(E26=TRUE,"second to last","never last"),IF(F27="not last",IF(E26=TRUE,"last","not last"))))) -> #REF!
C27: HVAC variable speed drives | D27: =IF(E27=FALSE,"",IF(C$12=1,C27,IF(F27="never ever last",C27&", ",IF(F27="second to last",C27&" & ",IF(F27="last",C27,"?"))))) | E27: ='Final Application'!AK103 -> FALSE | F27: =IF(F28="never ever last","never ever last",IF(F28="second to last","never ever last",IF(OR(F28="never last",F28="last"),IF(E27=TRUE,"second to last","never last"),IF(F28="not last",IF(E27=TRUE,"last","not last"))))) -> #REF!
C28: kitchen hood supply & exhaust variable speed drive | D28: =IF(E28=FALSE,"",IF(C$12=1,C28,IF(F28="never ever last",C28&", ",IF(F28="second to last",C28&" & ",IF(F28="last",C28,"?"))))) | E28: ='Final Application'!AK104 -> FALSE | F28: =IF(F29="never ever last","never ever last",IF(F29="second to last","never ever last",IF(OR(F29="never last",F29="last"),IF(E28=TRUE,"second to last","never last"),IF(F29="not last",IF(E28=TRUE,"last","not last"))))) -> #REF!
C29: onion/potato shed ventilation variable speed drive | D29: =IF(E29=FALSE,"",IF(C$12=1,C29,IF(F29="never ever last",C29&", ",IF(F29="second to last",C29&" & ",IF(F29="last",C29,"?"))))) | E29: ='Final Application'!AK105 -> FALSE | F29: =IF(F33="never ever last","never ever last",IF(F33="second to last","never ever last",IF(OR(F33="never last",F33="last"),IF(E29=TRUE,"second to last","never last"),IF(F33="not last",IF(E29=TRUE,"last","not last"))))) -> #REF!
C30: dairy vacuum pump variable speed drive | D30: =IF(E30=FALSE,"",IF(C$12=1,C30,IF(F30="never ever last",C30&", ",IF(F30="second to last",C30&" & ",IF(F30="last",C30,"?"))))) | E30: ='Final Application'!AK106 -> FALSE | F30: =IF(F34="never ever last","never ever last",IF(F34="second to last","never ever last",IF(OR(F34="never last",F34="last"),IF(E30=TRUE,"second to last","never last"),IF(F34="not last",IF(E30=TRUE,"last","not last"))))) -> #REF!
C31: wall block heater controls | D31: =IF(E31=FALSE,"",IF(C$12=1,C31,IF(F31="never ever last",C31&", ",IF(F31="second to last",C31&" & ",IF(F31="last",C31,"?"))))) | E31: ='Final Application'!AK107 -> FALSE | F31: =IF(F35="never ever last","never ever last",IF(F35="second to last","never ever last",IF(OR(F35="never last",F35="last"),IF(E31=TRUE,"second to last","never last"),IF(F35="not last",IF(E31=TRUE,"last","not last"))))) -> #REF!
C32: engine block heater controls | D32: =IF(E32=FALSE,"",IF(C$12=1,C32,IF(F32="never ever last",C32&", ",IF(F32="second to last",C32&" & ",IF(F32="last",C32,"?"))))) -> #REF! | E32: ='Final Application'!#REF! -> #REF! | F32: =IF(F36="never ever last","never ever last",IF(F36="second to last","never ever last",IF(OR(F36="never last",F36="last"),IF(E32=TRUE,"second to last","never last"),IF(F36="not last",IF(E32=TRUE,"last","not last"))))) -> #REF!
C33: efficient laundry machines | D33: =IF(E33=FALSE,"",IF(C$12=1,C33,IF(F33="never ever last",C33&", ",IF(F33="second to last",C33&" & ",IF(F33="last",C33,"?"))))) | E33: ='Final Application'!AK112 -> FALSE | F33: =IF(F34="never ever last","never ever last",IF(F34="second to last","never ever last",IF(OR(F34="never last",F34="last"),IF(E33=TRUE,"second to last","never last"),IF(F34="not last",IF(E33=TRUE,"last","not last"))))) -> #REF!
C34: Energy Star U/C dishwashers | D34: =IF(E34=FALSE,"",IF(C$12=1,C34,IF(F34="never ever last",C34&", ",IF(F34="second to last",C34&" & ",IF(F34="last",C34,"?"))))) | E34: ='Final Application'!AK113 -> FALSE | F34: =IF(F35="never ever last","never ever last",IF(F35="second to last","never ever last",IF(OR(F35="never last",F35="last"),IF(E34=TRUE,"second to last","never last"),IF(F35="not last",IF(E34=TRUE,"last","not last"))))) -> #REF!
C35: Energy Star commercial dishwashers | D35: =IF(E35=FALSE,"",IF(C$12=1,C35,IF(F35="never ever last",C35&", ",IF(F35="second to last",C35&" & ",IF(F35="last",C35,"?"))))) | E35: ='Final Application'!AK117 -> FALSE | F35: =IF(F36="never ever last","never ever last",IF(F36="second to last","never ever last",IF(OR(F36="never last",F36="last"),IF(E35=TRUE,"second to last","never last"),IF(F36="not last",IF(E35=TRUE,"last","not last"))))) -> #REF!
C36: head pressure controls | D36: =IF(E36=FALSE,"",IF(C$12=1,C36,IF(F36="never ever last",C36&", ",IF(F36="second to last",C36&" & ",IF(F36="last",C36,"?"))))) -> #REF! | E36: ='Final Application'!#REF! -> #REF! | F36: =IF(F37="never ever last","never ever last",IF(F37="second to last","never ever last",IF(OR(F37="never last",F37="last"),IF(E36=TRUE,"second to last","never last"),IF(F37="not last",IF(E36=TRUE,"last","not last"))))) -> #REF!
C37: floating suction controls | D37: =IF(E37=FALSE,"",IF(C$12=1,C37,IF(F37="never ever last",C37&", ",IF(F37="second to last",C37&" & ",IF(F37="last",C37,"?"))))) -> #REF! | E37: ='Final Application'!#REF! -> #REF! | F37: =IF(F38="never ever last","never ever last",IF(F38="second to last","never ever last",IF(OR(F38="never last",F38="last"),IF(E37=TRUE,"second to last","never last"),IF(F38="not last",IF(E37=TRUE,"last","not last"))))) -> #REF!
C38: efficient condensers | D38: =IF(E38=FALSE,"",IF(C$12=1,C38,IF(F38="never ever last",C38&", ",IF(F38="second to last",C38&" & ",IF(F38="last",C38,"?"))))) | E38: ='Final Application'!AK126 -> FALSE | F38: =IF(F39="never ever last","never ever last",IF(F39="second to last","never ever last",IF(OR(F39="never last",F39="last"),IF(E38=TRUE,"second to last","never last"),IF(F39="not last",IF(E38=TRUE,"last","not last"))))) -> #REF!
C39: refrigerator strip curtain | D39: =IF(E39=FALSE,"",IF(C$12=1,C39,IF(F39="never ever last",C39&", ",IF(F39="second to last",C39&" & ",IF(F39="last",C39,"?"))))) | E39: ='Final Application'!AK127 -> FALSE | F39: =IF(F40="never ever last","never ever last",IF(F40="second to last","never ever last",IF(OR(F40="never last",F40="last"),IF(E39=TRUE,"second to last","never last"),IF(F40="not last",IF(E39=TRUE,"last","not last"))))) -> #REF!
C40: freezer strip curtain | D40: =IF(E40=FALSE,"",IF(C$12=1,C40,IF(F40="never ever last",C40&", ",IF(F40="second to last",C40&" & ",IF(F40="last",C40,"?"))))) | E40: ='Final Application'!AK128 -> FALSE | F40: =IF(F41="never ever last","never ever last",IF(F41="second to last","never ever last",IF(OR(F41="never last",F41="last"),IF(E40=TRUE,"second to last","never last"),IF(F41="not last",IF(E40=TRUE,"last","not last"))))) -> #REF!
C41: automatic high speed door between freezer and refrigerator | D41: =IF(E41=FALSE,"",IF(C$12=1,C41,IF(F41="never ever last",C41&", ",IF(F41="second to last",C41&" & ",IF(F41="last",C41,"?"))))) | E41: ='Final Application'!AK129 -> FALSE | F41: =IF(F42="never ever last","never ever last",IF(F42="second to last","never ever last",IF(OR(F42="never last",F42="last"),IF(E41=TRUE,"second to last","never last"),IF(F42="not last",IF(E41=TRUE,"last","not last"))))) -> #REF!
C42: automatic high speed door between freezer and unrefrigerated dock | D42: =IF(E42=FALSE,"",IF(C$12=1,C42,IF(F42="never ever last",C42&", ",IF(F42="second to last",C42&" & ",IF(F42="last",C42,"?"))))) | E42: ='Final Application'!AK130 -> FALSE | F42: =IF(F43="never ever last","never ever last",IF(F43="second to last","never ever last",IF(OR(F43="never last",F43="last"),IF(E42=TRUE,"second to last","never last"),IF(F43="not last",IF(E42=TRUE,"last","not last"))))) -> #REF!
C43: smart power strips | D43: =IF(E43=FALSE,"",IF(C$12=1,C43,IF(F43="never ever last",C43&", ",IF(F43="second to last",C43&" & ",IF(F43="last",C43,"?"))))) -> #REF! | E43: ='Final Application'!#REF! -> #REF! | F43: =IF(F44="never ever last","never ever last",IF(F44="second to last","never ever last",IF(OR(F44="never last",F44="last"),IF(E43=TRUE,"second to last","never last"),IF(F44="not last",IF(E43=TRUE,"last","not last"))))) -> #REF!
C44: air compressor variable speed drive | D44: =IF(E44=FALSE,"",IF(C$12=1,C44,IF(F44="never ever last",C44&", ",IF(F44="second to last",C44&" & ",IF(F44="last",C44,"?"))))) | E44: ='Final Application'!AK135 -> FALSE | F44: =IF(F45="never ever last","never ever last",IF(F45="second to last","never ever last",IF(OR(F45="never last",F45="last"),IF(E44=TRUE,"second to last","never last"),IF(F45="not last",IF(E44=TRUE,"last","not last"))))) -> not last
C45: no loss condensate drain | D45: =IF(E45=FALSE,"",IF(C$12=1,C45,IF(F45="never ever last",C45&", ",IF(F45="second to last",C45&" & ",IF(F45="last",C45,"?"))))) | E45: ='Final Application'!AK136 -> FALSE | F45: =IF(F46="never ever last","never ever last",IF(F46="second to last","never ever last",IF(OR(F46="never last",F46="last"),IF(E45=TRUE,"second to last","never last"),IF(F46="not last",IF(E45=TRUE,"last","not last"))))) -> not last
C46: low pressure drop filter | D46: =IF(E46=FALSE,"",IF(C$12=1,C46,IF(F46="never ever last",C46&", ",IF(F46="second to last",C46&" & ",IF(F46="last",C46,"?"))))) | E46: ='Final Application'!AK137 -> FALSE | F46: =IF(F47="never ever last","never ever last",IF(F47="second to last","never ever last",IF(OR(F47="never last",F47="last"),IF(E46=TRUE,"second to last","never last"),IF(F47="not last",IF(E46=TRUE,"last","not last"))))) -> not last
C47: refrigerated compressed air cycle | D47: =IF(E47=FALSE,"",IF(C$12=1,C47,IF(F47="never ever last",C47&", ",IF(F47="second to last",C47&" & ",IF(F47="last",C47,"?"))))) | E47: ='Final Application'!AK138 -> FALSE | F47: =IF(F48="never ever last","never ever last",IF(F48="second to last","never ever last",IF(OR(F48="never last",F48="last"),IF(E47=TRUE,"second to last","never last"),IF(F48="not last",IF(E47=TRUE,"last","not last"))))) -> not last
C48: efficient compressed air nozzle <= 1/4" | D48: =IF(E48=FALSE,"",IF(C$12=1,C48,IF(F48="never ever last",C48&", ",IF(F48="second to last",C48&" & ",IF(F48="last",C48,"?"))))) | E48: ='Final Application'!AK139 -> FALSE | F48: =IF(F49="never ever last","never ever last",IF(F49="second to last","never ever last",IF(OR(F49="never last",F49="last"),IF(E48=TRUE,"second to last","never last"),IF(F49="not last",IF(E48=TRUE,"last","not last"))))) -> not last
C49: efficient compressed air nozzle > 1/4" | D49: =IF(E49=FALSE,"",IF(C$12=1,C49,IF(F49="never ever last",C49&", ",IF(F49="second to last",C49&" & ",IF(F49="last",C49,"?"))))) -> ? | E49: ='Final Application'!AK140 -> 0 | F49: =IF(E49=TRUE,"last","not last") -> not last
E50: =IF(C51=TRUE,E38&", ","") -> #REF!
C51: =D13&D14&D15&D16&D17&D18&D19&D20&D21&D22&D23&D24&D25&D26&D27&D28&D29&D30&D31&D32&D33&D34&D35&D36&D37&D38&D39&D40&D41&D42&D43&D44&D45&D46&D47&D48&D49 -> #REF!

Sheet Data Extraction
A1: PreApp | AW1: 2018 change - no longer requiring check boxes for these measures. Leaving blank.
A2: App No | B2: Date PreApp Received | C2: Region | D2: CR | E2: Applicant Name | F2: Account Number | G2: Submit Date | H2: Project / Facility Name | I2: Project Description | J2: Project Site Address | K2: Project Site City | L2: Project Site State | M2: Project Site Zip | N2: Mailing Address | O2: Mailing City | P2: Mailing State | Q2: Mailing Zip | R2: Primary Contact Name | S2: Primary Title | T2: Primary Phone | U2: Primary E-mail | V2: Secondary Contact Name | W2: Secondary Title | X2: Secondary Phone | Y2: Secondary E-mail | Z2: Building Type | AA2: Describe "Other" | AB2: Applicant Status | AC2: Planned Start Date | AD2: Planned Completion Date | AE2: Building Area [s.f.] | AF2: Project Type | AG2: Architect Company Name | AH2: Architect Contact Name | AI2: Architect Phone | AJ2: Architect E-mail | AK2: Mechanical Engineer Company Name | AL2: Mechanical Contact Name | AM2: Mechanical Phone | AN2: Mechanical E-mail | AO2: Electrical Engineer Company Name | AP2: Electrical Contact Name | AQ2: Electrical Phone | AR2: Electrical E-mail | AS2: General Contractor Company Name | AT2: General Contact Name | AU2: General Phone | AV2: General E-mail | AW2: L1-Interior Light Load Reduction | AX2: L2-Exterior Light Load Reduction | AY2: L3-Daylight Photo Controls | AZ2: L4-Occupancy Sensors | BA2: L5-High Efficiency Exit Signs | BB2: A1-Efficient AC or HP Units | BC2: A2-Efficient VRF Units | BD2: A3-Efficient Chillers | BE2: A4-Air Side Economizer | BF2: A5-Direct Evaporative Coolers | BG2: A6-High Speed Low Volumn Fan | BH2: B1-Reflective Roof Treatment | BI2: C1-Energy Management Control System | BJ2: C2-Guest Room Energy Mgt | BK2: C3-Variable Speed Drives | BL2: C4-Kitchen Hood Supply & Exhaust VSD | BM2: C5-Onion/Potato Shed Ventilation VSD | BN2: W1-Efficient Laundry Machines | BO2: D1-Energy Star U/C D/W | BP2: D2-Energy Star Commercial D/W | BQ2: R1-Head Pressure Controls | BR2: R2-Floating Suction Controls | BS2: R3-Efficient Condensers | BT2: P1-Smart Strip Power Strip | BU2: Custom Projects
C3: =IFERROR(VLOOKUP('Preliminary Application'!AF11,RegionLookUp,4,FALSE),"") | E3: =IF('Preliminary Application'!B7="","",LEFT('Preliminary Application'!B7,50)) | F3: =IF('Preliminary Application'!T7="","",'Preliminary Application'!T7) | H3: =IF('Preliminary Application'!B9="","",'Preliminary Application'!B9) | I3: =IF('Preliminary Application'!B19="","",'Preliminary Application'!B19) | J3: =IF('Preliminary Application'!B11="","",'Preliminary Application'!B11) | K3: =IF('Preliminary Application'!T11="","",'Preliminary Application'!T11) | L3: =IF('Preliminary Application'!AD11="","",'Preliminary Application'!AD11) | M3: =IF('Preliminary Application'!AF11="","",'Preliminary Application'!AF11) | N3: =IF('Preliminary Application'!B13="","",'Preliminary Application'!B13) | O3: =IF('Preliminary Application'!T13="","",'Preliminary Application'!T13) | P3: =IF('Preliminary Application'!AD13="","",'Preliminary Application'!AD13) | Q3: =IF('Preliminary Application'!AF13="","",'Preliminary Application'!AF13) | R3: =IF('Preliminary Application'!B15="","",'Preliminary Application'!B15) | S3: =IF('Preliminary Application'!M15="","",'Preliminary Application'!M15) | T3: =IF('Preliminary Application'!T15="","",'Preliminary Application'!T15) | U3: =IF('Preliminary Application'!Z15="","",'Preliminary Application'!Z15) | V3: =IF('Preliminary Application'!B17="","",'Preliminary Application'!B17) | W3: =IF('Preliminary Application'!M17="","",'Preliminary Application'!M17) | X3: =IF('Preliminary Application'!T17="","",'Preliminary Application'!T17) | Y3: =IF('Preliminary Application'!Z17="","",'Preliminary Application'!Z17) | Z3: =IF('Preliminary Application'!T9="","",PROPER('Preliminary Application'!T9)) | AB3: =IF('Preliminary Application'!T19="","",'Preliminary Application'!T19) | AC3: =IF('Preliminary Application'!B21=0,"",'Preliminary Application'!B21) | AD3: =IF('Preliminary Application'!M21=0,"",'Preliminary Application'!M21) | AE3: =IF('Preliminary Application'!T21="","",'Preliminary Application'!T21) | AF3: =IF('Preliminary Application'!Z21="","",PROPER('Preliminary Application'!Z21)) | AG3: =IF('Preliminary Application'!B26="","",'Preliminary Application'!B26) | AH3: =IF('Preliminary Application'!M26="","",'Preliminary Application'!M26) | AI3: =IF('Preliminary Application'!T26="","",'Preliminary Application'!T26) | AJ3: =IF('Preliminary Application'!Z26="","",'Preliminary Application'!Z26) | AK3: =IF('Preliminary Application'!B28="","",'Preliminary Application'!B28) | AL3: =IF('Preliminary Application'!M28="","",'Preliminary Application'!M28) | AM3: =IF('Preliminary Application'!T28="","",'Preliminary Application'!T28) | AN3: =IF('Preliminary Application'!Z28="","",'Preliminary Application'!Z28) | AO3: =IF('Preliminary Application'!B30="","",'Preliminary Application'!B30) | AP3: =IF('Preliminary Application'!M30="","",'Preliminary Application'!M30) | AQ3: =IF('Preliminary Application'!T30="","",'Preliminary Application'!T30) | AR3: =IF('Preliminary Application'!Z30="","",'Preliminary Application'!Z30) | AS3: =IF('Preliminary Application'!B32="","",'Preliminary Application'!B32) | AT3: =IF('Preliminary Application'!M32="","",'Preliminary Application'!M32) | AU3: =IF('Preliminary Application'!T32="","",'Preliminary Application'!T32) | AV3: =IF('Preliminary Application'!Z32="","",'Preliminary Application'!Z32) | BU3: ='Preliminary Application'!AV54 -> FALSE | LQ3: =IF('HVAC Worksheet'!B11="","",'HVAC Worksheet'!B11) | LR3: =IF('HVAC Worksheet'!D11="","",'HVAC Worksheet'!D11)
A4: Admin Form | E4: Preliminary Application | DC4: x | DK4: x | JU4: X | KX4: x | LQ4: X | MJ4: x | ACA4: X | AFR4: X | AIE4: x | AKS4: x | API4: x
A5: FinalApp | CK5: x | DC5: 2021 change - different measure | DK5: 2021 change - new measures | EP5: 2021 change - updated to be 4a - Economizer (air cooled) | EU5: 2021 change - new measures | EZ5: 2021 change - updated to be 5a. | FE5: 2026 change - new measures | FO5: 2026 change - new measures | GD5: 2018 - change from tons to units | HG5: 2026 change - different measures. | HL5: No longer in Use | HV5: x | IV5: 2026 change - updated to be R1 | JP5: No longer in Use | KO5: 2021 - changed to be just CA5 | KX5: Air-Cooled AC/HP | LF5: new in 2021 | LI5: new in 2021 | LL5: new in 2021 | LY5: new in 2021 | MB5: new in 2021 | ME5: new in 2021 | MR5: new in 2021 | MU5: new in 2021 | MX5: new in 2021 | NK5: new in 2021 | NN5: new in 2021 | NQ5: new in 2021 | OD5: new in 2021 | OG5: new in 2021 | OJ5: new in 2021 | OW5: new in 2021 | OZ5: new in 2021 | PC5: new in 2021 | PP5: new in 2021 | PS5: new in 2021 | PV5: new in 2021 | QI5: new in 2021 | QL5: new in 2021 | QO5: new in 2021 | RB5: new in 2021 | RE5: new in 2021 | RH5: new in 2021 | RU5: new in 2021 | RX5: new in 2021 | SA5: new in 2021 | SN5: new in 2021 | SQ5: new in 2021 | ST5: new in 2021 | TG5: new in 2021 | TJ5: new in 2021 | TM5: new in 2021 | TZ5: new in 2021 | UC5: new in 2021 | UF5: new in 2021 | US5: new in 2021 | UV5: new in 2021 | UY5: new in 2021 | VL5: new in 2021 | VO5: new in 2021 | VR5: new in 2021 | VW5: Water-Cooled AC/HP | ACA5: Efficienct VRF | AFR5: Efficienct Chillers | AIE5: Energy Management | AIH5: Change in 2018 | AIK5: Remove in 2018 | AIS5: Change in 2018 | AIV5: Remove in 2018 | AJD5: Change in 2018 | AJG5: Remove in 2018 | AJO5: Change in 2018 | AJR5: Remove in 2018 | AJZ5: Change in 2018 | AKC5: Remove in 2018 | AKK5: Change in 2018 | AKN5: Remove in 2018 | AKS5: HVAC Variable Speed Drives | API5: 2023 change - new measure
A6: App No | B6: Program Version Year | C6: Date Final Received | D6: Inspection Date | E6: Region | F6: CR | G6: Handling Instructions | H6: Passport Notes | I6: Comment1 | J6: Comment2 | K6: Comment3 | L6: Comment4 | M6: Applicant Name | N6: Account Number | O6: Submit Date | P6: Project / Facility Name | Q6: Project Description | R6: Project Site Address | S6: Project Site City | T6: Project Site State | U6: Project Site Zip | V6: Mailing Address | W6: Mailing City | X6: Mailing State | Y6: Mailing Zip | Z6: Primary Contact Name | AA6: Primary Title | AB6: Primary Phone | AC6: Primary E-mail | AD6: Secondary Contact Name | AE6: Secondary Title | AF6: Secondary Phone | AG6: Secondary E-mail | AH6: Building Type | AI6: Describe "Other" | AJ6: Applicant Status | AK6: Project Start Date | AL6: Project Completion Date | AM6: Building Area [s.f.] | AN6: Project Type | AO6: Architect Company Name | AP6: Architect Contact Name | AQ6: Architect Phone | AR6: Architect E-mail | AS6: Mechanical Engineer Company Name | AT6: Mechanical Contact Name | AU6: Mechanical Phone | AV6: Mechanical E-mail | AW6: Electrical Engineer Company Name | AX6: Electrical Contact Name | AY6: Electrical Phone | AZ6: Electrical E-mail | BA6: General Contractor Company Name | BB6: General Contact Name | BC6: General Phone | BD6: General E-mail | BE6: Check to Customer | BF6: Check to Third Party | BG6: Mait to Customer | BH6: Mail to Third Party | BI6: Legal Name | BJ6: Attn: | BK6: Payment Mailing Address ("Same" if same as customer mailing address.) | BL6: Payment City | BM6: Payment State | BN6: Payment Zip | BO6: Payment Contact Name | BP6: Payment Title | BQ6: Payment Phone | BR6: Payment E-mail | BS6: Federal Tax ID | BT6: Official Tax Name | BU6: Professional Assistance-Yes | BV6: Professional Assistance-No | BW6: Prof. Assist. Legal Name | BX6: Prof. Assist. Attn: | BY6: Prof. Assist. Payment Mailing Address | BZ6: Prof. Assist. Payment City | CA6: Prof. Assist. Payment State | CB6: Prof. Assist. Payment Zip | CC6: Prof. Assist. Payment Contact Name | CD6: Prof. Assist. Payment Title | CE6: Prof. Assist. Payment Phone | CF6: Prof. Assist. Payment E-mail | CG6: Prof. Assist. Federal Tax ID | CH6: Prof. Assist. Official Tax Name | CI6: Applicant Digital Signature: | CJ6: Signature Date | CK6: L1-Interior Light Load Red. | CL6: L1-Actual | CM6: L1-Code | CN6: L1-% | CO6: L1 Operating Hours | CP6: L1 Area | CQ6: L1 Incentive | CR6: L1 kWh Savings | CS6: L1 kW Reduction | CT6: L2-Exterior Light Load Red. | CU6: L2 Actual | CV6: L2 Code | CW6: L2 % | CX6: L2 Operating Hours | CY6: L2 kW | CZ6: L2 Incentive | DA6: L2 kWh Savings | DB6: L2 kW Reduction | DC6: L3a-Network Lighting Controls (Interior) | DD6: L3a Operating Hours | DE6: L3a Installed kW | DF6: L3a Control Strategy 1 | DG6: L3a Control Strategy 2 | DH6: L3a Incentive | DI6: L3a kWh Savings | DJ6: L3a kW Reduction | DK6: L3b-Network Lighting Controls (Exterior) | DL6: L3b Operating Hours | DM6: L3b Installed kW | DN6: L3b Control Strategy 1 | DO6: L3b Control Strategy 2 | DP6: L3b Incentive | DQ6: L3b kWh Savings | DR6: L3b kW Reduction | DS6: L4-Occupancy Sensors | DT6: L4 Operating Hours | DU6: L4 Sensors | DV6: L4 Incentive | DW6: L4 kWh Savings | DX6: L4 kW Reduction | DY6: L5-High Efficiency Exit Signs | DZ6: L5 Signs | EA6: L5 Incentive | EB6: L5 kWh Savings | EC6: L5 kW Reduction | ED6: A1-Efficient AC & HP Units | EE6: A1 Total-Incentive | EF6: A1 Total-kWh Savings | EG6: A1 Total -kW Red | EH6: A2-Efficient VRF Units | EI6: A2 Total-Incentive | EJ6: A2 Total-kWh Savings | EK6: A2 Total-kW Red | EL6: A3-Efficient Chillers | EM6: A3 Incentive | EN6: A3 Total-kWh Savings | EO6: A3 Total-kW Red | EP6: A4a-Economizer (air cooled) | EQ6: A4a Eligible Tons | ER6: A4a Incentive | ES6: A4a kWh Savings | ET6: A4a Total-kW Red | EU6: A4b-Economizer (water cooled) | EV6: A4b Eligible Tons | EW6: A4b Incentive | EX6: A4b kWh Savings | EY6: A4b Total-kW Red | EZ6: A5a-Direct Evaporative Coolers | FA6: A5a Eligible Tons | FB6: A5a Incentive | FC6: A5a kWh Savings | FD6: A5a Total-kW Red | FE6: A5b-Indirect Evaporative Coolers | FF6: A5b Eligible Tons | FG6: A5b Incentive | FH6: A5b kWh Savings | FI6: A5b Total-kW Red | FJ6: A5c-Indirect Evaporative Coolers | FK6: A5c Eligible Tons | FL6: A5c Incentive | FM6: A5c kWh Savings | FN6: A5c Total-kW Red | FO6: A6-High Volume Low Speed Fan | FP6: A6 Eligible Tons | FQ6: A6 Incentive | FR6: A6 kWh Savings | FS6: A6 Total-kW Red | FT6: B1-Reflective Roof Treatment | FU6: B1 Roof Area | FV6: B1 Incentive | FW6: B1 kWh Savings | FX6: B1 Total-kW Red | FY6: C1-Energy Management Control System | FZ6: C1 Incentive | GA6: C1 kWh Savings | GB6: C1 Total-kW Red | GC6: C2-Guest Room EMS | GD6: C2 Total-units | GE6: C2 Total-Incentive | GF6: C2 Total-kWh Savings | GG6: C3-HVAC Variable Speed Drives | GH6: C3 Total-Incentive | GI6: C3 Total-kWh Savings | GJ6: C4-Onion/Potato Shed VSD | GK6: C4 Total-hp | GL6: C4 Total-Incentive | GM6: C4 Total-kWh Savings | GN6: C5-Onion/Potato Shed VSD | GO6: C5 Total-hp | GP6: C5 Total-Incentive | GQ6: C5 Total-kWh Savings | GR6: C6-Dairy Vacuum Pump Variable Speed Drive | GS6: C6 Total-hp | GT6: C6 Total-Incentive | GU6: C6 Total-kWh Savings | GV6: C6 Total-kW Red | GW6: C7-Dairy/Milk Transfer Pump | GX6: C7 Total-qty | GY6: C7 Total-Incentive | GZ6: C7 Total-kWh Savings | HA6: C7 Total-kW Red | HB6: W1-Efficient Laundry Machines | HC6: W1-Qty | HD6: W1-Incentive | HE6: W1 kWh Savings | HF6: W1 Total-kW Red | HG6: G1-High Efficiency Grain Dryer | HH6: G1-Qty | HI6: G1-Incentive | HJ6: G1 kWh Savings | HK6: G1 Total-kW Red | HL6: I1b-ENERGY STAR Ice Machine >=200 lbs/day | HM6: I1b-Qty | HN6: I1b-Incentive | HO6: I1b kWh Savings | HP6: I1b Total-kW Red | HQ6: E1a-Stationary Pump Circulating Block Heating <= 200 kWh | HR6: E1a-Qty | HS6: E1a-Incentive | HT6: E1a kWh Savings | HU6: E1a Total-kW Red | HV6: E1b-Stationary Pump Circulating Block Heating 201-500 kWh | HW6: E1b-Qty | HX6: E1b-Incentive | HY6: E1b kWh Savings | HZ6: E1b Total-kW Red | IA6: E1c-Stationary Pump Circulating Block Heating 501-1,000 kWh | IB6: E1c-Qty | IC6: E1c-Incentive | ID6: E1c kWh Savings | IE6: E1c Total-kW Red | IF6: E2-High Efficiency Battery Charger | IG6: E2-Single Phase Qty | IH6: E2-Three Phase Qty | II6: E2-Incentive | IJ6: E2 kWh Savings | IK6: E2 Total-kW Red | IL6: E3a-Wall Mounted Block Heater Controls | IM6: E3a-Qty | IN6: E3a-Incentive | IO6: E3a kWh Savings | IP6: E3a Total-kW Red | IQ6: E3b-Engine Mounted Block Heater Controls | IR6: E3b-Qty | IS6: E3b-Incentive | IT6: E3b kWh Savings | IU6: E3b Total-kW Red | IV6: R1-No Heat Glass Door for Low Temp Cases | IW6: R1-qty | IX6: R1-Incentive | IY6: R1 kWh Savings | IZ6: R1 Total-kW Red | JA6: R2a-Automatic High Speed Door: Btw Rfg & Unrfg dock | JB6: R2a-Qty | JC6: R2a-Incentive | JD6: R2a kWh Savings | JE6: R2a Total-kW Red | JF6: R2b-Automatic High Speed Door: Btw Frz & Rfg | JG6: R2b Total-qty | JH6: R2b Total-Incentive | JI6: R2b Total-kWh Savings | JJ6: R2b Total-kW Red | JK6: R2c-Automatic High Speed Door: Btw Frz & Unrfg dock | JL6: R2c Total-qty | JM6: R2c Total-Incentive | JN6: R2c Total-kWh Savings | JO6: R2c Total-kW Red | JP6: R3-Evaporative Pre-coolers on air cooled condensers (refrig) | JQ6: R3-Qty | JR6: R3-Incentive | JS6: R3 kWh Savings | JT6: R3 Total-kW Red | JU6: CA1-Air Compressor VSD | JV6: CA1 Total-qty | JW6: CA1 Total-Incentive | JX6: CA1 Total-kWh Savings | JY6: CA1 Total-kW Red | JZ6: CA2-No Loss Condensate Drain | KA6: CA2 Total-qty | KB6: CA2 Total-Incentive | KC6: CA2 Total-kWh Savings | KD6: CA2 Total-kW Red | KE6: CA3-Low Pressure Drop Filter | KF6: CA3 Total-qty | KG6: CA3 Total-Incentive | KH6: CA3 Total-kWh Savings | KI6: CA3 Total-kW Red | KJ6: CA4-Refrigerated Compressed Air Dryer | KK6: CA4 Total-qty | KL6: CA4 Total-Incentive | KM6: CA4 Total-kWh Savings | KN6: CA4 Total-kW Red | KO6: CA5-Compressed Air Nozzle | KP6: CA5 Total-qty | KQ6: CA5 Total-Incentive | KR6: CA5 Total-kWh Savings | KS6: CA5 Total-kW Red | KT6: Total Incentive | KU6: Total kWh Savings | KV6: Total kW Reduction | KW6: Professional Assistance Incentive | KX6: A1: 1-Qty | KY6: A1: 1-Tons | KZ6: A1: 1-Type (use drop-down menu) | LA6: A1: 1-Heating Section Type | LB6: A1: 1-Split or Single | LC6: A1: 1-Model / Designation | LD6: A1: 1-Actual Eff. EER/SEER | LE6: A1: 1-Efficiency Units (EER/SEER) | LF6: A1: 1-Actual Eff. EER/IEER | LG6: A1: 1-Efficiency Units (EER/IEER) | LH6: A1: 1-Tier 1 Min Elig. (EER/SEER) | LI6: A1: 1-Tier 1 Min Elig. (EER/IEER) | LJ6: A1: 1-Tier 1 Qualified | LK6: A1: 1-Tier 2 Min Elig. (EER/SEER) | LL6: A1: 1-Tier 2 Min Elig. (EER/IEER) | LM6: A1: 1-Tier 2 Qualified | LN6: A1: 1-Incentive | LO6: A1: 1-kWh Savings | LP6: A1: 1-kW Reduction | LQ6: A1: 2-Qty | LR6: A1: 2-Tons | LS6: A1: 2-Type (use drop-down menu) | LT6: A1: 2-Heating Section Type | LU6: A1: 2-Split or Single | LV6: A1: 2-Model / Designation | LW6: A1: 2-Actual Eff. EER/SEER | LX6: A1: 2-Efficiency Units (EER/SEER) | LY6: A1: 2-Actual Eff. EER/IEER | LZ6: A1: 2-Efficiency Units (EER/IEER) | MA6: A1: 2-Tier 1 Min Elig. (EER/SEER) | MB6: A1: 2-Tier 1 Min Elig. (EER/IEER) | MC6: A1: 2-Tier 1 Qualified | MD6: A1: 2-Tier 2 Min Elig. (EER/SEER) | ME6: A1: 2-Tier 2 Min Elig. (EER/IEER) | MF6: A1: 2-Tier 2 Qualified | MG6: A1: 2-Incentive | MH6: A1: 2-kWh Savings | MI6: A1: 2-kW Reduction | MJ6: A1: 3-Qty | MK6: A1: 3-Tons | ML6: A1: 3-Type (use drop-down menu) | MM6: A1: 3-Heating Section Type | MN6: A1: 3-Split or Single | MO6: A1: 3-Model / Designation | MP6: A1: 3-Actual Eff. EER/SEER | MQ6: A1: 3-Efficiency Units (EER/SEER) | MR6: A1: 3-Actual Eff. EER/IEER | MS6: A1: 3-Efficiency Units (EER/IEER) | MT6: A1: 3-Tier 1 Min Elig. (EER/SEER) | MU6: A1: 3-Tier 1 Min Elig. (EER/IEER) | MV6: A1: 3-Tier 1 Qualified | MW6: A1: 3-Tier 2 Min Elig. (EER/SEER) | MX6: A1: 3-Tier 2 Min Elig. (EER/IEER) | MY6: A1: 3-Tier 2 Qualified | MZ6: A1: 3-Incentive | NA6: A1: 3-kWh Savings | NB6: A1: 3-kW Reduction | NC6: A1: 4-Qty | ND6: A1: 4-Tons | NE6: A1: 4-Type (use drop-down menu) | NF6: A1: 4-Heating Section Type | NG6: A1: 4-Split or Single | NH6: A1: 4-Model / Designation | NI6: A1: 4-Actual Eff. EER/SEER | NJ6: A1: 4-Efficiency Units (EER/SEER) | NK6: A1: 4-Actual Eff. EER/IEER | NL6: A1: 4-Efficiency Units (EER/IEER) | NM6: A1: 4-Tier 1 Min Elig. (EER/SEER) | NN6: A1: 4-Tier 1 Min Elig. (EER/IEER) | NO6: A1: 4-Tier 1 Qualified | NP6: A1: 4-Tier 2 Min Elig. (EER/SEER) | NQ6: A1: 4-Tier 2 Min Elig. (EER/IEER) | NR6: A1: 4-Tier 2 Qualified | NS6: A1: 4-Incentive | NT6: A1: 4-kWh Savings | NU6: A1: 4-kW Reduction | NV6: A1: 5-Qty | NW6: A1: 5-Tons | NX6: A1: 5-Type (use drop-down menu) | NY6: A1: 5-Heating Section Type | NZ6: A1: 5-Split or Single | OA6: A1: 5-Model / Designation | OB6: A1: 5-Actual Eff. EER/SEER | OC6: A1: 5-Efficiency Units (EER/SEER) | OD6: A1: 5-Actual Eff. EER/IEER | OE6: A1: 5-Efficiency Units (EER/IEER) | OF6: A1: 5-Tier 1 Min Elig. (EER/SEER) | OG6: A1: 5-Tier 1 Min Elig. (EER/IEER) | OH6: A1: 5-Tier 1 Qualified | OI6: A1: 5-Tier 2 Min Elig. (EER/SEER) | OJ6: A1: 5-Tier 2 Min Elig. (EER/IEER) | OK6: A1: 5-Tier 2 Qualified | OL6: A1: 5-Incentive | OM6: A1: 5-kWh Savings | ON6: A1: 5-kW Reduction | OO6: A1: 6-Qty | OP6: A1: 6-Tons | OQ6: A1: 6-Type (use drop-down menu) | OR6: A1: 6-Heating Section Type | OS6: A1: 6-Split or Single | OT6: A1: 6-Model / Designation | OU6: A1: 6-Actual Eff. EER/SEER | OV6: A1: 6-Efficiency Units (EER/SEER) | OW6: A1: 6-Actual Eff. EER/IEER | OX6: A1: 6-Efficiency Units (EER/IEER) | OY6: A1: 6-Tier 1 Min Elig. (EER/SEER) | OZ6: A1: 6-Tier 1 Min Elig. (EER/IEER) | PA6: A1: 6-Tier 1 Qualified | PB6: A1: 6-Tier 2 Min Elig. (EER/SEER) | PC6: A1: 6-Tier 2 Min Elig. (EER/IEER) | PD6: A1: 6-Tier 2 Qualified | PE6: A1: 6-Incentive | PF6: A1: 6-kWh Savings | PG6: A1: 6-kW Reduction | PH6: A1: 7-Qty | PI6: A1: 7-Tons | PJ6: A1: 7-Type (use drop-down menu) | PK6: A1: 7-Heating Section Type | PL6: A1: 7-Split or Single | PM6: A1: 7-Model / Designation | PN6: A1: 7-Actual Eff. EER/SEER | PO6: A1: 7-Efficiency Units (EER/SEER) | PP6: A1: 7-Actual Eff. EER/IEER | PQ6: A1: 7-Efficiency Units (EER/IEER) | PR6: A1: 7-Tier 1 Min Elig. (EER/SEER) | PS6: A1: 7-Tier 1 Min Elig. (EER/IEER) | PT6: A1: 7-Tier 1 Qualified | PU6: A1: 7-Tier 2 Min Elig. (EER/SEER) | PV6: A1: 7-Tier 2 Min Elig. (EER/IEER) | PW6: A1: 7-Tier 2 Qualified | PX6: A1: 7-Incentive | PY6: A1: 7-kWh Savings | PZ6: A1: 7-kW Reduction | QA6: A1: 8-Qty | QB6: A1: 8-Tons | QC6: A1: 8-Type (use drop-down menu) | QD6: A1: 8-Heating Section Type | QE6: A1: 8-Split or Single | QF6: A1: 8-Model / Designation | QG6: A1: 8-Actual Eff. EER/SEER | QH6: A1: 8-Efficiency Units (EER/SEER) | QI6: A1: 8-Actual Eff. EER/IEER | QJ6: A1: 8-Efficiency Units (EER/IEER) | QK6: A1: 8-Tier 1 Min Elig. (EER/SEER) | QL6: A1: 8-Tier 1 Min Elig. (EER/IEER) | QM6: A1: 8-Tier 1 Qualified | QN6: A1: 8-Tier 2 Min Elig. (EER/SEER) | QO6: A1: 8-Tier 2 Min Elig. (EER/IEER) | QP6: A1: 8-Tier 2 Qualified | QQ6: A1: 8-Incentive | QR6: A1: 8-kWh Savings | QS6: A1: 8-kW Reduction | QT6: A1: 9-Qty | QU6: A1: 9-Tons | QV6: A1: 9-Type (use drop-down menu) | QW6: A1: 9-Heating Section Type | QX6: A1: 9-Split or Single | QY6: A1: 9-Model / Designation | QZ6: A1: 9-Actual Eff. EER/SEER | RA6: A1: 9-Efficiency Units (EER/SEER) | RB6: A1: 9-Actual Eff. EER/IEER | RC6: A1: 9-Efficiency Units (EER/IEER) | RD6: A1: 9-Tier 1 Min Elig. (EER/SEER) | RE6: A1: 9-Tier 1 Min Elig. (EER/IEER) | RF6: A1: 9-Tier 1 Qualified | RG6: A1: 9-Tier 2 Min Elig. (EER/SEER) | RH6: A1: 9-Tier 2 Min Elig. (EER/IEER) | RI6: A1: 9-Tier 2 Qualified | RJ6: A1: 9-Incentive | RK6: A1: 9-kWh Savings | RL6: A1: 9-kW Reduction | RM6: A1: 10-Qty | RN6: A1: 10-Tons | RO6: A1: 10-Type (use drop-down menu) | RP6: A1: 10-Heating Section Type | RQ6: A1: 10-Split or Single | RR6: A1: 10-Model / Designation | RS6: A1: 10-Actual Eff. EER/SEER | RT6: A1: 10-Efficiency Units (EER/SEER) | RU6: A1: 10-Actual Eff. EER/IEER | RV6: A1: 10-Efficiency Units (EER/IEER) | RW6: A1: 10-Tier 1 Min Elig. (EER/SEER) | RX6: A1: 10-Tier 1 Min Elig. (EER/IEER) | RY6: A1: 10-Tier 1 Qualified | RZ6: A1: 10-Tier 2 Min Elig. (EER/SEER) | SA6: A1: 10-Tier 2 Min Elig. (EER/IEER) | SB6: A1: 10-Tier 2 Qualified | SC6: A1: 10-Incentive | SD6: A1: 10-kWh Savings | SE6: A1: 10-kW Reduction | SF6: A1: 11-Qty | SG6: A1: 11-Tons | SH6: A1: 11-Type (use drop-down menu) | SI6: A1: 11-Heating Section Type | SJ6: A1: 11-Split or Single | SK6: A1: 11-Model / Designation | SL6: A1: 11-Actual Eff. EER/SEER | SM6: A1: 11-Efficiency Units (EER/SEER) | SN6: A1: 11-Actual Eff. EER/IEER | SO6: A1: 11-Efficiency Units (EER/IEER) | SP6: A1: 11-Tier 1 Min Elig. (EER/SEER) | SQ6: A1: 11-Tier 1 Min Elig. (EER/IEER) | SR6: A1: 11-Tier 1 Qualified | SS6: A1: 11-Tier 2 Min Elig. (EER/SEER) | ST6: A1: 11-Tier 2 Min Elig. (EER/IEER) | SU6: A1: 11-Tier 2 Qualified | SV6: A1: 11-Incentive | SW6: A1: 11-kWh Savings | SX6: A1: 11-kW Reduction | SY6: A1: 12-Qty | SZ6: A1: 12-Tons | TA6: A1: 12-Type (use drop-down menu) | TB6: A1: 12-Heating Section Type | TC6: A1: 12-Split or Single | TD6: A1: 12-Model / Designation | TE6: A1: 12-Actual Eff. EER/SEER | TF6: A1: 12-Efficiency Units (EER/SEER) | TG6: A1: 12-Actual Eff. EER/IEER | TH6: A1: 12-Efficiency Units (EER/IEER) | TI6: A1: 12-Tier 1 Min Elig. (EER/SEER) | TJ6: A1: 12-Tier 1 Min Elig. (EER/IEER) | TK6: A1: 12-Tier 1 Qualified | TL6: A1: 12-Tier 2 Min Elig. (EER/SEER) | TM6: A1: 12-Tier 2 Min Elig. (EER/IEER) | TN6: A1: 12-Tier 2 Qualified | TO6: A1: 12-Incentive | TP6: A1: 12-kWh Savings | TQ6: A1: 12-kW Reduction | TR6: A1: 13-Qty | TS6: A1: 13-Tons | TT6: A1: 13-Type (use drop-down menu) | TU6: A1: 13-Heating Section Type | TV6: A1: 13-Split or Single | TW6: A1: 13-Model / Designation | TX6: A1: 13-Actual Eff. EER/SEER | TY6: A1: 13-Efficiency Units (EER/SEER) | TZ6: A1: 13-Actual Eff. EER/IEER | UA6: A1: 13-Efficiency Units (EER/IEER) | UB6: A1: 13-Tier 1 Min Elig. (EER/SEER) | UC6: A1: 13-Tier 1 Min Elig. (EER/IEER) | UD6: A1: 13-Tier 1 Qualified | UE6: A1: 13-Tier 2 Min Elig. (EER/SEER) | UF6: A1: 13-Tier 2 Min Elig. (EER/IEER) | UG6: A1: 13-Tier 2 Qualified | UH6: A1: 13-Incentive | UI6: A1: 13-kWh Savings | UJ6: A1: 13-kW Reduction | UK6: A1: 14-Qty | UL6: A1: 14-Tons | UM6: A1: 14-Type (use drop-down menu) | UN6: A1: 14-Heating Section Type | UO6: A1: 14-Split or Single | UP6: A1: 14-Model / Designation | UQ6: A1: 14-Actual Eff. EER/SEER | UR6: A1: 14-Efficiency Units (EER/SEER) | US6: A1: 14-Actual Eff. EER/IEER | UT6: A1: 14-Efficiency Units (EER/IEER) | UU6: A1: 14-Tier 1 Min Elig. (EER/SEER) | UV6: A1: 14-Tier 1 Min Elig. (EER/IEER) | UW6: A1: 14-Tier 1 Qualified | UX6: A1: 14-Tier 2 Min Elig. (EER/SEER) | UY6: A1: 14-Tier 2 Min Elig. (EER/IEER) | UZ6: A1: 14-Tier 2 Qualified | VA6: A1: 14-Incentive | VB6: A1: 14-kWh Savings | VC6: A1: 14-kW Reduction | VD6: A1: 15-Qty | VE6: A1: 15-Tons | VF6: A1: 15-Type (use drop-down menu) | VG6: A1: 15-Heating Section Type | VH6: A1: 15-Split or Single | VI6: A1: 15-Model / Designation | VJ6: A1: 15-Actual Eff. EER/SEER | VK6: A1: 15-Efficiency Units (EER/SEER) | VL6: A1: 15-Actual Eff. EER/IEER | VM6: A1: 15-Efficiency Units (EER/IEER) | VN6: A1: 15-Tier 1 Min Elig. (EER/SEER) | VO6: A1: 15-Tier 1 Min Elig. (EER/IEER) | VP6: A1: 15-Tier 1 Qualified | VQ6: A1: 15-Tier 2 Min Elig. (EER/SEER) | VR6: A1: 15-Tier 2 Min Elig. (EER/IEER) | VS6: A1: 15-Tier 2 Qualified | VT6: A1: 15-Incentive | VU6: A1: 15-kWh Savings | VV6: A1: 15-kW Reduction | VW6: A1: 1-Qty | VX6: A1: 1-Tons | VY6: A1: 1-Type (use drop-down menu) | VZ6: A1: 1-Heating Section Type | WA6: A1: 1-Split or Single | WB6: A1: 1-Model / Designation | WC6: A1: 1-Actual Eff. EER/SEER | WD6: A1: 1-Efficiency Units (EER/SEER) | WE6: A1: 1-Actual Eff. EER/IEER | WF6: A1: 1-Efficiency Units (EER/IEER) | WG6: A1: 1-Tier 1 Min Elig. (EER/SEER) | WH6: A1: 1-Tier 1 Min Elig. (EER/IEER) | WI6: A1: 1-Tier 1 Qualified | WJ6: A1: 1-Incentive | WK6: A1: 1-kWh Savings | WL6: A1: 1-kW Reduction | WM6: A1: 2-Qty | WN6: A1: 2-Tons | WO6: A1: 2-Type (use drop-down menu) | WP6: A1: 2-Heating Section Type | WQ6: A1: 2-Split or Single | WR6: A1: 2-Model / Designation | WS6: A1: 2-Actual Eff. EER/SEER | WT6: A1: 2-Efficiency Units (EER/SEER) | WU6: A1: 2-Actual Eff. EER/IEER | WV6: A1: 2-Efficiency Units (EER/IEER) | WW6: A1: 2-Tier 1 Min Elig. (EER/SEER) | WX6: A1: 2-Tier 1 Min Elig. (EER/IEER) | WY6: A1: 2-Tier 1 Qualified | WZ6: A1: 2-Incentive | XA6: A1: 2-kWh Savings | XB6: A1: 2-kW Reduction | XC6: A1: 3-Qty | XD6: A1: 3-Tons | XE6: A1: 3-Type (use drop-down menu) | XF6: A1: 3-Heating Section Type | XG6: A1: 3-Split or Single | XH6: A1: 3-Model / Designation | XI6: A1: 3-Actual Eff. EER/SEER | XJ6: A1: 3-Efficiency Units (EER/SEER) | XK6: A1: 3-Actual Eff. EER/IEER | XL6: A1: 3-Efficiency Units (EER/IEER) | XM6: A1: 3-Tier 1 Min Elig. (EER/SEER) | XN6: A1: 3-Tier 1 Min Elig. (EER/IEER) | XO6: A1: 3-Tier 1 Qualified | XP6: A1: 3-Incentive | XQ6: A1: 3-kWh Savings | XR6: A1: 3-kW Reduction | XS6: A1: 4-Qty | XT6: A1: 4-Tons | XU6: A1: 4-Type (use drop-down menu) | XV6: A1: 4-Heating Section Type | XW6: A1: 4-Split or Single | XX6: A1: 4-Model / Designation | XY6: A1: 4-Actual Eff. EER/SEER | XZ6: A1: 4-Efficiency Units (EER/SEER) | YA6: A1: 4-Actual Eff. EER/IEER | YB6: A1: 4-Efficiency Units (EER/IEER) | YC6: A1: 4-Tier 1 Min Elig. (EER/SEER) | YD6: A1: 4-Tier 1 Min Elig. (EER/IEER) | YE6: A1: 4-Tier 1 Qualified | YF6: A1: 4-Incentive | YG6: A1: 4-kWh Savings | YH6: A1: 4-kW Reduction | YI6: A1: 5-Qty | YJ6: A1: 5-Tons | YK6: A1: 5-Type (use drop-down menu) | YL6: A1: 5-Heating Section Type | YM6: A1: 5-Split or Single | YN6: A1: 5-Model / Designation | YO6: A1: 5-Actual Eff. EER/SEER | YP6: A1: 5-Efficiency Units (EER/SEER) | YQ6: A1: 5-Actual Eff. EER/IEER | YR6: A1: 5-Efficiency Units (EER/IEER) | YS6: A1: 5-Tier 1 Min Elig. (EER/SEER) | YT6: A1: 5-Tier 1 Min Elig. (EER/IEER) | YU6: A1: 5-Tier 1 Qualified | YV6: A1: 5-Incentive | YW6: A1: 5-kWh Savings | YX6: A1: 5-kW Reduction | YY6: A1: 6-Qty | YZ6: A1: 6-Tons | ZA6: A1: 6-Type (use drop-down menu) | ZB6: A1: 6-Heating Section Type | ZC6: A1: 6-Split or Single | ZD6: A1: 6-Model / Designation | ZE6: A1: 6-Actual Eff. EER/SEER | ZF6: A1: 6-Efficiency Units (EER/SEER) | ZG6: A1: 6-Actual Eff. EER/IEER | ZH6: A1: 6-Efficiency Units (EER/IEER) | ZI6: A1: 6-Tier 1 Min Elig. (EER/SEER) | ZJ6: A1: 6-Tier 1 Min Elig. (EER/IEER) | ZK6: A1: 6-Tier 1 Qualified | ZL6: A1: 6-Incentive | ZM6: A1: 6-kWh Savings | ZN6: A1: 6-kW Reduction | ZO6: A1: 7-Qty | ZP6: A1: 7-Tons | ZQ6: A1: 7-Type (use drop-down menu) | ZR6: A1: 7-Heating Section Type | ZS6: A1: 7-Split or Single | ZT6: A1: 7-Model / Designation | ZU6: A1: 7-Actual Eff. EER/SEER | ZV6: A1: 7-Efficiency Units (EER/SEER) | ZW6: A1: 7-Actual Eff. EER/IEER | ZX6: A1: 7-Efficiency Units (EER/IEER) | ZY6: A1: 7-Tier 1 Min Elig. (EER/SEER) | ZZ6: A1: 7-Tier 1 Min Elig. (EER/IEER) | AAA6: A1: 7-Tier 1 Qualified | AAB6: A1: 7-Incentive | AAC6: A1: 7-kWh Savings | AAD6: A1: 7-kW Reduction | AAE6: A1: 8-Qty | AAF6: A1: 8-Tons | AAG6: A1: 8-Type (use drop-down menu) | AAH6: A1: 8-Heating Section Type | AAI6: A1: 8-Split or Single | AAJ6: A1: 8-Model / Designation | AAK6: A1: 8-Actual Eff. EER/SEER | AAL6: A1: 8-Efficiency Units (EER/SEER) | AAM6: A1: 8-Actual Eff. EER/IEER | AAN6: A1: 8-Efficiency Units (EER/IEER) | AAO6: A1: 8-Tier 1 Min Elig. (EER/SEER) | AAP6: A1: 8-Tier 1 Min Elig. (EER/IEER) | AAQ6: A1: 8-Tier 1 Qualified | AAR6: A1: 8-Incentive | AAS6: A1: 8-kWh Savings | AAT6: A1: 8-kW Reduction | AAU6: A1: 9-Qty | AAV6: A1: 9-Tons | AAW6: A1: 9-Type (use drop-down menu) | AAX6: A1: 9-Heating Section Type | AAY6: A1: 9-Split or Single | AAZ6: A1: 9-Model / Designation | ABA6: A1: 9-Actual Eff. EER/SEER | ABB6: A1: 9-Efficiency Units (EER/SEER) | ABC6: A1: 9-Actual Eff. EER/IEER | ABD6: A1: 9-Efficiency Units (EER/IEER) | ABE6: A1: 9-Tier 1 Min Elig. (EER/SEER) | ABF6: A1: 9-Tier 1 Min Elig. (EER/IEER) | ABG6: A1: 9-Tier 1 Qualified | ABH6: A1: 9-Incentive | ABI6: A1: 9-kWh Savings | ABJ6: A1: 9-kW Reduction | ABK6: A1: 10-Qty | ABL6: A1: 10-Tons | ABM6: A1: 10-Type (use drop-down menu) | ABN6: A1: 10-Heating Section Type | ABO6: A1: 10-Split or Single | ABP6: A1: 10-Model / Designation | ABQ6: A1: 10-Actual Eff. EER/SEER | ABR6: A1: 10-Efficiency Units (EER/SEER) | ABS6: A1: 10-Actual Eff. EER/IEER | ABT6: A1: 10-Efficiency Units (EER/IEER) | ABU6: A1: 10-Tier 1 Min Elig. (EER/SEER) | ABV6: A1: 10-Tier 1 Min Elig. (EER/IEER) | ABW6: A1: 10-Tier 1 Qualified | ABX6: A1: 10-Incentive | ABY6: A1: 10-kWh Savings | ABZ6: A1: 10-kW Reduction | ACA6: A2: 1-Qty | ACB6: A2: 1-Tons | ACC6: A2: 1-Type (use drop-down menu) | ACD6: A2: 1-Heating Section Type | ACE6: A2: 1-Subcategory | ACF6: A2: 1-Model / Designation | ACG6: A2: 1-Actual Eff. EER/SEER | ACH6: A2: 1-Efficiency Units (EER/SEER) | ACI6: A2: 1-Actual Eff. EER/IEER | ACJ6: A2: 1-Efficiency Units (EER/IEER) | ACK6: A2: 1-Tier 1 Min Elig. (EER/SEER) | ACL6: A2: 1-Tier 1 Min Elig. (EER/IEER) | ACM6: A2: 1-Tier 1 Qualified | ACN6: A2: 1-Tier 2 Min Elig. (EER/SEER) | ACO6: A2: 1-Tier 2 Min Elig. (EER/IEER) | ACP6: A2: 1-Tier 2 Qualified | ACQ6: A2: 1-Incentive | ACR6: A2: 1-kWh Savings | ACS6: A2: 1-kW Reduction | ACT6: A2: 2-Qty | ACU6: A2: 2-Tons | ACV6: A2: 2-Type (use drop-down menu) | ACW6: A2: 2-Heating Section Type | ACX6: A2: 2-Subcategory | ACY6: A2: 2-Model / Designation | ACZ6: A2: 2-Actual Eff. EER/SEER | ADA6: A2: 2-Efficiency Units (EER/SEER) | ADB6: A2: 2-Actual Eff. EER/IEER | ADC6: A2: 2-Efficiency Units (EER/IEER) | ADD6: A2: 2-Tier 1 Min Elig. (EER/SEER) | ADE6: A2: 2-Tier 1 Min Elig. (EER/IEER) | ADF6: A2: 2-Tier 1 Qualified | ADG6: A2: 2-Tier 2 Min Elig. (EER/SEER) | ADH6: A2: 2-Tier 2 Min Elig. (EER/IEER) | ADI6: A2: 2-Tier 2 Qualified | ADJ6: A2: 2-Incentive | ADK6: A2: 2-kWh Savings | ADL6: A2: 2-kW Reduction | ADM6: A2: 3-Qty | ADN6: A2: 3-Tons | ADO6: A2: 3-Type (use drop-down menu) | ADP6: A2: 3-Heating Section Type | ADQ6: A2: 3-Subcategory | ADR6: A2: 3-Model / Designation | ADS6: A2: 3-Actual Eff. EER/SEER | ADT6: A2: 3-Efficiency Units (EER/SEER) | ADU6: A2: 3-Actual Eff. EER/IEER | ADV6: A2: 3-Efficiency Units (EER/IEER) | ADW6: A2: 3-Tier 1 Min Elig. (EER/SEER) | ADX6: A2: 3-Tier 1 Min Elig. (EER/IEER) | ADY6: A2: 3-Tier 1 Qualified | ADZ6: A2: 3-Tier 2 Min Elig. (EER/SEER) | AEA6: A2: 3-Tier 2 Min Elig. (EER/IEER) | AEB6: A2: 3-Tier 2 Qualified | AEC6: A2: 3-Incentive | AED6: A2: 3-kWh Savings | AEE6: A2: 3-kW Reduction | AEF6: A2: 4-Qty | AEG6: A2: 4-Tons | AEH6: A2: 4-Type (use drop-down menu) | AEI6: A2: 4-Heating Section Type | AEJ6: A2: 4-Subcategory | AEK6: A2: 4-Model / Designation | AEL6: A2: 4-Actual Eff. EER/SEER | AEM6: A2: 4-Efficiency Units (EER/SEER) | AEN6: A2: 4-Actual Eff. EER/IEER | AEO6: A2: 4-Efficiency Units (EER/IEER) | AEP6: A2: 4-Tier 1 Min Elig. (EER/SEER) | AEQ6: A2: 4-Tier 1 Min Elig. (EER/IEER) | AER6: A2: 4-Tier 1 Qualified | AES6: A2: 4-Tier 2 Min Elig. (EER/SEER) | AET6: A2: 4-Tier 2 Min Elig. (EER/IEER) | AEU6: A2: 4-Tier 2 Qualified | AEV6: A2: 4-Incentive | AEW6: A2: 4-kWh Savings | AEX6: A2: 4-kW Reduction | AEY6: A2: 5-Qty | AEZ6: A2: 5-Tons | AFA6: A2: 5-Type (use drop-down menu) | AFB6: A2: 5-Heating Section Type | AFC6: A2: 5-Subcategory | AFD6: A2: 5-Model / Designation | AFE6: A2: 5-Actual Eff. EER/SEER | AFF6: A2: 5-Efficiency Units (EER/SEER) | AFG6: A2: 5-Actual Eff. EER/IEER | AFH6: A2: 5-Efficiency Units (EER/IEER) | AFI6: A2: 5-Tier 1 Min Elig. (EER/SEER) | AFJ6: A2: 5-Tier 1 Min Elig. (EER/IEER) | AFK6: A2: 5-Tier 1 Qualified | AFL6: A2: 5-Tier 2 Min Elig. (EER/SEER) | AFM6: A2: 5-Tier 2 Min Elig. (EER/IEER) | AFN6: A2: 5-Tier 2 Qualified | AFO6: A2: 5-Incentive | AFP6: A2: 5-kWh Savings | AFQ6: A2: 5-kW Reduction | AFR6: A3: 1-Qty | AFS6: A3: 1-Tons | AFT6: A3: 1-System Name | AFU6: A3: 1-Model / Designation | AFV6: A3: 1-Actual Eff. EER/kW/ton | AFW6: A3: 1-Efficiency Units (EER/kW/ton) | AFX6: A3: 1-Min Eligibility (Water Cooled) | AFY6: A3: 1-Qualified (Water Cooled) | AFZ6: A3: 1-Min Eligibility (Air Cooled) | AGA6: A3: 1-Qualified (Air Cooled) | AGB6: A3: 1-Incentive | AGC6: A3: 1-kWh Savings | AGD6: A3: 1-kW Reduction | AGE6: A3: 2-Qty | AGF6: A3: 2-Tons | AGG6: A3: 2-System Name | AGH6: A3: 2-Model / Designation | AGI6: A3: 2-Actual Eff. EER/kW/ton | AGJ6: A3: 2-Efficiency Units (EER/kW/ton) | AGK6: A3: 2-Min Eligibility (Water Cooled) | AGL6: A3: 2-Qualified (Water Cooled) | AGM6: A3: 2-Min Eligibility (Air Cooled) | AGN6: A3: 2-Qualified (Air Cooled) | AGO6: A3: 2-Incentive | AGP6: A3: 2-kWh Savings | AGQ6: A3: 2-kW Reduction | AGR6: A3: 3-Qty | AGS6: A3: 3-Tons | AGT6: A3: 3-System Name | AGU6: A3: 3-Model / Designation | AGV6: A3: 3-Actual Eff. EER/kW/ton | AGW6: A3: 3-Efficiency Units (EER/kW/ton) | AGX6: A3: 3-Min Eligibility (Water Cooled) | AGY6: A3: 3-Qualified (Water Cooled) | AGZ6: A3: 3-Min Eligibility (Air Cooled) | AHA6: A3: 3-Qualified (Air Cooled) | AHB6: A3: 3-Incentive | AHC6: A3: 3-kWh Savings | AHD6: A3: 3-kW Reduction | AHE6: A3: 4-Qty | AHF6: A3: 4-Tons | AHG6: A3: 4-System Name | AHH6: A3: 4-Model / Designation | AHI6: A3: 4-Actual Eff. EER/kW/ton | AHJ6: A3: 4-Efficiency Units (EER/kW/ton) | AHK6: A3: 4-Min Eligibility (Water Cooled) | AHL6: A3: 4-Qualified (Water Cooled) | AHM6: A3: 4-Min Eligibility (Air Cooled) | AHN6: A3: 4-Qualified (Air Cooled) | AHO6: A3: 4-Incentive | AHP6: A3: 4-kWh Savings | AHQ6: A3: 4-kW Reduction | AHR6: A3: 5-Qty | AHS6: A3: 5-Tons | AHT6: A3: 5-System Name | AHU6: A3: 5-Model / Designation | AHV6: A3: 5-Actual Eff. EER/kW/ton | AHW6: A3: 5-Efficiency Units (EER/kW/ton) | AHX6: A3: 5-Min Eligibility (Water Cooled) | AHY6: A3: 5-Qualified (Water Cooled) | AHZ6: A3: 5-Min Eligibility (Air Cooled) | AIA6: A3: 5-Qualified (Air Cooled) | AIB6: A3: 5-Incentive | AIC6: A3: 5-kWh Savings | AID6: A3: 5-kW Reduction | AIE6: C1: 1-Type of System | AIF6: C1: 1-Cooling Load | AIG6: C1: 1-Opt Start/Stop | AIH6: C1: 1-Chiller Water Reset | AII6: C1: 1-DCV | AIJ6: C1: 1-SA Reset | AIK6: C1: 1-Cond Water Reset (Not in use) | AIL6: C1: 1-No. of Strategies | AIM6: C1: 1-Incentive | AIN6: C1: 1-kWh savings | AIO6: C1: 1-kW reduction | AIP6: C1: 2-Type of System | AIQ6: C1: 2-Cooling Load | AIR6: C1: 2-Opt Start/Stop | AIS6: C1: 2-Chiller Water Reset | AIT6: C1: 2-DCV | AIU6: C1: 2-SA Reset | AIV6: C1: 2-Cond Water Reset (Not in use) | AIW6: C1: 2-No. of Strategies | AIX6: C1: 2-Incentive | AIY6: C1: 2-kWh savings | AIZ6: C1: 2-kW reduction | AJA6: C1: 3-Type of System | AJB6: C1: 3-Cooling Load | AJC6: C1: 3-Opt Start/Stop | AJD6: C1: 3-Chiller Water Reset | AJE6: C1: 3-DCV | AJF6: C1: 3-SA Reset | AJG6: C1: 3-Cond Water Reset (Not in use) | AJH6: C1: 3-No. of Strategies | AJI6: C1: 3-Incentive | AJJ6: C1: 3-kWh savings | AJK6: C1: 3-kW reduction | AJL6: C1: 4-Type of System | AJM6: C1: 4-Cooling Load | AJN6: C1: 4-Opt Start/Stop | AJO6: C1: 4-Chiller Water Reset | AJP6: C1: 4-DCV | AJQ6: C1: 4-SA Reset | AJR6: C1: 4-Cond Water Reset (Not in use) | AJS6: C1: 4-No. of Strategies | AJT6: C1: 4-Incentive | AJU6: C1: 4-kWh savings | AJV6: C1: 4-kW reduction | AJW6: C1: 5-Type of System | AJX6: C1: 5-Cooling Load | AJY6: C1: 5-Opt Start/Stop | AJZ6: C1: 5-Chiller Water Reset | AKA6: C1: 5-DCV | AKB6: C1: 5-SA Reset | AKC6: C1: 5-Cond Water Reset (Not in use) | AKD6: C1: 5-No. of Strategies | AKE6: C1: 5-Incentive | AKF6: C1: 5-kWh savings | AKG6: C1: 5-kW reduction | AKH6: C1: 6-Type of System | AKI6: C1: 6-Cooling Load | AKJ6: C1: 6-Opt Start/Stop | AKK6: C1: 6-Chiller Water Reset | AKL6: C1: 6-DCV | AKM6: C1: 6-SA Reset | AKN6: C1: 6-Cond Water Reset (Not in use) | AKO6: C1: 6-No. of Strategies | AKP6: C1: 6-Incentive | AKQ6: C1: 6-kWh savings | AKR6: C1: 6-kW reduction | AKS6: C3: 1-Operating Hours | AKT6: C3: 1-Motor Designation | AKU6: C3: 1-Motor Type | AKV6: C3: 1-VSD Model No. | AKW6: C3: 1-Motor Power | AKX6: C3: 1-IEEE Compliant | AKY6: C3: 1-Incentive | AKZ6: C3: 1-kWh savings | ALA6: C3: 2-Operating Hours | ALB6: C3: 2-Motor Designation | ALC6: C3: 2-Motor Type | ALD6: C3: 2-VSD Model No. | ALE6: C3: 2-Motor Power | ALF6: C3: 2-IEEE Compliant | ALG6: C3: 2-Incentive | ALH6: C3: 2-kWh savings | ALI6: C3: 3-Operating Hours | ALJ6: C3: 3-Motor Designation | ALK6: C3: 3-Motor Type | ALL6: C3: 3-VSD Model No. | ALM6: C3: 3-Motor Power | ALN6: C3: 3-IEEE Compliant | ALO6: C3: 3-Incentive | ALP6: C3: 3-kWh savings | ALQ6: C3: 4-Operating Hours | ALR6: C3: 4-Motor Designation | ALS6: C3: 4-Motor Type | ALT6: C3: 4-VSD Model No. | ALU6: C3: 4-Motor Power | ALV6: C3: 4-IEEE Compliant | ALW6: C3: 4-Incentive | ALX6: C3: 4-kWh savings | ALY6: C3: 5-Operating Hours | ALZ6: C3: 5-Motor Designation | AMA6: C3: 5-Motor Type | AMB6: C3: 5-VSD Model No. | AMC6: C3: 5-Motor Power | AMD6: C3: 5-IEEE Compliant | AME6: C3: 5-Incentive | AMF6: C3: 5-kWh savings | AMG6: C3: 6-Operating Hours | AMH6: C3: 6-Motor Designation | AMI6: C3: 6-Motor Type | AMJ6: C3: 6-VSD Model No. | AMK6: C3: 6-Motor Power | AML6: C3: 6-IEEE Compliant | AMM6: C3: 6-Incentive | AMN6: C3: 6-kWh savings | AMO6: C3: 7-Operating Hours | AMP6: C3: 7-Motor Designation | AMQ6: C3: 7-Motor Type | AMR6: C3: 7-VSD Model No. | AMS6: C3: 7-Motor Power | AMT6: C3: 7-IEEE Compliant | AMU6: C3: 7-Incentive | AMV6: C3: 7-kWh savings | AMW6: C3: 8-Operating Hours | AMX6: C3: 8-Motor Designation | AMY6: C3: 8-Motor Type | AMZ6: C3: 8-VSD Model No. | ANA6: C3: 8-Motor Power | ANB6: C3: 8-IEEE Compliant | ANC6: C3: 8-Incentive | AND6: C3: 8-kWh savings | ANE6: C3: 9-Operating Hours | ANF6: C3: 9-Motor Designation | ANG6: C3: 9-Motor Type | ANH6: C3: 9-VSD Model No. | ANI6: C3: 9-Motor Power | ANJ6: C3: 9-IEEE Compliant | ANK6: C3: 9-Incentive | ANL6: C3: 9-kWh savings | ANM6: C3: 10-Operating Hours | ANN6: C3: 10-Motor Designation | ANO6: C3: 10-Motor Type | ANP6: C3: 10-VSD Model No. | ANQ6: C3: 10-Motor Power | ANR6: C3: 10-IEEE Compliant | ANS6: C3: 10-Incentive | ANT6: C3: 10-kWh savings | ANU6: C3: 11-Operating Hours | ANV6: C3: 11-Motor Designation | ANW6: C3: 11-Motor Type | ANX6: C3: 11-VSD Model No. | ANY6: C3: 11-Motor Power | ANZ6: C3: 11-IEEE Compliant | AOA6: C3: 11-Incentive | AOB6: C3: 11-kWh savings | AOC6: C3: 12-Operating Hours | AOD6: C3: 12-Motor Designation | AOE6: C3: 12-Motor Type | AOF6: C3: 12-VSD Model No. | AOG6: C3: 12-Motor Power | AOH6: C3: 12-IEEE Compliant | AOI6: C3: 12-Incentive | AOJ6: C3: 12-kWh savings | AOK6: C3: 13-Operating Hours | AOL6: C3: 13-Motor Designation | AOM6: C3: 13-Motor Type | AON6: C3: 13-VSD Model No. | AOO6: C3: 13-Motor Power | AOP6: C3: 13-IEEE Compliant | AOQ6: C3: 13-Incentive | AOR6: C3: 13-kWh savings | AOS6: C3: 14-Operating Hours | AOT6: C3: 14-Motor Designation | AOU6: C3: 14-Motor Type | AOV6: C3: 14-VSD Model No. | AOW6: C3: 14-Motor Power | AOX6: C3: 14-IEEE Compliant | AOY6: C3: 14-Incentive | AOZ6: C3: 14-kWh savings | APA6: C3: 15-Operating Hours | APB6: C3: 15-Motor Designation | APC6: C3: 15-Motor Type | APD6: C3: 15-VSD Model No. | APE6: C3: 15-Motor Power | APF6: C3: 15-IEEE Compliant | APG6: C3: 15-Incentive | APH6: C3: 15-kWh savings | API6: P1-Indoor Pool Cover | APJ6: P1 Pool Area | APK6: P1 Electric Resistance | APL6: P1 Electric Heat Pump | APM6: P1 Incentive | APN6: P1 kWh Savings | APO6: P1 Total-kW Red
E7: =IFERROR(VLOOKUP('Final Application'!AF11,RegionLookUp,4,FALSE),"") | F7: Brian Fletcher | M7: =IF('Final Application'!B7="","",LEFT('Final Application'!B7,50)) | N7: =IF('Final Application'!T7="","",'Final Application'!T7) | O7: =IF(('Final Application'!AF7=0),"",'Final Application'!AF7) | P7: =IF('Final Application'!B9="","",'Final Application'!B9) | Q7: =IF('Final Application'!B19="","",'Final Application'!B19) | R7: =IF('Final Application'!B11="","",'Final Application'!B11) | S7: =IF('Final Application'!T11="","",'Final Application'!T11) | T7: =IF('Final Application'!AD11="","",'Final Application'!AD11) | U7: =IF('Final Application'!AF11="","",'Final Application'!AF11) | V7: =IF('Final Application'!B13="",'Final Application'!B11,'Final Application'!B13) -> 0 | W7: =IF('Final Application'!T13="",'Final Application'!T11,'Final Application'!T13) -> 0 | X7: =IF('Final Application'!AD13="",'Final Application'!AD11,'Final Application'!AD13) -> 0 | Y7: =IF('Final Application'!AF13="",'Final Application'!AF11,'Final Application'!AF13) -> 0 | Z7: =IF('Final Application'!B15="","",'Final Application'!B15) | AA7: =IF('Final Application'!M15="","",'Final Application'!M15) | AB7: =IF('Final Application'!T15="","",'Final Application'!T15) | AC7: =IF('Final Application'!Z15="","",'Final Application'!Z15) | AD7: =IF('Final Application'!B17="","",'Final Application'!B17) | AE7: =IF('Final Application'!M17="","",'Final Application'!M17) | AF7: =IF('Final Application'!T17="","",'Final Application'!T17) | AG7: =IF('Final Application'!Z17="","",'Final Application'!Z17) | AH7: =IF('Final Application'!T9="","",PROPER('Final Application'!T9)) | AJ7: =IF('Final Application'!T19="","",'Final Application'!T19) | AK7: =IF('Final Application'!B21=0,"",'Final Application'!B21) | AL7: =IF('Final Application'!M21=0,"",'Final Application'!M21) | AM7: =IF('Final Application'!T21="","",'Final Application'!T21) | AN7: =IF('Final Application'!Z21="","",PROPER('Final Application'!Z21)) | AO7: =IF('Final Application'!B25="","",'Final Application'!B25) | AP7: =IF('Final Application'!M25="","",'Final Application'!M25) | AQ7: =IF('Final Application'!T25="","",'Final Application'!T25) | AR7: =IF('Final Application'!Z25="","",'Final Application'!Z25) | AS7: =IF('Final Application'!B27="","",'Final Application'!B27) | AT7: =IF('Final Application'!M27="","",'Final Application'!M27) | AU7: =IF('Final Application'!T27="","",'Final Application'!T27) | AV7: =IF('Final Application'!Z27="","",'Final Application'!Z27) | AW7: =IF('Final Application'!B29="","",'Final Application'!B29) | AX7: =IF('Final Application'!M29="","",'Final Application'!M29) | AY7: =IF('Final Application'!T29="","",'Final Application'!T29) | AZ7: =IF('Final Application'!Z29="","",'Final Application'!Z29) | BA7: =IF('Final Application'!B31="","",'Final Application'!B31) | BB7: =IF('Final Application'!M31="","",'Final Application'!M31) | BC7: =IF('Final Application'!T31="","",'Final Application'!T31) | BD7: =IF('Final Application'!Z31="","",'Final Application'!Z31) | BE7: =IF('Final Application'!T33="Customer",TRUE,FALSE) -> FALSE | BF7: =IF('Final Application'!T33="Third Party",TRUE,FALSE) -> FALSE | BG7: =IF('Final Application'!AD33="Customer",TRUE,FALSE) -> FALSE | BH7: =IF('Final Application'!AD33="Third Party",TRUE,FALSE) -> FALSE | BI7: =IF('Final Application'!B35="","",'Final Application'!B35) | BJ7: =IF('Final Application'!T35="","",'Final Application'!T35) | BK7: =IF(OR('Final Application'!B37="Same",'Final Application'!B37=""),'Data Extraction'!V7,'Final Application'!B37) -> 0 | BL7: =IF(OR('Final Application'!B37="Same",'Final Application'!B37=""),'Data Extraction'!W7,'Final Application'!T37) -> 0 | BM7: =IF(OR('Final Application'!B37="Same",'Final Application'!B37=""),'Data Extraction'!X7,'Final Application'!AD37) -> 0 | BN7: =IF(OR('Final Application'!B37="Same",'Final Application'!B37=""),'Data Extraction'!Y7,'Final Application'!AF37) -> 0 | BO7: =IF('Final Application'!B39="","",'Final Application'!B39) | BP7: =IF('Final Application'!M39="","",'Final Application'!M39) | BQ7: =IF('Final Application'!T39="","",'Final Application'!T39) | BR7: =IF('Final Application'!Z39="","",'Final Application'!Z39) | BS7: =IF('Final Application'!B41="","",'Final Application'!B41) | BT7: =IF('Final Application'!T41="","",'Final Application'!T41) | BU7: =IF('Final Application'!AD44="Yes",TRUE,FALSE) -> FALSE | BV7: =IF('Final Application'!AD44="No",TRUE,FALSE) -> TRUE | BW7: =IF('Final Application'!B48="","",'Final Application'!B48) | BX7: =IF('Final Application'!T48="","",'Final Application'!T48) | BY7: =IF('Final Application'!B50="","",'Final Application'!B50) | BZ7: =IF('Final Application'!T50="","",'Final Application'!T50) | CA7: =IF('Final Application'!AD50="","",'Final Application'!AD50) | CB7: =IF('Final Application'!AF50="","",'Final Application'!AF50) | CC7: =IF('Final Application'!B52="","",'Final Application'!B52) | CD7: =IF('Final Application'!M52="","",'Final Application'!M52) | CE7: =IF('Final Application'!T52="","",'Final Application'!T52) | CF7: =IF('Final Application'!Z52="","",'Final Application'!Z52) | CG7: =IF('Final Application'!B54="","",'Final Application'!B54) | CH7: =IF('Final Application'!T54="","",'Final Application'!T54) | CI7: =IF('Final Application'!C62="","",'Final Application'!C62) | CJ7: =IF('Final Application'!AD62=0,"",'Final Application'!AD62) | CK7: =IF('Final Application'!AK68="","",'Final Application'!AK68) -> FALSE | CL7: =IF('Final Application'!J68="","",'Final Application'!J68) | CM7: =IF('Final Application'!M68="","",'Final Application'!M68) | CN7: =IF(OR(CL7="",CM7="",CM7=0),"",((CM7-CL7)/CM7*100)) | CO7: =IF('Final Application'!S68="","",'Final Application'!S68) | CP7: =IF('Final Application'!X68="","",'Final Application'!X68) | CQ7: =IF('Final Application'!AF68="Chk Box",0,'Final Application'!AF68) | CR7: =IF('Final Application'!AM68="","",'Final Application'!AM68) -> 0 | CS7: =IF('Final Application'!AN68="","",'Final Application'!AN68) -> 0 | CT7: =IF('Final Application'!AK69="","",'Final Application'!AK69) -> FALSE | CU7: =IF('Final Application'!J69="","",'Final Application'!J69) | CV7: =IF('Final Application'!M69="","",'Final Application'!M69) | CW7: =IF(OR(CU7="",CV7="",CV7=0),"",((CV7-CU7)/CV7)*100) | CX7: =IF('Final Application'!S69="","",'Final Application'!S69) | CY7: =IF('Final Application'!X69="","",'Final Application'!X69) | CZ7: =IF('Final Application'!AF69="Chk Box",0,'Final Application'!AF69) | DA7: =IF('Final Application'!AM69="","",'Final Application'!AM69) -> 0 | DB7: =IF('Final Application'!AN69="","",'Final Application'!AN69) -> 0 | DC7: =IF('Final Application'!AK70="","",'Final Application'!AK70) -> FALSE | DD7: =IF('Final Application'!S70="","",'Final Application'!S70) | DE7: =IF('Final Application'!X70="","",'Final Application'!X70) | DF7: =IF('Final Application'!G71="","",'Final Application'!G71) | DG7: =IF('Final Application'!W71="","",'Final Application'!W71) | DH7: =IF('Final Application'!AF70="Chk L3a Box",0,'Final Application'!AF70) | DI7: =IF('Final Application'!AM70="","",'Final Application'!AM70) -> 0 | DJ7: =IF('Final Application'!AN70="","",'Final Application'!AN70) -> 0 | DK7: =IF('Final Application'!AK72="","",'Final Application'!AK72) -> FALSE | DL7: =IF('Final Application'!S72="","",'Final Application'!S72) | DM7: =IF('Final Application'!X72="","",'Final Application'!X72) | DN7: =IF('Final Application'!G73="","",'Final Application'!G73) | DO7: =IF('Final Application'!W73="","",'Final Application'!W73) | DP7: =IF('Final Application'!AF72="Chk L3b Box",0,'Final Application'!AF72) | DQ7: =IF('Final Application'!AM72="","",'Final Application'!AM72) -> 0 | DR7: =IF('Final Application'!AN72="","",'Final Application'!AN72) -> 0 | DS7: =IF('Final Application'!AK74="","",'Final Application'!AK74) -> FALSE | DT7: =IF('Final Application'!S74="","",'Final Application'!S74) | DU7: =IF('Final Application'!X74="","",'Final Application'!X74) | DV7: =IF(OR('Final Application'!AF74="Chk Box",'Final Application'!AF74="ID Only"),0,'Final Application'!AF74) | DW7: =IF('Final Application'!AM74="","",'Final Application'!AM74) -> 0 | DX7: =IF('Final Application'!AN74="","",'Final Application'!AN74) -> 0 | DY7: =IF('Final Application'!AK75="","",'Final Application'!AK75) -> FALSE | DZ7: =IF('Final Application'!X75="","",'Final Application'!X75) | EA7: =IF('Final Application'!AF75="Chk Box",0,'Final Application'!AF75) | EB7: =IF('Final Application'!AM75="","",'Final Application'!AM75) -> 0 | EC7: =IF('Final Application'!AN75="","",'Final Application'!AN75) -> 0 | ED7: =IF('Final Application'!AK83="","",'Final Application'!AK83) -> FALSE | EE7: =IF('Final Application'!AF83="Chk Box",0,'Final Application'!AF83) | EF7: =IF('Final Application'!AM83="","",'Final Application'!AM83) -> 0 | EG7: =IF('Final Application'!AN83="","",'Final Application'!AN83) -> 0 | EH7: =IF('Final Application'!AK84="","",'Final Application'!AK84) -> FALSE | EI7: =IF('Final Application'!AF84="Chk Box",0,'Final Application'!AF84) | EJ7: =IF('Final Application'!AM84="","",'Final Application'!AM84) -> 0 | EK7: =IF('Final Application'!AN84="","",'Final Application'!AN84) -> 0 | EL7: =IF('Final Application'!AK85="","",'Final Application'!AK85) -> FALSE | EM7: =IF(OR('Final Application'!AF85="Chk Box",'Final Application'!AF85="ID Only"),0,'Final Application'!AF85) | EN7: =IF('Final Application'!AM85="","",'Final Application'!AM85) -> 0 | EO7: =IF('Final Application'!AN85="","",'Final Application'!AN85) -> 0 | EP7: =IF('Final Application'!AK86="","",'Final Application'!AK86) -> FALSE | EQ7: =IF('Final Application'!W86="","",'Final Application'!W86) | ER7: =IF('Final Application'!AF86="Chk Box",0,'Final Application'!AF86) | ES7: =IF('Final Application'!AM86="","",'Final Application'!AM86) -> 0 | ET7: =IF('Final Application'!AN86="","",'Final Application'!AN86) -> 0 | EU7: =IF('Final Application'!AK87="","",'Final Application'!AK87) -> FALSE | EV7: =IF('Final Application'!W87="","",'Final Application'!W87) | EW7: =IF(OR('Final Application'!AF87="Chk Box",'Final Application'!AF87="ID Only"),0,'Final Application'!AF87) | EX7: =IF('Final Application'!AM87="","",'Final Application'!AM87) -> 0 | EY7: =IF('Final Application'!AN87="","",'Final Application'!AN87) -> 0 | EZ7: =IF('Final Application'!AK88="","",'Final Application'!AK88) -> FALSE | FA7: =IF('Final Application'!W88="","",'Final Application'!W88) | FB7: =IF(OR('Final Application'!AF88="Chk Box",'Final Application'!AF88="ID Only"),0,'Final Application'!AF88) | FC7: =IF('Final Application'!AM88="","",'Final Application'!AM88) -> 0 | FD7: =IF('Final Application'!AN88="","",'Final Application'!AN88) -> 0 | FE7: =IF('Final Application'!AK89="","",'Final Application'!AK89) -> FALSE | FF7: =IF('Final Application'!W89="","",'Final Application'!W89) | FG7: =IF(OR('Final Application'!AF89="Chk Box",'Final Application'!AF89="ID Only"),0,'Final Application'!AF89) | FH7: =IF('Final Application'!AM89="","",'Final Application'!AM89) -> 0 | FI7: =IF('Final Application'!AN89="","",'Final Application'!AN89) -> 0 | FJ7: =IF('Final Application'!AK90="","",'Final Application'!AK90) -> FALSE | FK7: =IF('Final Application'!W90="","",'Final Application'!W90) | FL7: =IF('Final Application'!AF90="Chk Box",0,'Final Application'!AF90) | FM7: =IF('Final Application'!AM90="","",'Final Application'!AM90) -> 0 | FN7: =IF('Final Application'!AN90="","",'Final Application'!AN90) -> 0 | FO7: =IF('Final Application'!AK91="","",'Final Application'!AK91) -> FALSE | FP7: =IF('Final Application'!W91="","",'Final Application'!W91) | FQ7: =IF(OR('Final Application'!AF91="Chk Box",'Final Application'!AF91="ID Only"),0,'Final Application'!AF91) | FR7: =IF('Final Application'!AM91="","",'Final Application'!AM91) -> 0 | FS7: =IF('Final Application'!AN91="","",'Final Application'!AN91) -> 0 | FT7: =IF('Final Application'!AK96="","",'Final Application'!AK96) -> FALSE | FU7: =IF('Final Application'!W96="","",'Final Application'!W96) | FV7: =IF('Final Application'!AF96="Chk Box",0,'Final Application'!AF96) | FW7: =IF('Final Application'!AM96="","",'Final Application'!AM96) -> 0 | FX7: =IF('Final Application'!AN96="","",'Final Application'!AN96) -> 0 | FY7: =IF('Final Application'!AK101="","",'Final Application'!AK101) -> FALSE | FZ7: =IF('Final Application'!AF101="Chk Box",0,'Final Application'!AF101) | GA7: =IF('Final Application'!AM101="","",'Final Application'!AM101) -> 0 | GB7: =IF('Final Application'!AN101="","",'Final Application'!AN101) -> 0 | GC7: =IF('Final Application'!AK102="","",'Final Application'!AK102) -> FALSE | GD7: =IF('Final Application'!W102="","",'Final Application'!W102) | GE7: =IF('Final Application'!AF102="Chk Box",0,'Final Application'!AF102) | GF7: =IF('Final Application'!AM102="","",'Final Application'!AM102) -> 0 | GG7: =IF('Final Application'!AK103="","",'Final Application'!AK103) -> FALSE | GH7: =IF('Final Application'!AF103="Chk Box","",'Final Application'!AF103) | GI7: =IF('Final Application'!AM103="","",'Final Application'!AM103) -> 0 | GJ7: =IF('Final Application'!AK104="","",'Final Application'!AK104) -> FALSE | GK7: =IF('Final Application'!W104="","",'Final Application'!W104) | GL7: =IF('Final Application'!AF104="Chk Box",0,'Final Application'!AF104) | GM7: =IF('Final Application'!AM104="","",'Final Application'!AM104) -> 0 | GN7: =IF('Final Application'!AK105="","",'Final Application'!AK105) -> FALSE | GO7: =IF('Final Application'!W105="","",'Final Application'!W105) | GP7: =IF('Final Application'!AF105="Chk Box",0,'Final Application'!AF105) | GQ7: =IF('Final Application'!AM105="","",'Final Application'!AM105) -> 0 | GR7: =IF('Final Application'!AK106="","",'Final Application'!AK106) -> FALSE | GS7: =IF('Final Application'!W106="","",'Final Application'!W106) | GT7: =IF(OR('Final Application'!AF106="Chk Box",'Final Application'!AF106="ID Only"),0,'Final Application'!AF106) | GU7: =IF('Final Application'!AM106="","",'Final Application'!AM106) -> 0 | GV7: =IF('Final Application'!AN106="","",'Final Application'!AN106) -> 0 | GW7: =IF('Final Application'!AK107="","",'Final Application'!AK107) -> FALSE | GX7: =IF('Final Application'!W107="","",'Final Application'!W107) | GY7: =IF('Final Application'!AF107="Chk Box",0,'Final Application'!AF107) | GZ7: =IF('Final Application'!AM107="","",'Final Application'!AM107) -> 0 | HA7: =IF('Final Application'!AN107="","",'Final Application'!AN107) -> 0 | HB7: =IF('Final Application'!AK112="","",'Final Application'!AK112) -> FALSE | HC7: =IF('Final Application'!W112="","",'Final Application'!W112) | HD7: =IF('Final Application'!AF112="Chk Box",0,'Final Application'!AF112) | HE7: =IF('Final Application'!AM112="","",'Final Application'!AM112) -> 0 | HF7: =IF('Final Application'!AN112="","",'Final Application'!AN112) -> 0 | HG7: =IF('Final Application'!AK113="","",'Final Application'!AK113) -> FALSE | HH7: =IF('Final Application'!W113="","",'Final Application'!W113) | HI7: =IF(OR('Final Application'!AF113="Chk Box",'Final Application'!AF113="ID Only"),0,'Final Application'!AF113) | HJ7: =IF('Final Application'!AM113="","",'Final Application'!AM113) -> 0 | HK7: =IF('Final Application'!AN113="","",'Final Application'!AN113) -> 0 | HL7: =IF('Final Application'!AK114="","",'Final Application'!AK114) -> FALSE | HM7: =IF('Final Application'!W114="","",'Final Application'!W114) | HN7: =IF('Final Application'!AF114="Chk Box",0,'Final Application'!AF114) | HO7: =IF('Final Application'!AM114="","",'Final Application'!AM114) -> 0 | HP7: =IF('Final Application'!AN114="","",'Final Application'!AN114) -> 0 | HQ7: =IF('Final Application'!AK115="","",'Final Application'!AK115) -> FALSE | HR7: =IF('Final Application'!W115="","",'Final Application'!W115) | HS7: =IF('Final Application'!AF115="Chk Box",0,'Final Application'!AF115) | HT7: =IF('Final Application'!AM115="","",'Final Application'!AM115) -> 0 | HU7: =IF('Final Application'!AN115="","",'Final Application'!AN115) -> 0 | HV7: =IF('Final Application'!AK116="","",'Final Application'!AK116) -> FALSE | HW7: =IF('Final Application'!W116="","",'Final Application'!W116) | HX7: =IF('Final Application'!AF116="Chk Box",0,'Final Application'!AF116) | HY7: =IF('Final Application'!AM116="","",'Final Application'!AM116) -> 0 | HZ7: =IF('Final Application'!AN116="","",'Final Application'!AN116) -> 0 | IA7: =IF('Final Application'!AK117="","",'Final Application'!AK117) -> FALSE | IB7: =IF('Final Application'!W117="","",'Final Application'!W117) | IC7: =IF('Final Application'!AF117="Chk Box",0,'Final Application'!AF117) | ID7: =IF('Final Application'!AM117="","",'Final Application'!AM117) -> 0 | IE7: =IF('Final Application'!AN117="","",'Final Application'!AN117) -> 0 | IF7: =IF('Final Application'!AK118="","",'Final Application'!AK118) -> FALSE | IG7: =IF('Final Application'!Q118="","",'Final Application'!Q118) | IH7: =IF('Final Application'!W118="","",'Final Application'!W118) | II7: =IF('Final Application'!AF118="Chk Box",0,'Final Application'!AF118) | IJ7: =IF('Final Application'!AM118="","",'Final Application'!AM118) -> 0 | IK7: =IF('Final Application'!AN118="","",'Final Application'!AN118) -> 0 | IL7: =IF('Final Application'!AK120="","",'Final Application'!AK120) -> FALSE | IM7: =IF('Final Application'!W120="","",'Final Application'!W120) | IN7: =IF('Final Application'!AF120="Chk Box",0,'Final Application'!AF120) | IO7: =IF('Final Application'!AM120="","",'Final Application'!AM120) -> 0 | IP7: =IF('Final Application'!AN120="","",'Final Application'!AN120) -> 0 | IQ7: =IF('Final Application'!AK121="","",'Final Application'!AK121) -> FALSE | IR7: =IF('Final Application'!W121="","",'Final Application'!W121) | IS7: =IF('Final Application'!AF121="Chk Box",0,'Final Application'!AF121) | IT7: =IF('Final Application'!AM121="","",'Final Application'!AM121) -> 0 | IU7: =IF('Final Application'!AN121="","",'Final Application'!AN121) -> 0 | IV7: =IF('Final Application'!AK126="","",'Final Application'!AK126) -> FALSE | IW7: =IF('Final Application'!W126="","",'Final Application'!W126) | IX7: =IF(OR('Final Application'!AF126="Chk Box",'Final Application'!AF126="ID Only"),0,'Final Application'!AF126) | IY7: =IF('Final Application'!AM126="","",'Final Application'!AM126) -> 0 | IZ7: =IF('Final Application'!AN126="","",'Final Application'!AN126) -> 0 | JA7: =IF('Final Application'!AK127="","",'Final Application'!AK127) -> FALSE | JB7: =IF('Final Application'!W127="","",'Final Application'!W127) | JC7: =IF('Final Application'!AF127="Chk Box",0,'Final Application'!AF127) | JD7: =IF('Final Application'!AM127="","",'Final Application'!AM127) -> 0 | JE7: =IF('Final Application'!AN127="","",'Final Application'!AN127) -> 0 | JF7: =IF('Final Application'!AK128="","",'Final Application'!AK128) -> FALSE | JG7: =IF('Final Application'!W128="","",'Final Application'!W128) | JH7: =IF('Final Application'!AF128="Chk Box",0,'Final Application'!AF128) | JI7: =IF('Final Application'!AM128="","",'Final Application'!AM128) -> 0 | JJ7: =IF('Final Application'!AN128="","",'Final Application'!AN128) -> 0 | JK7: =IF('Final Application'!AK129="","",'Final Application'!AK129) -> FALSE | JL7: =IF('Final Application'!W129="","",'Final Application'!W129) | JM7: =IF('Final Application'!AF129="Chk Box",0,'Final Application'!AF129) | JN7: =IF('Final Application'!AM129="","",'Final Application'!AM129) -> 0 | JO7: =IF('Final Application'!AN129="","",'Final Application'!AN129) -> 0 | JP7: =IF('Final Application'!AK130="","",'Final Application'!AK130) -> FALSE | JQ7: =IF('Final Application'!W130="","",'Final Application'!W130) | JR7: =IF(OR('Final Application'!AF130="Chk Box",'Final Application'!AF130="ID Only"),0,'Final Application'!AF130) | JS7: =IF('Final Application'!AM130="","",'Final Application'!AM130) -> 0 | JT7: =IF('Final Application'!AN130="","",'Final Application'!AN130) -> 0 | JU7: =IF('Final Application'!AK135="","",'Final Application'!AK135) -> FALSE | JV7: =IF('Final Application'!W135="","",'Final Application'!W135) | JW7: =IF('Final Application'!AF135="Chk Box",0,'Final Application'!AF135) | JX7: =IF('Final Application'!AM135="","",'Final Application'!AM135) -> 0 | JY7: =IF('Final Application'!AN135="","",'Final Application'!AN135) -> 0 | JZ7: =IF('Final Application'!AK136="","",'Final Application'!AK136) -> FALSE | KA7: =IF('Final Application'!W136="","",'Final Application'!W136) | KB7: =IF('Final Application'!AF136="Chk Box",0,'Final Application'!AF136) | KC7: =IF('Final Application'!AM136="","",'Final Application'!AM136) -> 0 | KD7: =IF('Final Application'!AN136="","",'Final Application'!AN136) -> 0 | KE7: =IF('Final Application'!AK137="","",'Final Application'!AK137) -> FALSE | KF7: =IF('Final Application'!W137="","",'Final Application'!W137) | KG7: =IF('Final Application'!AF137="Chk Box",0,'Final Application'!AF137) | KH7: =IF('Final Application'!AM137="","",'Final Application'!AM137) -> 0 | KI7: =IF('Final Application'!AN137="","",'Final Application'!AN137) -> 0 | KJ7: =IF('Final Application'!AK138="","",'Final Application'!AK138) -> FALSE | KK7: =IF('Final Application'!W138="","",'Final Application'!W138) | KL7: =IF(OR('Final Application'!AF138="Chk Box",'Final Application'!AF138="ID Only"),0,'Final Application'!AF138) | KM7: =IF('Final Application'!AM138="","",'Final Application'!AM138) -> 0 | KN7: =IF('Final Application'!AN138="","",'Final Application'!AN138) -> 0 | KO7: =IF('Final Application'!AK139="","",'Final Application'!AK139) -> FALSE | KP7: =IF('Final Application'!W139="","",'Final Application'!W139) | KQ7: =IF('Final Application'!AF139="Chk Box",0,'Final Application'!AF139) | KR7: =IF('Final Application'!AM139="","",'Final Application'!AM139) -> 0 | KS7: =IF('Final Application'!AN139="","",'Final Application'!AN139) -> 0 | KT7: =IF('Final Application'!AF148="","",'Final Application'!AF148) | KU7: =IF('Final Application'!AM148="","",'Final Application'!AM148) -> 0 | KV7: =IF('Final Application'!AN148="","",'Final Application'!AN148) -> 0 | KW7: =IF('Final Application'!AF149="","",'Final Application'!AF149) | KX7: =IF('HVAC Worksheet'!B10="","",'HVAC Worksheet'!B10) | KY7: =IF('HVAC Worksheet'!D10="","",'HVAC Worksheet'!D10) | KZ7: =IF('HVAC Worksheet'!F10="","",'HVAC Worksheet'!F10) | LA7: =IF('HVAC Worksheet'!R10="","",'HVAC Worksheet'!R10) | LB7: =IF('HVAC Worksheet'!W10="","",'HVAC Worksheet'!W10) | LC7: =IF('HVAC Worksheet'!AD10="","",'HVAC Worksheet'!AD10) | LD7: =IF('HVAC Worksheet'!AI10="","",'HVAC Worksheet'!AI10) | LE7: =IF('HVAC Worksheet'!AJ10="","",'HVAC Worksheet'!AJ10) | LF7: =IF('HVAC Worksheet'!AK10="","",'HVAC Worksheet'!AK10) | LG7: =IF('HVAC Worksheet'!AL10="","",'HVAC Worksheet'!AL10) | LH7: =IF('HVAC Worksheet'!AP10="","",'HVAC Worksheet'!AP10) | LI7: =IF('HVAC Worksheet'!AR10="","",'HVAC Worksheet'!AR10) | LJ7: =IF('HVAC Worksheet'!AW10="","",'HVAC Worksheet'!AW10) | LK7: =IF('HVAC Worksheet'!AY10="","",'HVAC Worksheet'!AY10) | LL7: =IF('HVAC Worksheet'!BA10="","",'HVAC Worksheet'!BA10) | LM7: =IF('HVAC Worksheet'!BE10="","",'HVAC Worksheet'!BE10) | LN7: =IF('HVAC Worksheet'!BH10="","",'HVAC Worksheet'!BH10) | LO7: =IF('HVAC Worksheet'!BV10="","",'HVAC Worksheet'!BV10) -> 0 | LP7: =IF('HVAC Worksheet'!BW10="","",'HVAC Worksheet'!BW10) -> Select Bldg Type | LQ7: =IF('HVAC Worksheet'!B11="","",'HVAC Worksheet'!B11) | LR7: =IF('HVAC Worksheet'!D11="","",'HVAC Worksheet'!D11) | LS7: =IF('HVAC Worksheet'!F11="","",'HVAC Worksheet'!F11) | LT7: =IF('HVAC Worksheet'!R11="","",'HVAC Worksheet'!R11) | LU7: =IF('HVAC Worksheet'!W11="","",'HVAC Worksheet'!W11) | LV7: =IF('HVAC Worksheet'!AD11="","",'HVAC Worksheet'!AD11) | LW7: =IF('HVAC Worksheet'!AI11="","",'HVAC Worksheet'!AI11) | LX7: =IF('HVAC Worksheet'!AJ11="","",'HVAC Worksheet'!AJ11) | LY7: =IF('HVAC Worksheet'!AK11="","",'HVAC Worksheet'!AK11) | LZ7: =IF('HVAC Worksheet'!AL11="","",'HVAC Worksheet'!AL11) | MA7: =IF('HVAC Worksheet'!AP11="","",'HVAC Worksheet'!AP11) | MB7: =IF('HVAC Worksheet'!AR11="","",'HVAC Worksheet'!AR11) | MC7: =IF('HVAC Worksheet'!AW11="","",'HVAC Worksheet'!AW11) | MD7: =IF('HVAC Worksheet'!AY11="","",'HVAC Worksheet'!AY11) | ME7: =IF('HVAC Worksheet'!BA11="","",'HVAC Worksheet'!BA11) | MF7: =IF('HVAC Worksheet'!BE11="","",'HVAC Worksheet'!BE11) | MG7: =IF('HVAC Worksheet'!BH11="","",'HVAC Worksheet'!BH11) | MH7: =IF('HVAC Worksheet'!BV11="","",'HVAC Worksheet'!BV11) -> 0 | MI7: =IF('HVAC Worksheet'!BW11="","",'HVAC Worksheet'!BW11) -> Select Bldg Type | MJ7: =IF('HVAC Worksheet'!B12="","",'HVAC Worksheet'!B12) | MK7: =IF('HVAC Worksheet'!D12="","",'HVAC Worksheet'!D12) | ML7: =IF('HVAC Worksheet'!F12="","",'HVAC Worksheet'!F12) | MM7: =IF('HVAC Worksheet'!R12="","",'HVAC Worksheet'!R12) | MN7: =IF('HVAC Worksheet'!W12="","",'HVAC Worksheet'!W12) | MO7: =IF('HVAC Worksheet'!AD12="","",'HVAC Worksheet'!AD12) | MP7: =IF('HVAC Worksheet'!AI12="","",'HVAC Worksheet'!AI12) | MQ7: =IF('HVAC Worksheet'!AJ12="","",'HVAC Worksheet'!AJ12) | MR7: =IF('HVAC Worksheet'!AK12="","",'HVAC Worksheet'!AK12) | MS7: =IF('HVAC Worksheet'!AL12="","",'HVAC Worksheet'!AL12) | MT7: =IF('HVAC Worksheet'!AP12="","",'HVAC Worksheet'!AP12) | MU7: =IF('HVAC Worksheet'!AR12="","",'HVAC Worksheet'!AR12) | MV7: =IF('HVAC Worksheet'!AW12="","",'HVAC Worksheet'!AW12) | MW7: =IF('HVAC Worksheet'!AY12="","",'HVAC Worksheet'!AY12) | MX7: =IF('HVAC Worksheet'!BA12="","",'HVAC Worksheet'!BA12) | MY7: =IF('HVAC Worksheet'!BE12="","",'HVAC Worksheet'!BE12) | MZ7: =IF('HVAC Worksheet'!BH12="","",'HVAC Worksheet'!BH12) | NA7: =IF('HVAC Worksheet'!BV12="","",'HVAC Worksheet'!BV12) -> 0 | NB7: =IF('HVAC Worksheet'!BW12="","",'HVAC Worksheet'!BW12) -> Select Bldg Type | NC7: =IF('HVAC Worksheet'!B13="","",'HVAC Worksheet'!B13) | ND7: =IF('HVAC Worksheet'!D13="","",'HVAC Worksheet'!D13) | NE7: =IF('HVAC Worksheet'!F13="","",'HVAC Worksheet'!F13) | NF7: =IF('HVAC Worksheet'!R13="","",'HVAC Worksheet'!R13) | NG7: =IF('HVAC Worksheet'!W13="","",'HVAC Worksheet'!W13) | NH7: =IF('HVAC Worksheet'!AD13="","",'HVAC Worksheet'!AD13) | NI7: =IF('HVAC Worksheet'!AI13="","",'HVAC Worksheet'!AI13) | NJ7: =IF('HVAC Worksheet'!AJ13="","",'HVAC Worksheet'!AJ13) | NK7: =IF('HVAC Worksheet'!AK13="","",'HVAC Worksheet'!AK13) | NL7: =IF('HVAC Worksheet'!AL13="","",'HVAC Worksheet'!AL13) | NM7: =IF('HVAC Worksheet'!AP13="","",'HVAC Worksheet'!AP13) | NN7: =IF('HVAC Worksheet'!AR13="","",'HVAC Worksheet'!AR13) | NO7: =IF('HVAC Worksheet'!AW13="","",'HVAC Worksheet'!AW13) | NP7: =IF('HVAC Worksheet'!AY13="","",'HVAC Worksheet'!AY13) | NQ7: =IF('HVAC Worksheet'!BA13="","",'HVAC Worksheet'!BA13) | NR7: =IF('HVAC Worksheet'!BE13="","",'HVAC Worksheet'!BE13) | NS7: =IF('HVAC Worksheet'!BH13="","",'HVAC Worksheet'!BH13) | NT7: =IF('HVAC Worksheet'!BV13="","",'HVAC Worksheet'!BV13) -> 0 | NU7: =IF('HVAC Worksheet'!BW13="","",'HVAC Worksheet'!BW13) -> Select Bldg Type | NV7: =IF('HVAC Worksheet'!B14="","",'HVAC Worksheet'!B14) | NW7: =IF('HVAC Worksheet'!D14="","",'HVAC Worksheet'!D14) | NX7: =IF('HVAC Worksheet'!F14="","",'HVAC Worksheet'!F14) | NY7: =IF('HVAC Worksheet'!R14="","",'HVAC Worksheet'!R14) | NZ7: =IF('HVAC Worksheet'!W14="","",'HVAC Worksheet'!W14) | OA7: =IF('HVAC Worksheet'!AD14="","",'HVAC Worksheet'!AD14) | OB7: =IF('HVAC Worksheet'!AI14="","",'HVAC Worksheet'!AI14) | OC7: =IF('HVAC Worksheet'!AJ14="","",'HVAC Worksheet'!AJ14) | OD7: =IF('HVAC Worksheet'!AK14="","",'HVAC Worksheet'!AK14) | OE7: =IF('HVAC Worksheet'!AL14="","",'HVAC Worksheet'!AL14) | OF7: =IF('HVAC Worksheet'!AP14="","",'HVAC Worksheet'!AP14) | OG7: =IF('HVAC Worksheet'!AR14="","",'HVAC Worksheet'!AR14) | OH7: =IF('HVAC Worksheet'!AW14="","",'HVAC Worksheet'!AW14) | OI7: =IF('HVAC Worksheet'!AY14="","",'HVAC Worksheet'!AY14) | OJ7: =IF('HVAC Worksheet'!BA14="","",'HVAC Worksheet'!BA14) | OK7: =IF('HVAC Worksheet'!BE14="","",'HVAC Worksheet'!BE14) | OL7: =IF('HVAC Worksheet'!BH14="","",'HVAC Worksheet'!BH14) | OM7: =IF('HVAC Worksheet'!BV14="","",'HVAC Worksheet'!BV14) -> 0 | ON7: =IF('HVAC Worksheet'!BW14="","",'HVAC Worksheet'!BW14) -> Select Bldg Type | OO7: =IF('HVAC Worksheet'!B15="","",'HVAC Worksheet'!B15) | OP7: =IF('HVAC Worksheet'!D15="","",'HVAC Worksheet'!D15) | OQ7: =IF('HVAC Worksheet'!F15="","",'HVAC Worksheet'!F15) | OR7: =IF('HVAC Worksheet'!R15="","",'HVAC Worksheet'!R15) | OS7: =IF('HVAC Worksheet'!W15="","",'HVAC Worksheet'!W15) | OT7: =IF('HVAC Worksheet'!AD15="","",'HVAC Worksheet'!AD15) | OU7: =IF('HVAC Worksheet'!AI15="","",'HVAC Worksheet'!AI15) | OV7: =IF('HVAC Worksheet'!AJ15="","",'HVAC Worksheet'!AJ15) | OW7: =IF('HVAC Worksheet'!AK15="","",'HVAC Worksheet'!AK15) | OX7: =IF('HVAC Worksheet'!AL15="","",'HVAC Worksheet'!AL15) | OY7: =IF('HVAC Worksheet'!AP15="","",'HVAC Worksheet'!AP15) | OZ7: =IF('HVAC Worksheet'!AR15="","",'HVAC Worksheet'!AR15) | PA7: =IF('HVAC Worksheet'!AW15="","",'HVAC Worksheet'!AW15) | PB7: =IF('HVAC Worksheet'!AY15="","",'HVAC Worksheet'!AY15) | PC7: =IF('HVAC Worksheet'!BA15="","",'HVAC Worksheet'!BA15) | PD7: =IF('HVAC Worksheet'!BE15="","",'HVAC Worksheet'!BE15) | PE7: =IF('HVAC Worksheet'!BH15="","",'HVAC Worksheet'!BH15) | PF7: =IF('HVAC Worksheet'!BV15="","",'HVAC Worksheet'!BV15) -> 0 | PG7: =IF('HVAC Worksheet'!BW15="","",'HVAC Worksheet'!BW15) -> Select Bldg Type | PH7: =IF('HVAC Worksheet'!B16="","",'HVAC Worksheet'!B16) | PI7: =IF('HVAC Worksheet'!D16="","",'HVAC Worksheet'!D16) | PJ7: =IF('HVAC Worksheet'!F16="","",'HVAC Worksheet'!F16) | PK7: =IF('HVAC Worksheet'!R16="","",'HVAC Worksheet'!R16) | PL7: =IF('HVAC Worksheet'!W16="","",'HVAC Worksheet'!W16) | PM7: =IF('HVAC Worksheet'!AD16="","",'HVAC Worksheet'!AD16) | PN7: =IF('HVAC Worksheet'!AI16="","",'HVAC Worksheet'!AI16) | PO7: =IF('HVAC Worksheet'!AJ16="","",'HVAC Worksheet'!AJ16) | PP7: =IF('HVAC Worksheet'!AK16="","",'HVAC Worksheet'!AK16) | PQ7: =IF('HVAC Worksheet'!AL16="","",'HVAC Worksheet'!AL16) | PR7: =IF('HVAC Worksheet'!AP16="","",'HVAC Worksheet'!AP16) | PS7: =IF('HVAC Worksheet'!AR16="","",'HVAC Worksheet'!AR16) | PT7: =IF('HVAC Worksheet'!AW16="","",'HVAC Worksheet'!AW16) | PU7: =IF('HVAC Worksheet'!AY16="","",'HVAC Worksheet'!AY16) | PV7: =IF('HVAC Worksheet'!BA16="","",'HVAC Worksheet'!BA16) | PW7: =IF('HVAC Worksheet'!BE16="","",'HVAC Worksheet'!BE16) | PX7: =IF('HVAC Worksheet'!BH16="","",'HVAC Worksheet'!BH16) | PY7: =IF('HVAC Worksheet'!BV16="","",'HVAC Worksheet'!BV16) -> 0 | PZ7: =IF('HVAC Worksheet'!BW16="","",'HVAC Worksheet'!BW16) -> Select Bldg Type | QA7: =IF('HVAC Worksheet'!B17="","",'HVAC Worksheet'!B17) | QB7: =IF('HVAC Worksheet'!D17="","",'HVAC Worksheet'!D17) | QC7: =IF('HVAC Worksheet'!F17="","",'HVAC Worksheet'!F17) | QD7: =IF('HVAC Worksheet'!R17="","",'HVAC Worksheet'!R17) | QE7: =IF('HVAC Worksheet'!W17="","",'HVAC Worksheet'!W17) | QF7: =IF('HVAC Worksheet'!AD17="","",'HVAC Worksheet'!AD17) | QG7: =IF('HVAC Worksheet'!AI17="","",'HVAC Worksheet'!AI17) | QH7: =IF('HVAC Worksheet'!AJ17="","",'HVAC Worksheet'!AJ17) | QI7: =IF('HVAC Worksheet'!AK17="","",'HVAC Worksheet'!AK17) | QJ7: =IF('HVAC Worksheet'!AL17="","",'HVAC Worksheet'!AL17) | QK7: =IF('HVAC Worksheet'!AP17="","",'HVAC Worksheet'!AP17) | QL7: =IF('HVAC Worksheet'!AR17="","",'HVAC Worksheet'!AR17) | QM7: =IF('HVAC Worksheet'!AW17="","",'HVAC Worksheet'!AW17) | QN7: =IF('HVAC Worksheet'!AY17="","",'HVAC Worksheet'!AY17) | QO7: =IF('HVAC Worksheet'!BA17="","",'HVAC Worksheet'!BA17) | QP7: =IF('HVAC Worksheet'!BE17="","",'HVAC Worksheet'!BE17) | QQ7: =IF('HVAC Worksheet'!BH17="","",'HVAC Worksheet'!BH17) | QR7: =IF('HVAC Worksheet'!BV17="","",'HVAC Worksheet'!BV17) -> 0 | QS7: =IF('HVAC Worksheet'!BW17="","",'HVAC Worksheet'!BW17) -> Select Bldg Type | QT7: =IF('HVAC Worksheet'!B18="","",'HVAC Worksheet'!B18) | QU7: =IF('HVAC Worksheet'!D18="","",'HVAC Worksheet'!D18) | QV7: =IF('HVAC Worksheet'!F18="","",'HVAC Worksheet'!F18) | QW7: =IF('HVAC Worksheet'!R18="","",'HVAC Worksheet'!R18) | QX7: =IF('HVAC Worksheet'!W18="","",'HVAC Worksheet'!W18) | QY7: =IF('HVAC Worksheet'!AD18="","",'HVAC Worksheet'!AD18) | QZ7: =IF('HVAC Worksheet'!AI18="","",'HVAC Worksheet'!AI18) | RA7: =IF('HVAC Worksheet'!AJ18="","",'HVAC Worksheet'!AJ18) | RB7: =IF('HVAC Worksheet'!AK18="","",'HVAC Worksheet'!AK18) | RC7: =IF('HVAC Worksheet'!AL18="","",'HVAC Worksheet'!AL18) | RD7: =IF('HVAC Worksheet'!AP18="","",'HVAC Worksheet'!AP18) | RE7: =IF('HVAC Worksheet'!AR18="","",'HVAC Worksheet'!AR18) | RF7: =IF('HVAC Worksheet'!AW18="","",'HVAC Worksheet'!AW18) | RG7: =IF('HVAC Worksheet'!AY18="","",'HVAC Worksheet'!AY18) | RH7: =IF('HVAC Worksheet'!BA18="","",'HVAC Worksheet'!BA18) | RI7: =IF('HVAC Worksheet'!BE18="","",'HVAC Worksheet'!BE18) | RJ7: =IF('HVAC Worksheet'!BH18="","",'HVAC Worksheet'!BH18) | RK7: =IF('HVAC Worksheet'!BV18="","",'HVAC Worksheet'!BV18) -> 0 | RL7: =IF('HVAC Worksheet'!BW18="","",'HVAC Worksheet'!BW18) -> Select Bldg Type | RM7: =IF('HVAC Worksheet'!B19="","",'HVAC Worksheet'!B19) | RN7: =IF('HVAC Worksheet'!D19="","",'HVAC Worksheet'!D19) | RO7: =IF('HVAC Worksheet'!F19="","",'HVAC Worksheet'!F19) | RP7: =IF('HVAC Worksheet'!R19="","",'HVAC Worksheet'!R19) | RQ7: =IF('HVAC Worksheet'!W19="","",'HVAC Worksheet'!W19) | RR7: =IF('HVAC Worksheet'!AD19="","",'HVAC Worksheet'!AD19) | RS7: =IF('HVAC Worksheet'!AI19="","",'HVAC Worksheet'!AI19) | RT7: =IF('HVAC Worksheet'!AJ19="","",'HVAC Worksheet'!AJ19) | RU7: =IF('HVAC Worksheet'!AK19="","",'HVAC Worksheet'!AK19) | RV7: =IF('HVAC Worksheet'!AL19="","",'HVAC Worksheet'!AL19) | RW7: =IF('HVAC Worksheet'!AP19="","",'HVAC Worksheet'!AP19) | RX7: =IF('HVAC Worksheet'!AR19="","",'HVAC Worksheet'!AR19) | RY7: =IF('HVAC Worksheet'!AW19="","",'HVAC Worksheet'!AW19) | RZ7: =IF('HVAC Worksheet'!AY19="","",'HVAC Worksheet'!AY19) | SA7: =IF('HVAC Worksheet'!BA19="","",'HVAC Worksheet'!BA19) | SB7: =IF('HVAC Worksheet'!BE19="","",'HVAC Worksheet'!BE19) | SC7: =IF('HVAC Worksheet'!BH19="","",'HVAC Worksheet'!BH19) | SD7: =IF('HVAC Worksheet'!BV19="","",'HVAC Worksheet'!BV19) -> 0 | SE7: =IF('HVAC Worksheet'!BW19="","",'HVAC Worksheet'!BW19) -> Select Bldg Type | SF7: =IF('HVAC Worksheet'!B20="","",'HVAC Worksheet'!B20) | SG7: =IF('HVAC Worksheet'!D20="","",'HVAC Worksheet'!D20) | SH7: =IF('HVAC Worksheet'!F20="","",'HVAC Worksheet'!F20) | SI7: =IF('HVAC Worksheet'!R20="","",'HVAC Worksheet'!R20) | SJ7: =IF('HVAC Worksheet'!W20="","",'HVAC Worksheet'!W20) | SK7: =IF('HVAC Worksheet'!AD20="","",'HVAC Worksheet'!AD20) | SL7: =IF('HVAC Worksheet'!AI20="","",'HVAC Worksheet'!AI20) | SM7: =IF('HVAC Worksheet'!AJ20="","",'HVAC Worksheet'!AJ20) | SN7: =IF('HVAC Worksheet'!AK20="","",'HVAC Worksheet'!AK20) | SO7: =IF('HVAC Worksheet'!AL20="","",'HVAC Worksheet'!AL20) | SP7: =IF('HVAC Worksheet'!AP20="","",'HVAC Worksheet'!AP20) | SQ7: =IF('HVAC Worksheet'!AR20="","",'HVAC Worksheet'!AR20) | SR7: =IF('HVAC Worksheet'!AW20="","",'HVAC Worksheet'!AW20) | SS7: =IF('HVAC Worksheet'!AY20="","",'HVAC Worksheet'!AY20) | ST7: =IF('HVAC Worksheet'!BA20="","",'HVAC Worksheet'!BA20) | SU7: =IF('HVAC Worksheet'!BE20="","",'HVAC Worksheet'!BE20) | SV7: =IF('HVAC Worksheet'!BH20="","",'HVAC Worksheet'!BH20) | SW7: =IF('HVAC Worksheet'!BV20="","",'HVAC Worksheet'!BV20) -> 0 | SX7: =IF('HVAC Worksheet'!BW20="","",'HVAC Worksheet'!BW20) -> Select Bldg Type | SY7: =IF('HVAC Worksheet'!B21="","",'HVAC Worksheet'!B21) | SZ7: =IF('HVAC Worksheet'!D21="","",'HVAC Worksheet'!D21) | TA7: =IF('HVAC Worksheet'!F21="","",'HVAC Worksheet'!F21) | TB7: =IF('HVAC Worksheet'!R21="","",'HVAC Worksheet'!R21) | TC7: =IF('HVAC Worksheet'!W21="","",'HVAC Worksheet'!W21) | TD7: =IF('HVAC Worksheet'!AD21="","",'HVAC Worksheet'!AD21) | TE7: =IF('HVAC Worksheet'!AI21="","",'HVAC Worksheet'!AI21) | TF7: =IF('HVAC Worksheet'!AJ21="","",'HVAC Worksheet'!AJ21) | TG7: =IF('HVAC Worksheet'!AK21="","",'HVAC Worksheet'!AK21) | TH7: =IF('HVAC Worksheet'!AL21="","",'HVAC Worksheet'!AL21) | TI7: =IF('HVAC Worksheet'!AP21="","",'HVAC Worksheet'!AP21) | TJ7: =IF('HVAC Worksheet'!AR21="","",'HVAC Worksheet'!AR21) | TK7: =IF('HVAC Worksheet'!AW21="","",'HVAC Worksheet'!AW21) | TL7: =IF('HVAC Worksheet'!AY21="","",'HVAC Worksheet'!AY21) | TM7: =IF('HVAC Worksheet'!BA21="","",'HVAC Worksheet'!BA21) | TN7: =IF('HVAC Worksheet'!BE21="","",'HVAC Worksheet'!BE21) | TO7: =IF('HVAC Worksheet'!BH21="","",'HVAC Worksheet'!BH21) | TP7: =IF('HVAC Worksheet'!BV21="","",'HVAC Worksheet'!BV21) -> 0 | TQ7: =IF('HVAC Worksheet'!BW21="","",'HVAC Worksheet'!BW21) -> Select Bldg Type | TR7: =IF('HVAC Worksheet'!B22="","",'HVAC Worksheet'!B22) | TS7: =IF('HVAC Worksheet'!D22="","",'HVAC Worksheet'!D22) | TT7: =IF('HVAC Worksheet'!F22="","",'HVAC Worksheet'!F22) | TU7: =IF('HVAC Worksheet'!R22="","",'HVAC Worksheet'!R22) | TV7: =IF('HVAC Worksheet'!W22="","",'HVAC Worksheet'!W22) | TW7: =IF('HVAC Worksheet'!AD22="","",'HVAC Worksheet'!AD22) | TX7: =IF('HVAC Worksheet'!AI22="","",'HVAC Worksheet'!AI22) | TY7: =IF('HVAC Worksheet'!AJ22="","",'HVAC Worksheet'!AJ22) | TZ7: =IF('HVAC Worksheet'!AK22="","",'HVAC Worksheet'!AK22) | UA7: =IF('HVAC Worksheet'!AL22="","",'HVAC Worksheet'!AL22) | UB7: =IF('HVAC Worksheet'!AP22="","",'HVAC Worksheet'!AP22) | UC7: =IF('HVAC Worksheet'!AR22="","",'HVAC Worksheet'!AR22) | UD7: =IF('HVAC Worksheet'!AW22="","",'HVAC Worksheet'!AW22) | UE7: =IF('HVAC Worksheet'!AY22="","",'HVAC Worksheet'!AY22) | UF7: =IF('HVAC Worksheet'!BA22="","",'HVAC Worksheet'!BA22) | UG7: =IF('HVAC Worksheet'!BE22="","",'HVAC Worksheet'!BE22) | UH7: =IF('HVAC Worksheet'!BH22="","",'HVAC Worksheet'!BH22) | UI7: =IF('HVAC Worksheet'!BV22="","",'HVAC Worksheet'!BV22) -> 0 | UJ7: =IF('HVAC Worksheet'!BW22="","",'HVAC Worksheet'!BW22) -> Select Bldg Type | UK7: =IF('HVAC Worksheet'!B23="","",'HVAC Worksheet'!B23) | UL7: =IF('HVAC Worksheet'!D23="","",'HVAC Worksheet'!D23) | UM7: =IF('HVAC Worksheet'!F23="","",'HVAC Worksheet'!F23) | UN7: =IF('HVAC Worksheet'!R23="","",'HVAC Worksheet'!R23) | UO7: =IF('HVAC Worksheet'!W23="","",'HVAC Worksheet'!W23) | UP7: =IF('HVAC Worksheet'!AD23="","",'HVAC Worksheet'!AD23) | UQ7: =IF('HVAC Worksheet'!AI23="","",'HVAC Worksheet'!AI23) | UR7: =IF('HVAC Worksheet'!AJ23="","",'HVAC Worksheet'!AJ23) | US7: =IF('HVAC Worksheet'!AK23="","",'HVAC Worksheet'!AK23) | UT7: =IF('HVAC Worksheet'!AL23="","",'HVAC Worksheet'!AL23) | UU7: =IF('HVAC Worksheet'!AP23="","",'HVAC Worksheet'!AP23) | UV7: =IF('HVAC Worksheet'!AR23="","",'HVAC Worksheet'!AR23) | UW7: =IF('HVAC Worksheet'!AW23="","",'HVAC Worksheet'!AW23) | UX7: =IF('HVAC Worksheet'!AY23="","",'HVAC Worksheet'!AY23) | UY7: =IF('HVAC Worksheet'!BA23="","",'HVAC Worksheet'!BA23) | UZ7: =IF('HVAC Worksheet'!BE23="","",'HVAC Worksheet'!BE23) | VA7: =IF('HVAC Worksheet'!BH23="","",'HVAC Worksheet'!BH23) | VB7: =IF('HVAC Worksheet'!BV23="","",'HVAC Worksheet'!BV23) -> 0 | VC7: =IF('HVAC Worksheet'!BW23="","",'HVAC Worksheet'!BW23) -> Select Bldg Type | VD7: =IF('HVAC Worksheet'!B24="","",'HVAC Worksheet'!B24) | VE7: =IF('HVAC Worksheet'!D24="","",'HVAC Worksheet'!D24) | VF7: =IF('HVAC Worksheet'!F24="","",'HVAC Worksheet'!F24) | VG7: =IF('HVAC Worksheet'!R24="","",'HVAC Worksheet'!R24) | VH7: =IF('HVAC Worksheet'!W24="","",'HVAC Worksheet'!W24) | VI7: =IF('HVAC Worksheet'!AD24="","",'HVAC Worksheet'!AD24) | VJ7: =IF('HVAC Worksheet'!AI24="","",'HVAC Worksheet'!AI24) | VK7: =IF('HVAC Worksheet'!AJ24="","",'HVAC Worksheet'!AJ24) | VL7: =IF('HVAC Worksheet'!AK24="","",'HVAC Worksheet'!AK24) | VM7: =IF('HVAC Worksheet'!AL24="","",'HVAC Worksheet'!AL24) | VN7: =IF('HVAC Worksheet'!AP24="","",'HVAC Worksheet'!AP24) | VO7: =IF('HVAC Worksheet'!AR24="","",'HVAC Worksheet'!AR24) | VP7: =IF('HVAC Worksheet'!AW24="","",'HVAC Worksheet'!AW24) | VQ7: =IF('HVAC Worksheet'!AY24="","",'HVAC Worksheet'!AY24) | VR7: =IF('HVAC Worksheet'!BA24="","",'HVAC Worksheet'!BA24) | VS7: =IF('HVAC Worksheet'!BE24="","",'HVAC Worksheet'!BE24) | VT7: =IF('HVAC Worksheet'!BH24="","",'HVAC Worksheet'!BH24) | VU7: =IF('HVAC Worksheet'!BV24="","",'HVAC Worksheet'!BV24) -> 0 | VV7: =IF('HVAC Worksheet'!BW24="","",'HVAC Worksheet'!BW24) -> Select Bldg Type | VW7: =IF('HVAC Worksheet'!B29="","",'HVAC Worksheet'!B29) | VX7: =IF('HVAC Worksheet'!D29="","",'HVAC Worksheet'!D29) | VY7: =IF('HVAC Worksheet'!F29="","",'HVAC Worksheet'!F29) | VZ7: =IF('HVAC Worksheet'!R29="","",'HVAC Worksheet'!R29) | WA7: =IF('HVAC Worksheet'!W29="","",'HVAC Worksheet'!W29) | WB7: =IF('HVAC Worksheet'!AD29="","",'HVAC Worksheet'!AD29) | WC7: =IF('HVAC Worksheet'!AI29="","",'HVAC Worksheet'!AI29) | WD7: =IF('HVAC Worksheet'!AJ29="","",'HVAC Worksheet'!AJ29) | WE7: =IF('HVAC Worksheet'!AK29="","",'HVAC Worksheet'!AK29) | WF7: =IF('HVAC Worksheet'!AL29="","",'HVAC Worksheet'!AL29) | WG7: =IF('HVAC Worksheet'!AP29="","",'HVAC Worksheet'!AP29) | WH7: =IF('HVAC Worksheet'!AR29="","",'HVAC Worksheet'!AR29) | WI7: =IF('HVAC Worksheet'!AW29="","",'HVAC Worksheet'!AW29) | WJ7: =IF('HVAC Worksheet'!BH29="","",'HVAC Worksheet'!BH29) | WK7: =IF('HVAC Worksheet'!BV29="","",'HVAC Worksheet'!BV29) -> 0 | WL7: =IF('HVAC Worksheet'!BW29="","",'HVAC Worksheet'!BW29) -> Select Bldg Type | WM7: =IF('HVAC Worksheet'!B30="","",'HVAC Worksheet'!B30) | WN7: =IF('HVAC Worksheet'!D30="","",'HVAC Worksheet'!D30) | WO7: =IF('HVAC Worksheet'!F30="","",'HVAC Worksheet'!F30) | WP7: =IF('HVAC Worksheet'!R30="","",'HVAC Worksheet'!R30) | WQ7: =IF('HVAC Worksheet'!W30="","",'HVAC Worksheet'!W30) | WR7: =IF('HVAC Worksheet'!AD30="","",'HVAC Worksheet'!AD30) | WS7: =IF('HVAC Worksheet'!AI30="","",'HVAC Worksheet'!AI30) | WT7: =IF('HVAC Worksheet'!AJ30="","",'HVAC Worksheet'!AJ30) | WU7: =IF('HVAC Worksheet'!AK30="","",'HVAC Worksheet'!AK30) | WV7: =IF('HVAC Worksheet'!AL30="","",'HVAC Worksheet'!AL30) | WW7: =IF('HVAC Worksheet'!AP30="","",'HVAC Worksheet'!AP30) | WX7: =IF('HVAC Worksheet'!AR30="","",'HVAC Worksheet'!AR30) | WY7: =IF('HVAC Worksheet'!AW30="","",'HVAC Worksheet'!AW30) | WZ7: =IF('HVAC Worksheet'!BH30="","",'HVAC Worksheet'!BH30) | XA7: =IF('HVAC Worksheet'!BV30="","",'HVAC Worksheet'!BV30) -> 0 | XB7: =IF('HVAC Worksheet'!BW30="","",'HVAC Worksheet'!BW30) -> Select Bldg Type | XC7: =IF('HVAC Worksheet'!B31="","",'HVAC Worksheet'!B31) | XD7: =IF('HVAC Worksheet'!D31="","",'HVAC Worksheet'!D31) | XE7: =IF('HVAC Worksheet'!F31="","",'HVAC Worksheet'!F31) | XF7: =IF('HVAC Worksheet'!R31="","",'HVAC Worksheet'!R31) | XG7: =IF('HVAC Worksheet'!W31="","",'HVAC Worksheet'!W31) | XH7: =IF('HVAC Worksheet'!AD31="","",'HVAC Worksheet'!AD31) | XI7: =IF('HVAC Worksheet'!AI31="","",'HVAC Worksheet'!AI31) | XJ7: =IF('HVAC Worksheet'!AJ31="","",'HVAC Worksheet'!AJ31) | XK7: =IF('HVAC Worksheet'!AK31="","",'HVAC Worksheet'!AK31) | XL7: =IF('HVAC Worksheet'!AL31="","",'HVAC Worksheet'!AL31) | XM7: =IF('HVAC Worksheet'!AP31="","",'HVAC Worksheet'!AP31) | XN7: =IF('HVAC Worksheet'!AR31="","",'HVAC Worksheet'!AR31) | XO7: =IF('HVAC Worksheet'!AW31="","",'HVAC Worksheet'!AW31) | XP7: =IF('HVAC Worksheet'!BH31="","",'HVAC Worksheet'!BH31) | XQ7: =IF('HVAC Worksheet'!BV31="","",'HVAC Worksheet'!BV31) -> 0 | XR7: =IF('HVAC Worksheet'!BW31="","",'HVAC Worksheet'!BW31) -> Select Bldg Type | XS7: =IF('HVAC Worksheet'!B32="","",'HVAC Worksheet'!B32) | XT7: =IF('HVAC Worksheet'!D32="","",'HVAC Worksheet'!D32) | XU7: =IF('HVAC Worksheet'!F32="","",'HVAC Worksheet'!F32) | XV7: =IF('HVAC Worksheet'!R32="","",'HVAC Worksheet'!R32) | XW7: =IF('HVAC Worksheet'!W32="","",'HVAC Worksheet'!W32) | XX7: =IF('HVAC Worksheet'!AD32="","",'HVAC Worksheet'!AD32) | XY7: =IF('HVAC Worksheet'!AI32="","",'HVAC Worksheet'!AI32) | XZ7: =IF('HVAC Worksheet'!AJ32="","",'HVAC Worksheet'!AJ32) | YA7: =IF('HVAC Worksheet'!AK32="","",'HVAC Worksheet'!AK32) | YB7: =IF('HVAC Worksheet'!AL32="","",'HVAC Worksheet'!AL32) | YC7: =IF('HVAC Worksheet'!AP32="","",'HVAC Worksheet'!AP32) | YD7: =IF('HVAC Worksheet'!AR32="","",'HVAC Worksheet'!AR32) | YE7: =IF('HVAC Worksheet'!AW32="","",'HVAC Worksheet'!AW32) | YF7: =IF('HVAC Worksheet'!BH32="","",'HVAC Worksheet'!BH32) | YG7: =IF('HVAC Worksheet'!BV32="","",'HVAC Worksheet'!BV32) -> 0 | YH7: =IF('HVAC Worksheet'!BW32="","",'HVAC Worksheet'!BW32) -> Select Bldg Type | YI7: =IF('HVAC Worksheet'!B33="","",'HVAC Worksheet'!B33) | YJ7: =IF('HVAC Worksheet'!D33="","",'HVAC Worksheet'!D33) | YK7: =IF('HVAC Worksheet'!F33="","",'HVAC Worksheet'!F33) | YL7: =IF('HVAC Worksheet'!R33="","",'HVAC Worksheet'!R33) | YM7: =IF('HVAC Worksheet'!W33="","",'HVAC Worksheet'!W33) | YN7: =IF('HVAC Worksheet'!AD33="","",'HVAC Worksheet'!AD33) | YO7: =IF('HVAC Worksheet'!AI33="","",'HVAC Worksheet'!AI33) | YP7: =IF('HVAC Worksheet'!AJ33="","",'HVAC Worksheet'!AJ33) | YQ7: =IF('HVAC Worksheet'!AK33="","",'HVAC Worksheet'!AK33) | YR7: =IF('HVAC Worksheet'!AL33="","",'HVAC Worksheet'!AL33) | YS7: =IF('HVAC Worksheet'!AP33="","",'HVAC Worksheet'!AP33) | YT7: =IF('HVAC Worksheet'!AR33="","",'HVAC Worksheet'!AR33) | YU7: =IF('HVAC Worksheet'!AW33="","",'HVAC Worksheet'!AW33) | YV7: =IF('HVAC Worksheet'!BH33="","",'HVAC Worksheet'!BH33) | YW7: =IF('HVAC Worksheet'!BV33="","",'HVAC Worksheet'!BV33) -> 0 | YX7: =IF('HVAC Worksheet'!BW33="","",'HVAC Worksheet'!BW33) -> Select Bldg Type | YY7: =IF('HVAC Worksheet'!B34="","",'HVAC Worksheet'!B34) | YZ7: =IF('HVAC Worksheet'!D34="","",'HVAC Worksheet'!D34) | ZA7: =IF('HVAC Worksheet'!F34="","",'HVAC Worksheet'!F34) | ZB7: =IF('HVAC Worksheet'!R34="","",'HVAC Worksheet'!R34) | ZC7: =IF('HVAC Worksheet'!W34="","",'HVAC Worksheet'!W34) | ZD7: =IF('HVAC Worksheet'!AD34="","",'HVAC Worksheet'!AD34) | ZE7: =IF('HVAC Worksheet'!AI34="","",'HVAC Worksheet'!AI34) | ZF7: =IF('HVAC Worksheet'!AJ34="","",'HVAC Worksheet'!AJ34) | ZG7: =IF('HVAC Worksheet'!AK34="","",'HVAC Worksheet'!AK34) | ZH7: =IF('HVAC Worksheet'!AL34="","",'HVAC Worksheet'!AL34) | ZI7: =IF('HVAC Worksheet'!AP34="","",'HVAC Worksheet'!AP34) | ZJ7: =IF('HVAC Worksheet'!AR34="","",'HVAC Worksheet'!AR34) | ZK7: =IF('HVAC Worksheet'!AW34="","",'HVAC Worksheet'!AW34) | ZL7: =IF('HVAC Worksheet'!BH34="","",'HVAC Worksheet'!BH34) | ZM7: =IF('HVAC Worksheet'!BV34="","",'HVAC Worksheet'!BV34) -> 0 | ZN7: =IF('HVAC Worksheet'!BW34="","",'HVAC Worksheet'!BW34) -> Select Bldg Type | ZO7: =IF('HVAC Worksheet'!B35="","",'HVAC Worksheet'!B35) | ZP7: =IF('HVAC Worksheet'!D35="","",'HVAC Worksheet'!D35) | ZQ7: =IF('HVAC Worksheet'!F35="","",'HVAC Worksheet'!F35) | ZR7: =IF('HVAC Worksheet'!R35="","",'HVAC Worksheet'!R35) | ZS7: =IF('HVAC Worksheet'!W35="","",'HVAC Worksheet'!W35) | ZT7: =IF('HVAC Worksheet'!AD35="","",'HVAC Worksheet'!AD35) | ZU7: =IF('HVAC Worksheet'!AI35="","",'HVAC Worksheet'!AI35) | ZV7: =IF('HVAC Worksheet'!AJ35="","",'HVAC Worksheet'!AJ35) | ZW7: =IF('HVAC Worksheet'!AK35="","",'HVAC Worksheet'!AK35) | ZX7: =IF('HVAC Worksheet'!AL35="","",'HVAC Worksheet'!AL35) | ZY7: =IF('HVAC Worksheet'!AP35="","",'HVAC Worksheet'!AP35) | ZZ7: =IF('HVAC Worksheet'!AR35="","",'HVAC Worksheet'!AR35) | AAA7: =IF('HVAC Worksheet'!AW35="","",'HVAC Worksheet'!AW35) | AAB7: =IF('HVAC Worksheet'!BH35="","",'HVAC Worksheet'!BH35) | AAC7: =IF('HVAC Worksheet'!BV35="","",'HVAC Worksheet'!BV35) -> 0 | AAD7: =IF('HVAC Worksheet'!BW35="","",'HVAC Worksheet'!BW35) -> Select Bldg Type | AAE7: =IF('HVAC Worksheet'!B36="","",'HVAC Worksheet'!B36) | AAF7: =IF('HVAC Worksheet'!D36="","",'HVAC Worksheet'!D36) | AAG7: =IF('HVAC Worksheet'!F36="","",'HVAC Worksheet'!F36) | AAH7: =IF('HVAC Worksheet'!R36="","",'HVAC Worksheet'!R36) | AAI7: =IF('HVAC Worksheet'!W36="","",'HVAC Worksheet'!W36) | AAJ7: =IF('HVAC Worksheet'!AD36="","",'HVAC Worksheet'!AD36) | AAK7: =IF('HVAC Worksheet'!AI36="","",'HVAC Worksheet'!AI36) | AAL7: =IF('HVAC Worksheet'!AJ36="","",'HVAC Worksheet'!AJ36) | AAM7: =IF('HVAC Worksheet'!AK36="","",'HVAC Worksheet'!AK36) | AAN7: =IF('HVAC Worksheet'!AL36="","",'HVAC Worksheet'!AL36) | AAO7: =IF('HVAC Worksheet'!AP36="","",'HVAC Worksheet'!AP36) | AAP7: =IF('HVAC Worksheet'!AR36="","",'HVAC Worksheet'!AR36) | AAQ7: =IF('HVAC Worksheet'!AW36="","",'HVAC Worksheet'!AW36) | AAR7: =IF('HVAC Worksheet'!BH36="","",'HVAC Worksheet'!BH36) | AAS7: =IF('HVAC Worksheet'!BV36="","",'HVAC Worksheet'!BV36) -> 0 | AAT7: =IF('HVAC Worksheet'!BW36="","",'HVAC Worksheet'!BW36) -> Select Bldg Type | AAU7: =IF('HVAC Worksheet'!B37="","",'HVAC Worksheet'!B37) | AAV7: =IF('HVAC Worksheet'!D37="","",'HVAC Worksheet'!D37) | AAW7: =IF('HVAC Worksheet'!F37="","",'HVAC Worksheet'!F37) | AAX7: =IF('HVAC Worksheet'!R37="","",'HVAC Worksheet'!R37) | AAY7: =IF('HVAC Worksheet'!W37="","",'HVAC Worksheet'!W37) | AAZ7: =IF('HVAC Worksheet'!AD37="","",'HVAC Worksheet'!AD37) | ABA7: =IF('HVAC Worksheet'!AI37="","",'HVAC Worksheet'!AI37) | ABB7: =IF('HVAC Worksheet'!AJ37="","",'HVAC Worksheet'!AJ37) | ABC7: =IF('HVAC Worksheet'!AK37="","",'HVAC Worksheet'!AK37) | ABD7: =IF('HVAC Worksheet'!AL37="","",'HVAC Worksheet'!AL37) | ABE7: =IF('HVAC Worksheet'!AP37="","",'HVAC Worksheet'!AP37) | ABF7: =IF('HVAC Worksheet'!AR37="","",'HVAC Worksheet'!AR37) | ABG7: =IF('HVAC Worksheet'!AW37="","",'HVAC Worksheet'!AW37) | ABH7: =IF('HVAC Worksheet'!BH37="","",'HVAC Worksheet'!BH37) | ABI7: =IF('HVAC Worksheet'!BV37="","",'HVAC Worksheet'!BV37) -> 0 | ABJ7: =IF('HVAC Worksheet'!BW37="","",'HVAC Worksheet'!BW37) -> Select Bldg Type | ABK7: =IF('HVAC Worksheet'!B38="","",'HVAC Worksheet'!B38) | ABL7: =IF('HVAC Worksheet'!D38="","",'HVAC Worksheet'!D38) | ABM7: =IF('HVAC Worksheet'!F38="","",'HVAC Worksheet'!F38) | ABN7: =IF('HVAC Worksheet'!R38="","",'HVAC Worksheet'!R38) | ABO7: =IF('HVAC Worksheet'!W38="","",'HVAC Worksheet'!W38) | ABP7: =IF('HVAC Worksheet'!AD38="","",'HVAC Worksheet'!AD38) | ABQ7: =IF('HVAC Worksheet'!AI38="","",'HVAC Worksheet'!AI38) | ABR7: =IF('HVAC Worksheet'!AJ38="","",'HVAC Worksheet'!AJ38) | ABS7: =IF('HVAC Worksheet'!AK38="","",'HVAC Worksheet'!AK38) | ABT7: =IF('HVAC Worksheet'!AL38="","",'HVAC Worksheet'!AL38) | ABU7: =IF('HVAC Worksheet'!AP38="","",'HVAC Worksheet'!AP38) | ABV7: =IF('HVAC Worksheet'!AR38="","",'HVAC Worksheet'!AR38) | ABW7: =IF('HVAC Worksheet'!AW38="","",'HVAC Worksheet'!AW38) | ABX7: =IF('HVAC Worksheet'!BH38="","",'HVAC Worksheet'!BH38) | ABY7: =IF('HVAC Worksheet'!BV38="","",'HVAC Worksheet'!BV38) -> 0 | ABZ7: =IF('HVAC Worksheet'!BW38="","",'HVAC Worksheet'!BW38) -> Select Bldg Type | ACA7: =IF('HVAC Worksheet'!B45="","",'HVAC Worksheet'!B45) | ACB7: =IF('HVAC Worksheet'!D45="","",'HVAC Worksheet'!D45) | ACC7: =IF('HVAC Worksheet'!F45="","",'HVAC Worksheet'!F45) | ACD7: =IF('HVAC Worksheet'!R45="","",'HVAC Worksheet'!R45) | ACE7: =IF('HVAC Worksheet'!W45="","",'HVAC Worksheet'!W45) | ACF7: =IF('HVAC Worksheet'!AD45="","",'HVAC Worksheet'!AD45) | ACG7: =IF('HVAC Worksheet'!AI45="","",'HVAC Worksheet'!AI45) | ACH7: =IF('HVAC Worksheet'!AJ45="","",'HVAC Worksheet'!AJ45) | ACI7: =IF('HVAC Worksheet'!AK45="","",'HVAC Worksheet'!AK45) | ACJ7: =IF('HVAC Worksheet'!AL45="","",'HVAC Worksheet'!AL45) | ACK7: =IF('HVAC Worksheet'!AP45="","",'HVAC Worksheet'!AP45) | ACL7: =IF('HVAC Worksheet'!AR45="","",'HVAC Worksheet'!AR45) | ACM7: =IF('HVAC Worksheet'!AW45="","",'HVAC Worksheet'!AW45) | ACN7: =IF('HVAC Worksheet'!AY45="","",'HVAC Worksheet'!AY45) | ACO7: =IF('HVAC Worksheet'!BA45="","",'HVAC Worksheet'!BA45) | ACP7: =IF('HVAC Worksheet'!BE45="","",'HVAC Worksheet'!BE45) | ACQ7: =IF('HVAC Worksheet'!BH45="","",'HVAC Worksheet'!BH45) | ACR7: =IF('HVAC Worksheet'!BV45="","",'HVAC Worksheet'!BV45) -> 0 | ACS7: =IF('HVAC Worksheet'!BW45="","",'HVAC Worksheet'!BW45) -> Select Bldg Type | ACT7: =IF('HVAC Worksheet'!B46="","",'HVAC Worksheet'!B46) | ACU7: =IF('HVAC Worksheet'!D46="","",'HVAC Worksheet'!D46) | ACV7: =IF('HVAC Worksheet'!F46="","",'HVAC Worksheet'!F46) | ACW7: =IF('HVAC Worksheet'!R46="","",'HVAC Worksheet'!R46) | ACX7: =IF('HVAC Worksheet'!W46="","",'HVAC Worksheet'!W46) | ACY7: =IF('HVAC Worksheet'!AD46="","",'HVAC Worksheet'!AD46) | ACZ7: =IF('HVAC Worksheet'!AI46="","",'HVAC Worksheet'!AI46) | ADA7: =IF('HVAC Worksheet'!AJ46="","",'HVAC Worksheet'!AJ46) | ADB7: =IF('HVAC Worksheet'!AK46="","",'HVAC Worksheet'!AK46) | ADC7: =IF('HVAC Worksheet'!AL46="","",'HVAC Worksheet'!AL46) | ADD7: =IF('HVAC Worksheet'!AP46="","",'HVAC Worksheet'!AP46) | ADE7: =IF('HVAC Worksheet'!AR46="","",'HVAC Worksheet'!AR46) | ADF7: =IF('HVAC Worksheet'!AW46="","",'HVAC Worksheet'!AW46) | ADG7: =IF('HVAC Worksheet'!AY46="","",'HVAC Worksheet'!AY46) | ADH7: =IF('HVAC Worksheet'!BA46="","",'HVAC Worksheet'!BA46) | ADI7: =IF('HVAC Worksheet'!BE46="","",'HVAC Worksheet'!BE46) | ADJ7: =IF('HVAC Worksheet'!BH46="","",'HVAC Worksheet'!BH46) | ADK7: =IF('HVAC Worksheet'!BV46="","",'HVAC Worksheet'!BV46) -> 0 | ADL7: =IF('HVAC Worksheet'!BW46="","",'HVAC Worksheet'!BW46) -> Select Bldg Type | ADM7: =IF('HVAC Worksheet'!B47="","",'HVAC Worksheet'!B47) | ADN7: =IF('HVAC Worksheet'!D47="","",'HVAC Worksheet'!D47) | ADO7: =IF('HVAC Worksheet'!F47="","",'HVAC Worksheet'!F47) | ADP7: =IF('HVAC Worksheet'!R47="","",'HVAC Worksheet'!R47) | ADQ7: =IF('HVAC Worksheet'!W47="","",'HVAC Worksheet'!W47) | ADR7: =IF('HVAC Worksheet'!AD47="","",'HVAC Worksheet'!AD47) | ADS7: =IF('HVAC Worksheet'!AI47="","",'HVAC Worksheet'!AI47) | ADT7: =IF('HVAC Worksheet'!AJ47="","",'HVAC Worksheet'!AJ47) | ADU7: =IF('HVAC Worksheet'!AK47="","",'HVAC Worksheet'!AK47) | ADV7: =IF('HVAC Worksheet'!AL47="","",'HVAC Worksheet'!AL47) | ADW7: =IF('HVAC Worksheet'!AP47="","",'HVAC Worksheet'!AP47) | ADX7: =IF('HVAC Worksheet'!AR47="","",'HVAC Worksheet'!AR47) | ADY7: =IF('HVAC Worksheet'!AW47="","",'HVAC Worksheet'!AW47) | ADZ7: =IF('HVAC Worksheet'!AY47="","",'HVAC Worksheet'!AY47) | AEA7: =IF('HVAC Worksheet'!BA47="","",'HVAC Worksheet'!BA47) | AEB7: =IF('HVAC Worksheet'!BE47="","",'HVAC Worksheet'!BE47) | AEC7: =IF('HVAC Worksheet'!BH47="","",'HVAC Worksheet'!BH47) | AED7: =IF('HVAC Worksheet'!BV47="","",'HVAC Worksheet'!BV47) -> 0 | AEE7: =IF('HVAC Worksheet'!BW47="","",'HVAC Worksheet'!BW47) -> Select Bldg Type | AEF7: =IF('HVAC Worksheet'!B48="","",'HVAC Worksheet'!B48) | AEG7: =IF('HVAC Worksheet'!D48="","",'HVAC Worksheet'!D48) | AEH7: =IF('HVAC Worksheet'!F48="","",'HVAC Worksheet'!F48) | AEI7: =IF('HVAC Worksheet'!R48="","",'HVAC Worksheet'!R48) | AEJ7: =IF('HVAC Worksheet'!W48="","",'HVAC Worksheet'!W48) | AEK7: =IF('HVAC Worksheet'!AD48="","",'HVAC Worksheet'!AD48) | AEL7: =IF('HVAC Worksheet'!AI48="","",'HVAC Worksheet'!AI48) | AEM7: =IF('HVAC Worksheet'!AJ48="","",'HVAC Worksheet'!AJ48) | AEN7: =IF('HVAC Worksheet'!AK48="","",'HVAC Worksheet'!AK48) | AEO7: =IF('HVAC Worksheet'!AL48="","",'HVAC Worksheet'!AL48) | AEP7: =IF('HVAC Worksheet'!AP48="","",'HVAC Worksheet'!AP48) | AEQ7: =IF('HVAC Worksheet'!AR48="","",'HVAC Worksheet'!AR48) | AER7: =IF('HVAC Worksheet'!AW48="","",'HVAC Worksheet'!AW48) | AES7: =IF('HVAC Worksheet'!AY48="","",'HVAC Worksheet'!AY48) | AET7: =IF('HVAC Worksheet'!BA48="","",'HVAC Worksheet'!BA48) | AEU7: =IF('HVAC Worksheet'!BE48="","",'HVAC Worksheet'!BE48) | AEV7: =IF('HVAC Worksheet'!BH48="","",'HVAC Worksheet'!BH48) | AEW7: =IF('HVAC Worksheet'!BV48="","",'HVAC Worksheet'!BV48) -> 0 | AEX7: =IF('HVAC Worksheet'!BW48="","",'HVAC Worksheet'!BW48) -> Select Bldg Type | AEY7: =IF('HVAC Worksheet'!B49="","",'HVAC Worksheet'!B49) | AEZ7: =IF('HVAC Worksheet'!D49="","",'HVAC Worksheet'!D49) | AFA7: =IF('HVAC Worksheet'!F49="","",'HVAC Worksheet'!F49) | AFB7: =IF('HVAC Worksheet'!R49="","",'HVAC Worksheet'!R49) | AFC7: =IF('HVAC Worksheet'!W49="","",'HVAC Worksheet'!W49) | AFD7: =IF('HVAC Worksheet'!AD49="","",'HVAC Worksheet'!AD49) | AFE7: =IF('HVAC Worksheet'!AI49="","",'HVAC Worksheet'!AI49) | AFF7: =IF('HVAC Worksheet'!AJ49="","",'HVAC Worksheet'!AJ49) | AFG7: =IF('HVAC Worksheet'!AK49="","",'HVAC Worksheet'!AK49) | AFH7: =IF('HVAC Worksheet'!AL49="","",'HVAC Worksheet'!AL49) | AFI7: =IF('HVAC Worksheet'!AP49="","",'HVAC Worksheet'!AP49) | AFJ7: =IF('HVAC Worksheet'!AR49="","",'HVAC Worksheet'!AR49) | AFK7: =IF('HVAC Worksheet'!AW49="","",'HVAC Worksheet'!AW49) | AFL7: =IF('HVAC Worksheet'!AY49="","",'HVAC Worksheet'!AY49) | AFM7: =IF('HVAC Worksheet'!BA49="","",'HVAC Worksheet'!BA49) | AFN7: =IF('HVAC Worksheet'!BE49="","",'HVAC Worksheet'!BE49) | AFO7: =IF('HVAC Worksheet'!BH49="","",'HVAC Worksheet'!BH49) | AFP7: =IF('HVAC Worksheet'!BV49="","",'HVAC Worksheet'!BV49) -> 0 | AFQ7: =IF('HVAC Worksheet'!BW49="","",'HVAC Worksheet'!BW49) -> Select Bldg Type | AFR7: =IF('HVAC Worksheet'!B58="","",'HVAC Worksheet'!B58) | AFS7: =IF('HVAC Worksheet'!D58="","",'HVAC Worksheet'!D58) | AFT7: =IF('HVAC Worksheet'!F58="","",'HVAC Worksheet'!F58) | AFU7: =IF('HVAC Worksheet'!AD58="","",'HVAC Worksheet'!AD58) | AFV7: =IF('HVAC Worksheet'!AI58="","",'HVAC Worksheet'!AI58) | AFW7: =IF('HVAC Worksheet'!AJ58="","",'HVAC Worksheet'!AJ58) | AFX7: =IF('HVAC Worksheet'!AP58="","",'HVAC Worksheet'!AP58) | AFY7: =IF('HVAC Worksheet'!AR58="","",'HVAC Worksheet'!AR58) | AFZ7: =IF('HVAC Worksheet'!AY58="","",'HVAC Worksheet'!AY58) | AGA7: =IF('HVAC Worksheet'!BA58="","",'HVAC Worksheet'!BA58) | AGB7: =IF('HVAC Worksheet'!BH58="","",'HVAC Worksheet'!BH58) | AGC7: =IF('HVAC Worksheet'!BV58="","",'HVAC Worksheet'!BV58) -> 0 | AGD7: =IF('HVAC Worksheet'!BW58="","",'HVAC Worksheet'!BW58) -> 0 | AGE7: =IF('HVAC Worksheet'!B59="","",'HVAC Worksheet'!B59) | AGF7: =IF('HVAC Worksheet'!D59="","",'HVAC Worksheet'!D59) | AGG7: =IF('HVAC Worksheet'!F59="","",'HVAC Worksheet'!F59) | AGH7: =IF('HVAC Worksheet'!AD59="","",'HVAC Worksheet'!AD59) | AGI7: =IF('HVAC Worksheet'!AI59="","",'HVAC Worksheet'!AI59) | AGJ7: =IF('HVAC Worksheet'!AJ59="","",'HVAC Worksheet'!AJ59) | AGK7: =IF('HVAC Worksheet'!AP59="","",'HVAC Worksheet'!AP59) | AGL7: =IF('HVAC Worksheet'!AR59="","",'HVAC Worksheet'!AR59) | AGM7: =IF('HVAC Worksheet'!AY59="","",'HVAC Worksheet'!AY59) | AGN7: =IF('HVAC Worksheet'!BA59="","",'HVAC Worksheet'!BA59) | AGO7: =IF('HVAC Worksheet'!BH59="","",'HVAC Worksheet'!BH59) | AGP7: =IF('HVAC Worksheet'!BV59="","",'HVAC Worksheet'!BV59) -> 0 | AGQ7: =IF('HVAC Worksheet'!BW59="","",'HVAC Worksheet'!BW59) -> 0 | AGR7: =IF('HVAC Worksheet'!B60="","",'HVAC Worksheet'!B60) | AGS7: =IF('HVAC Worksheet'!D60="","",'HVAC Worksheet'!D60) | AGT7: =IF('HVAC Worksheet'!F60="","",'HVAC Worksheet'!F60) | AGU7: =IF('HVAC Worksheet'!AD60="","",'HVAC Worksheet'!AD60) | AGV7: =IF('HVAC Worksheet'!AI60="","",'HVAC Worksheet'!AI60) | AGW7: =IF('HVAC Worksheet'!AJ60="","",'HVAC Worksheet'!AJ60) | AGX7: =IF('HVAC Worksheet'!AP60="","",'HVAC Worksheet'!AP60) | AGY7: =IF('HVAC Worksheet'!AR60="","",'HVAC Worksheet'!AR60) | AGZ7: =IF('HVAC Worksheet'!AY60="","",'HVAC Worksheet'!AY60) | AHA7: =IF('HVAC Worksheet'!BA60="","",'HVAC Worksheet'!BA60) | AHB7: =IF('HVAC Worksheet'!BH60="","",'HVAC Worksheet'!BH60) | AHC7: =IF('HVAC Worksheet'!BV60="","",'HVAC Worksheet'!BV60) -> 0 | AHD7: =IF('HVAC Worksheet'!BW60="","",'HVAC Worksheet'!BW60) -> 0 | AHE7: =IF('HVAC Worksheet'!B61="","",'HVAC Worksheet'!B61) | AHF7: =IF('HVAC Worksheet'!D61="","",'HVAC Worksheet'!D61) | AHG7: =IF('HVAC Worksheet'!F61="","",'HVAC Worksheet'!F61) | AHH7: =IF('HVAC Worksheet'!AD61="","",'HVAC Worksheet'!AD61) | AHI7: =IF('HVAC Worksheet'!AI61="","",'HVAC Worksheet'!AI61) | AHJ7: =IF('HVAC Worksheet'!AJ61="","",'HVAC Worksheet'!AJ61) | AHK7: =IF('HVAC Worksheet'!AP61="","",'HVAC Worksheet'!AP61) | AHL7: =IF('HVAC Worksheet'!AR61="","",'HVAC Worksheet'!AR61) | AHM7: =IF('HVAC Worksheet'!AY61="","",'HVAC Worksheet'!AY61) | AHN7: =IF('HVAC Worksheet'!BA61="","",'HVAC Worksheet'!BA61) | AHO7: =IF('HVAC Worksheet'!BH61="","",'HVAC Worksheet'!BH61) | AHP7: =IF('HVAC Worksheet'!BV61="","",'HVAC Worksheet'!BV61) -> 0 | AHQ7: =IF('HVAC Worksheet'!BW61="","",'HVAC Worksheet'!BW61) -> 0 | AHR7: =IF('HVAC Worksheet'!B62="","",'HVAC Worksheet'!B62) | AHS7: =IF('HVAC Worksheet'!D62="","",'HVAC Worksheet'!D62) | AHT7: =IF('HVAC Worksheet'!F62="","",'HVAC Worksheet'!F62) | AHU7: =IF('HVAC Worksheet'!AD62="","",'HVAC Worksheet'!AD62) | AHV7: =IF('HVAC Worksheet'!AI62="","",'HVAC Worksheet'!AI62) | AHW7: =IF('HVAC Worksheet'!AJ62="","",'HVAC Worksheet'!AJ62) | AHX7: =IF('HVAC Worksheet'!AP62="","",'HVAC Worksheet'!AP62) | AHY7: =IF('HVAC Worksheet'!AR62="","",'HVAC Worksheet'!AR62) | AHZ7: =IF('HVAC Worksheet'!AY62="","",'HVAC Worksheet'!AY62) | AIA7: =IF('HVAC Worksheet'!BA62="","",'HVAC Worksheet'!BA62) | AIB7: =IF('HVAC Worksheet'!BH62="","",'HVAC Worksheet'!BH62) | AIC7: =IF('HVAC Worksheet'!BV62="","",'HVAC Worksheet'!BV62) -> 0 | AID7: =IF('HVAC Worksheet'!BW62="","",'HVAC Worksheet'!BW62) -> 0 | AIE7: =IF('Controls Worksheet'!B10="","",'Controls Worksheet'!B10) | AIF7: =IF('Controls Worksheet'!I10="","",'Controls Worksheet'!I10) | AIG7: =IF('Controls Worksheet'!AJ10="","",'Controls Worksheet'!AJ10) -> FALSE | AIH7: =IF('Controls Worksheet'!AO10="","",'Controls Worksheet'!AO10) -> FALSE | AII7: =IF('Controls Worksheet'!AL10="","",'Controls Worksheet'!AL10) -> FALSE | AIJ7: =IF('Controls Worksheet'!AM10="","",'Controls Worksheet'!AM10) -> FALSE | AIK7: =IF('Controls Worksheet'!AK10="","",'Controls Worksheet'!AK10) | AIL7: =IF('Controls Worksheet'!AD10="","",'Controls Worksheet'!AD10) -> 0 | AIM7: =IF('Controls Worksheet'!AF10="","",'Controls Worksheet'!AF10) | AIN7: =IF('Controls Worksheet'!AP10="","",'Controls Worksheet'!AP10) -> 0 | AIO7: =IF('Controls Worksheet'!AQ10="","",'Controls Worksheet'!AQ10) -> 0 | AIP7: =IF('Controls Worksheet'!B11="","",'Controls Worksheet'!B11) | AIQ7: =IF('Controls Worksheet'!I11="","",'Controls Worksheet'!I11) | AIR7: =IF('Controls Worksheet'!AJ11="","",'Controls Worksheet'!AJ11) -> FALSE | AIS7: =IF('Controls Worksheet'!AO11="","",'Controls Worksheet'!AO11) -> FALSE | AIT7: =IF('Controls Worksheet'!AL11="","",'Controls Worksheet'!AL11) -> FALSE | AIU7: =IF('Controls Worksheet'!AM11="","",'Controls Worksheet'!AM11) -> FALSE | AIV7: =IF('Controls Worksheet'!AK11="","",'Controls Worksheet'!AK11) | AIW7: =IF('Controls Worksheet'!AD11="","",'Controls Worksheet'!AD11) -> 0 | AIX7: =IF('Controls Worksheet'!AF11="","",'Controls Worksheet'!AF11) | AIY7: =IF('Controls Worksheet'!AP11="","",'Controls Worksheet'!AP11) -> 0 | AIZ7: =IF('Controls Worksheet'!AQ11="","",'Controls Worksheet'!AQ11) -> 0 | AJA7: =IF('Controls Worksheet'!B12="","",'Controls Worksheet'!B12) | AJB7: =IF('Controls Worksheet'!I12="","",'Controls Worksheet'!I12) | AJC7: =IF('Controls Worksheet'!AJ12="","",'Controls Worksheet'!AJ12) -> FALSE | AJD7: =IF('Controls Worksheet'!AO12="","",'Controls Worksheet'!AO12) -> FALSE | AJE7: =IF('Controls Worksheet'!AL12="","",'Controls Worksheet'!AL12) -> FALSE | AJF7: =IF('Controls Worksheet'!AM12="","",'Controls Worksheet'!AM12) -> FALSE | AJG7: =IF('Controls Worksheet'!AK12="","",'Controls Worksheet'!AK12) | AJH7: =IF('Controls Worksheet'!AD12="","",'Controls Worksheet'!AD12) -> 0 | AJI7: =IF('Controls Worksheet'!AF12="","",'Controls Worksheet'!AF12) | AJJ7: =IF('Controls Worksheet'!AP12="","",'Controls Worksheet'!AP12) -> 0 | AJK7: =IF('Controls Worksheet'!AQ12="","",'Controls Worksheet'!AQ12) -> 0 | AJL7: =IF('Controls Worksheet'!B13="","",'Controls Worksheet'!B13) | AJM7: =IF('Controls Worksheet'!I13="","",'Controls Worksheet'!I13) | AJN7: =IF('Controls Worksheet'!AJ13="","",'Controls Worksheet'!AJ13) -> FALSE | AJO7: =IF('Controls Worksheet'!AO13="","",'Controls Worksheet'!AO13) -> FALSE | AJP7: =IF('Controls Worksheet'!AL13="","",'Controls Worksheet'!AL13) -> FALSE | AJQ7: =IF('Controls Worksheet'!AM13="","",'Controls Worksheet'!AM13) -> FALSE | AJR7: =IF('Controls Worksheet'!AK13="","",'Controls Worksheet'!AK13) | AJS7: =IF('Controls Worksheet'!AD13="","",'Controls Worksheet'!AD13) -> 0 | AJT7: =IF('Controls Worksheet'!AF13="","",'Controls Worksheet'!AF13) | AJU7: =IF('Controls Worksheet'!AP13="","",'Controls Worksheet'!AP13) -> 0 | AJV7: =IF('Controls Worksheet'!AQ13="","",'Controls Worksheet'!AQ13) -> 0 | AJW7: =IF('Controls Worksheet'!B14="","",'Controls Worksheet'!B14) | AJX7: =IF('Controls Worksheet'!I14="","",'Controls Worksheet'!I14) | AJY7: =IF('Controls Worksheet'!AJ14="","",'Controls Worksheet'!AJ14) -> FALSE | AJZ7: =IF('Controls Worksheet'!AO14="","",'Controls Worksheet'!AO14) -> FALSE | AKA7: =IF('Controls Worksheet'!AL14="","",'Controls Worksheet'!AL14) -> FALSE | AKB7: =IF('Controls Worksheet'!AM14="","",'Controls Worksheet'!AM14) -> FALSE | AKC7: =IF('Controls Worksheet'!AK14="","",'Controls Worksheet'!AK14) | AKD7: =IF('Controls Worksheet'!AD14="","",'Controls Worksheet'!AD14) -> 0 | AKE7: =IF('Controls Worksheet'!AF14="","",'Controls Worksheet'!AF14) | AKF7: =IF('Controls Worksheet'!AP14="","",'Controls Worksheet'!AP14) -> 0 | AKG7: =IF('Controls Worksheet'!AQ14="","",'Controls Worksheet'!AQ14) -> 0 | AKH7: =IF('Controls Worksheet'!B15="","",'Controls Worksheet'!B15) | AKI7: =IF('Controls Worksheet'!I15="","",'Controls Worksheet'!I15) | AKJ7: =IF('Controls Worksheet'!AJ15="","",'Controls Worksheet'!AJ15) -> FALSE | AKK7: =IF('Controls Worksheet'!AO15="","",'Controls Worksheet'!AO15) -> FALSE | AKL7: =IF('Controls Worksheet'!AL15="","",'Controls Worksheet'!AL15) -> FALSE | AKM7: =IF('Controls Worksheet'!AM15="","",'Controls Worksheet'!AM15) -> FALSE | AKN7: =IF('Controls Worksheet'!AK15="","",'Controls Worksheet'!AK15) | AKO7: =IF('Controls Worksheet'!AD15="","",'Controls Worksheet'!AD15) -> 0 | AKP7: =IF('Controls Worksheet'!AF15="","",'Controls Worksheet'!AF15) | AKQ7: =IF('Controls Worksheet'!AP15="","",'Controls Worksheet'!AP15) -> 0 | AKR7: =IF('Controls Worksheet'!AQ15="","",'Controls Worksheet'!AQ15) -> 0 | AKS7: =IF('Controls Worksheet'!B22="","",'Controls Worksheet'!B22) | AKT7: =IF('Controls Worksheet'!E22="","",'Controls Worksheet'!E22) | AKU7: =IF('Controls Worksheet'!M22="","",'Controls Worksheet'!M22) | AKV7: =IF('Controls Worksheet'!U22="","",'Controls Worksheet'!U22) | AKW7: =IF('Controls Worksheet'!AC22="","",'Controls Worksheet'!AC22) | AKX7: =IF('Controls Worksheet'!AJ22="","",'Controls Worksheet'!AJ22) -> FALSE | AKY7: =IF('Controls Worksheet'!AF22="Compliant?",0,'Controls Worksheet'!AF22) | AKZ7: =IF('Controls Worksheet'!AP22="","",'Controls Worksheet'!AP22) -> 0 | ALA7: =IF('Controls Worksheet'!B23="","",'Controls Worksheet'!B23) | ALB7: =IF('Controls Worksheet'!E23="","",'Controls Worksheet'!E23) | ALC7: =IF('Controls Worksheet'!M23="","",'Controls Worksheet'!M23) | ALD7: =IF('Controls Worksheet'!U23="","",'Controls Worksheet'!U23) | ALE7: =IF('Controls Worksheet'!AC23="","",'Controls Worksheet'!AC23) | ALF7: =IF('Controls Worksheet'!AJ23="","",'Controls Worksheet'!AJ23) -> FALSE | ALG7: =IF('Controls Worksheet'!AF23="Compliant?",0,'Controls Worksheet'!AF23) | ALH7: =IF('Controls Worksheet'!AP23="","",'Controls Worksheet'!AP23) -> 0 | ALI7: =IF('Controls Worksheet'!B24="","",'Controls Worksheet'!B24) | ALJ7: =IF('Controls Worksheet'!E24="","",'Controls Worksheet'!E24) | ALK7: =IF('Controls Worksheet'!M24="","",'Controls Worksheet'!M24) | ALL7: =IF('Controls Worksheet'!U24="","",'Controls Worksheet'!U24) | ALM7: =IF('Controls Worksheet'!AC24="","",'Controls Worksheet'!AC24) | ALN7: =IF('Controls Worksheet'!AJ24="","",'Controls Worksheet'!AJ24) -> FALSE | ALO7: =IF('Controls Worksheet'!AF24="Compliant?",0,'Controls Worksheet'!AF24) | ALP7: =IF('Controls Worksheet'!AP24="","",'Controls Worksheet'!AP24) -> 0 | ALQ7: =IF('Controls Worksheet'!B25="","",'Controls Worksheet'!B25) | ALR7: =IF('Controls Worksheet'!E25="","",'Controls Worksheet'!E25) | ALS7: =IF('Controls Worksheet'!M25="","",'Controls Worksheet'!M25) | ALT7: =IF('Controls Worksheet'!U25="","",'Controls Worksheet'!U25) | ALU7: =IF('Controls Worksheet'!AC25="","",'Controls Worksheet'!AC25) | ALV7: =IF('Controls Worksheet'!AJ25="","",'Controls Worksheet'!AJ25) -> FALSE | ALW7: =IF('Controls Worksheet'!AF25="Compliant?",0,'Controls Worksheet'!AF25) | ALX7: =IF('Controls Worksheet'!AP25="","",'Controls Worksheet'!AP25) -> 0 | ALY7: =IF('Controls Worksheet'!B26="","",'Controls Worksheet'!B26) | ALZ7: =IF('Controls Worksheet'!E26="","",'Controls Worksheet'!E26) | AMA7: =IF('Controls Worksheet'!M26="","",'Controls Worksheet'!M26) | AMB7: =IF('Controls Worksheet'!U26="","",'Controls Worksheet'!U26) | AMC7: =IF('Controls Worksheet'!AC26="","",'Controls Worksheet'!AC26) | AMD7: =IF('Controls Worksheet'!AJ26="","",'Controls Worksheet'!AJ26) -> FALSE | AME7: =IF('Controls Worksheet'!AF26="Compliant?",0,'Controls Worksheet'!AF26) | AMF7: =IF('Controls Worksheet'!AP26="","",'Controls Worksheet'!AP26) -> 0 | AMG7: =IF('Controls Worksheet'!B27="","",'Controls Worksheet'!B27) | AMH7: =IF('Controls Worksheet'!E27="","",'Controls Worksheet'!E27) | AMI7: =IF('Controls Worksheet'!M27="","",'Controls Worksheet'!M27) | AMJ7: =IF('Controls Worksheet'!U27="","",'Controls Worksheet'!U27) | AMK7: =IF('Controls Worksheet'!AC27="","",'Controls Worksheet'!AC27) | AML7: =IF('Controls Worksheet'!AJ27="","",'Controls Worksheet'!AJ27) -> FALSE | AMM7: =IF('Controls Worksheet'!AF27="Compliant?",0,'Controls Worksheet'!AF27) | AMN7: =IF('Controls Worksheet'!AP27="","",'Controls Worksheet'!AP27) -> 0 | AMO7: =IF('Controls Worksheet'!B28="","",'Controls Worksheet'!B28) | AMP7: =IF('Controls Worksheet'!E28="","",'Controls Worksheet'!E28) | AMQ7: =IF('Controls Worksheet'!M28="","",'Controls Worksheet'!M28) | AMR7: =IF('Controls Worksheet'!U28="","",'Controls Worksheet'!U28) | AMS7: =IF('Controls Worksheet'!AC28="","",'Controls Worksheet'!AC28) | AMT7: =IF('Controls Worksheet'!AJ28="","",'Controls Worksheet'!AJ28) -> FALSE | AMU7: =IF('Controls Worksheet'!AF28="Compliant?",0,'Controls Worksheet'!AF28) | AMV7: =IF('Controls Worksheet'!AP28="","",'Controls Worksheet'!AP28) -> 0 | AMW7: =IF('Controls Worksheet'!B29="","",'Controls Worksheet'!B29) | AMX7: =IF('Controls Worksheet'!E29="","",'Controls Worksheet'!E29) | AMY7: =IF('Controls Worksheet'!M29="","",'Controls Worksheet'!M29) | AMZ7: =IF('Controls Worksheet'!U29="","",'Controls Worksheet'!U29) | ANA7: =IF('Controls Worksheet'!AC29="","",'Controls Worksheet'!AC29) | ANB7: =IF('Controls Worksheet'!AJ29="","",'Controls Worksheet'!AJ29) -> FALSE | ANC7: =IF('Controls Worksheet'!AF29="Compliant?",0,'Controls Worksheet'!AF29) | AND7: =IF('Controls Worksheet'!AP29="","",'Controls Worksheet'!AP29) -> 0 | ANE7: =IF('Controls Worksheet'!B30="","",'Controls Worksheet'!B30) | ANF7: =IF('Controls Worksheet'!E30="","",'Controls Worksheet'!E30) | ANG7: =IF('Controls Worksheet'!M30="","",'Controls Worksheet'!M30) | ANH7: =IF('Controls Worksheet'!U30="","",'Controls Worksheet'!U30) | ANI7: =IF('Controls Worksheet'!AC30="","",'Controls Worksheet'!AC30) | ANJ7: =IF('Controls Worksheet'!AJ30="","",'Controls Worksheet'!AJ30) -> FALSE | ANK7: =IF('Controls Worksheet'!AF30="Compliant?",0,'Controls Worksheet'!AF30) | ANL7: =IF('Controls Worksheet'!AP30="","",'Controls Worksheet'!AP30) -> 0 | ANM7: =IF('Controls Worksheet'!B31="","",'Controls Worksheet'!B31) | ANN7: =IF('Controls Worksheet'!E31="","",'Controls Worksheet'!E31) | ANO7: =IF('Controls Worksheet'!M31="","",'Controls Worksheet'!M31) | ANP7: =IF('Controls Worksheet'!U31="","",'Controls Worksheet'!U31) | ANQ7: =IF('Controls Worksheet'!AC31="","",'Controls Worksheet'!AC31) | ANR7: =IF('Controls Worksheet'!AJ31="","",'Controls Worksheet'!AJ31) -> FALSE | ANS7: =IF('Controls Worksheet'!AF31="Compliant?",0,'Controls Worksheet'!AF31) | ANT7: =IF('Controls Worksheet'!AP31="","",'Controls Worksheet'!AP31) -> 0 | ANU7: =IF('Controls Worksheet'!B32="","",'Controls Worksheet'!B32) | ANV7: =IF('Controls Worksheet'!E32="","",'Controls Worksheet'!E32) | ANW7: =IF('Controls Worksheet'!M32="","",'Controls Worksheet'!M32) | ANX7: =IF('Controls Worksheet'!U32="","",'Controls Worksheet'!U32) | ANY7: =IF('Controls Worksheet'!AC32="","",'Controls Worksheet'!AC32) | ANZ7: =IF('Controls Worksheet'!AJ32="","",'Controls Worksheet'!AJ32) -> FALSE | AOA7: =IF('Controls Worksheet'!AF32="Compliant?",0,'Controls Worksheet'!AF32) | AOB7: =IF('Controls Worksheet'!AP32="","",'Controls Worksheet'!AP32) -> 0 | AOC7: =IF('Controls Worksheet'!B33="","",'Controls Worksheet'!B33) | AOD7: =IF('Controls Worksheet'!E33="","",'Controls Worksheet'!E33) | AOE7: =IF('Controls Worksheet'!M33="","",'Controls Worksheet'!M33) | AOF7: =IF('Controls Worksheet'!U33="","",'Controls Worksheet'!U33) | AOG7: =IF('Controls Worksheet'!AC33="","",'Controls Worksheet'!AC33) | AOH7: =IF('Controls Worksheet'!AJ33="","",'Controls Worksheet'!AJ33) -> FALSE | AOI7: =IF('Controls Worksheet'!AF33="Compliant?",0,'Controls Worksheet'!AF33) | AOJ7: =IF('Controls Worksheet'!AP33="","",'Controls Worksheet'!AP33) -> 0 | AOK7: =IF('Controls Worksheet'!B34="","",'Controls Worksheet'!B34) | AOL7: =IF('Controls Worksheet'!E34="","",'Controls Worksheet'!E34) | AOM7: =IF('Controls Worksheet'!M34="","",'Controls Worksheet'!M34) | AON7: =IF('Controls Worksheet'!U34="","",'Controls Worksheet'!U34) | AOO7: =IF('Controls Worksheet'!AC34="","",'Controls Worksheet'!AC34) | AOP7: =IF('Controls Worksheet'!AJ34="","",'Controls Worksheet'!AJ34) -> FALSE | AOQ7: =IF('Controls Worksheet'!AF34="Compliant?",0,'Controls Worksheet'!AF34) | AOR7: =IF('Controls Worksheet'!AP34="","",'Controls Worksheet'!AP34) -> 0 | AOS7: =IF('Controls Worksheet'!B35="","",'Controls Worksheet'!B35) | AOT7: =IF('Controls Worksheet'!E35="","",'Controls Worksheet'!E35) | AOU7: =IF('Controls Worksheet'!M35="","",'Controls Worksheet'!M35) | AOV7: =IF('Controls Worksheet'!U35="","",'Controls Worksheet'!U35) | AOW7: =IF('Controls Worksheet'!AC35="","",'Controls Worksheet'!AC35) | AOX7: =IF('Controls Worksheet'!AJ35="","",'Controls Worksheet'!AJ35) -> FALSE | AOY7: =IF('Controls Worksheet'!AF35="Compliant?",0,'Controls Worksheet'!AF35) | AOZ7: =IF('Controls Worksheet'!AP35="","",'Controls Worksheet'!AP35) -> 0 | APA7: =IF('Controls Worksheet'!B36="","",'Controls Worksheet'!B36) | APB7: =IF('Controls Worksheet'!E36="","",'Controls Worksheet'!E36) | APC7: =IF('Controls Worksheet'!M36="","",'Controls Worksheet'!M36) | APD7: =IF('Controls Worksheet'!U36="","",'Controls Worksheet'!U36) | APE7: =IF('Controls Worksheet'!AC36="","",'Controls Worksheet'!AC36) | APF7: =IF('Controls Worksheet'!AJ36="","",'Controls Worksheet'!AJ36) -> FALSE | APG7: =IF('Controls Worksheet'!AF36="Compliant?",0,'Controls Worksheet'!AF36) | APH7: =IF('Controls Worksheet'!AP36="","",'Controls Worksheet'!AP36) -> 0 | API7: =IF('Final Application'!AK145="","",'Final Application'!AK145) -> FALSE | APJ7: =IF('Final Application'!W145="","",'Final Application'!W145) | APK7: =IF('Final Application'!AK146="","",'Final Application'!AK146) -> FALSE | APL7: =IF('Final Application'!AL146="","",'Final Application'!AL146) -> FALSE | APM7: =IF(OR('Final Application'!AF145="Chk Box",'Final Application'!AF145="Chk Box"),0,'Final Application'!AF145) | APN7: =IF('Final Application'!AM145="","",'Final Application'!AM145) -> 0 | APO7: =IF('Final Application'!AN145="","",'Final Application'!AN145) -> 0
A8: Admin Form | KX8: HVAC Worksheet | AIE8: Controls Worksheet
H9: PassPort Notes and Comments pre-determined in CLRIS. To update, contact Steve. | KX9: A1: | ACA9: A2: | AIE9: C1:
KX10: 1 | LQ10: 2 | MJ10: 3 | NC10: 4 | NV10: 5 | OO10: 6 | PH10: 7 | QA10: 8 | QT10: 9 | RM10: 10 | SF10: 11 | SY10: 12 | TR10: 13 | UK10: 14 | VD10: 15 | ACA10: 1 | ACT10: 2 | ADM10: 3 | AEF10: 4 | AEY10: 5 | AIE10: 1 | AIP10: 2 | AJA10: 3 | AJL10: 4 | AJW10: 5 | AKH10: 6
KX11: =SUM(KF10:KX10) -> 1 | KY11: =SUM(KG10:KY10) -> 1 | KZ11: =SUM(KH10:KZ10) -> 1 | LA11: =SUM(KI10:LA10) -> 1 | LB11: =SUM(KJ10:LB10) -> 1 | LC11: =SUM(KK10:LC10) -> 1 | LD11: =SUM(KL10:LD10) -> 1 | LE11: =SUM(KM10:LE10) -> 1 | ... VV11: =SUM(VD10:VV10) -> 15 | ACA11: =SUM(ABI10:ACA10) -> 1 | ACB11: =SUM(ABJ10:ACB10) -> 1 | ACC11: =SUM(ABK10:ACC10) -> 1 | ACD11: =SUM(ABL10:ACD10) -> 1 | ACE11: =SUM(ABM10:ACE10) -> 1 | ACF11: =SUM(ABN10:ACF10) -> 1 | ACG11: =SUM(ABO10:ACG10) -> 1 | ACH11: =SUM(ABP10:ACH10) -> 1 | ... AFQ11: =SUM(AEY10:AFQ10) -> 5 | AIE11: =SUM(AHW10:AIE10) -> 1 | AIF11: =SUM(AHX10:AIF10) -> 1 | AIG11: =SUM(AHY10:AIG10) -> 1 | AIH11: =SUM(AHY10:AIH10) -> 1 | AII11: =SUM(AHZ10:AII10) -> 1 | AIJ11: =SUM(AIA10:AIJ10) -> 1 | AIK11: =SUM(AIA10:AIK10) -> 1 | AIL11: =SUM(AIB10:AIL10) -> 1 | AIM11: =SUM(AIC10:AIM10) -> 1 | AIN11: =SUM(AID10:AIN10) -> 1 | AIO11: =SUM(AIE10:AIO10) -> 1 | AIP11: =SUM(AIF10:AIP10) -> 2 | AIQ11: =SUM(AIG10:AIQ10) -> 2 | AIR11: =SUM(AIH10:AIR10) -> 2 | ... AKR11: =SUM(AKH10:AKR10) -> 6
KX13: -Qty | KY13: -Tons | KZ13: -Type (use drop-down menu) | LA13: -Heating Section Type | LB13: -Split or Single | LC13: -Model / Designation | LD13: -Actual Eff. EER/SEER | LE13: -Efficiency Units (EER/SEER) | LF13: -Actual Eff. EER/IEER | LG13: -Efficiency Units (EER/IEER) | LH13: -Tier 1 Min Elig. (EER/SEER) | LI13: -Tier 1 Min Elig. (EER/IEER) | LJ13: -Tier 1 Qualified | LK13: -Tier 2 Min Elig. (EER/SEER) | LL13: -Tier 2 Min Elig. (EER/IEER) | LM13: -Tier 2 Qualified | LN13: -Incentive | LO13: -kWh Savings | LP13: -kW Reduction | LQ13: =KX13 -> -Qty | LR13: =KY13 -> -Tons | LS13: =KZ13 -> -Type (use drop-down menu) | LT13: =LA13 -> -Heating Section Type | LU13: =LB13 -> -Split or Single | LV13: =LC13 -> -Model / Designation | LW13: =LD13 -> -Actual Eff. EER/SEER | LX13: =LE13 -> -Efficiency Units (EER/SEER) | ... VV13: =VC13 -> -kW Reduction | ACA13: -Qty | ACB13: -Tons | ACC13: -Type (use drop-down menu) | ACD13: -Heating Section Type | ACE13: -Subcategory | ACF13: -Model / Designation | ACG13: -Actual Eff. EER/SEER | ACH13: -Efficiency Units (EER/SEER) | ACI13: -Actual Eff. EER/IEER | ACJ13: -Efficiency Units (EER/IEER) | ACK13: -Tier 1 Min Elig. (EER/SEER) | ACL13: -Tier 1 Min Elig. (EER/IEER) | ACM13: -Tier 1 Qualified | ACN13: -Tier 2 Min Elig. (EER/SEER) | ACO13: -Tier 2 Min Elig. (EER/IEER) | ACP13: -Tier 2 Qualified | ACQ13: -Incentive | ACR13: -kWh Savings | ACS13: -kW Reduction | ACT13: =ACA13 -> -Qty | ACU13: =ACB13 -> -Tons | ACV13: =ACC13 -> -Type (use drop-down menu) | ACW13: =ACD13 -> -Heating Section Type | ACX13: =ACE13 -> -Subcategory | ACY13: =ACF13 -> -Model / Designation | ACZ13: =ACG13 -> -Actual Eff. EER/SEER | ADA13: =ACH13 -> -Efficiency Units (EER/SEER) | ... AFQ13: =AEX13 -> -kW Reduction | AIE13: -Type of System | AIF13: -Cooling Load | AIG13: -Opt Start/Stop | AIH13: -Chiller Water Reset | AII13: -DCV | AIJ13: -SA Reset | AIK13: -Cond Water Reset (Not in use) | AIL13: -No. of Strategies | AIM13: -Incentive | AIN13: -kWh savings | AIO13: -kW reduction | AIP13: =AIE13 -> -Type of System | AIQ13: =AIF13 -> -Cooling Load | AIR13: =AIG13 -> -Opt Start/Stop | AIS13: =AIH13 -> -Chiller Water Reset | AIT13: =AII13 -> -DCV | AIU13: =AIJ13 -> -SA Reset | AIV13: =AIK13 -> -Cond Water Reset (Not in use) | AIW13: =AIL13 -> -No. of Strategies | ... AKR13: =AKG13 -> -kW reduction
KX14: =$KX$9&KX11&KX13 -> A1: 1-Qty | KY14: =$KX$9&KY11&KY13 -> A1: 1-Tons | KZ14: =$KX$9&KZ11&KZ13 -> A1: 1-Type (use drop-down menu) | LA14: =$KX$9&LA11&LA13 -> A1: 1-Heating Section Type | LB14: =$KX$9&LB11&LB13 -> A1: 1-Split or Single | LC14: =$KX$9&LC11&LC13 -> A1: 1-Model / Designation | LD14: =$KX$9&LD11&LD13 -> A1: 1-Actual Eff. EER/SEER | LE14: =$KX$9&LE11&LE13 -> A1: 1-Efficiency Units (EER/SEER) | ... VV14: =$KX$9&VV11&VV13 -> A1: 15-kW Reduction | ACA14: =$ACA$9&ACA11&ACA13 -> A2: 1-Qty | ACB14: =$ACA$9&ACB11&ACB13 -> A2: 1-Tons | ACC14: =$ACA$9&ACC11&ACC13 -> A2: 1-Type (use drop-down menu) | ACD14: =$ACA$9&ACD11&ACD13 -> A2: 1-Heating Section Type | ACE14: =$ACA$9&ACE11&ACE13 -> A2: 1-Subcategory | ACF14: =$ACA$9&ACF11&ACF13 -> A2: 1-Model / Designation | ACG14: =$ACA$9&ACG11&ACG13 -> A2: 1-Actual Eff. EER/SEER | ACH14: =$ACA$9&ACH11&ACH13 -> A2: 1-Efficiency Units (EER/SEER) | ... AFQ14: =$ACA$9&AFQ11&AFQ13 -> A2: 5-kW Reduction | AIE14: =$AIE$9&AIE11&AIE13 -> C1: 1-Type of System | AIF14: =$AIE$9&AIF11&AIF13 -> C1: 1-Cooling Load | AIG14: =$AIE$9&AIG11&AIG13 -> C1: 1-Opt Start/Stop | AIH14: =$AIE$9&AIH11&AIH13 -> C1: 1-Chiller Water Reset | AII14: =$AIE$9&AII11&AII13 -> C1: 1-DCV | AIJ14: =$AIE$9&AIJ11&AIJ13 -> C1: 1-SA Reset | AIK14: =$AIE$9&AIK11&AIK13 -> C1: 1-Cond Water Reset (Not in use) | AIL14: =$AIE$9&AIL11&AIL13 -> C1: 1-No. of Strategies | ... AKR14: =$AIE$9&AKR11&AKR13 -> C1: 6-kW reduction
KX16: B | KY16: D | KZ16: F | LA16: R | LB16: W | LC16: AD | LD16: AI | LE16: AJ | LF16: AK | LG16: AL | LH16: AN | LI16: AP | LJ16: AS | LK16: AU | LL16: AW | LM16: AY | LN16: BB | LO16: BP | LP16: BQ | LQ16: =KX16 -> B | LR16: =KY16 -> D | LS16: =KZ16 -> F | LT16: =LA16 -> R | LU16: =LB16 -> W | LV16: =LC16 -> AD | LW16: =LD16 -> AI | LX16: =LE16 -> AJ | ... VV16: =VC16 -> BQ | ACA16: B | ACB16: D | ACC16: F | ACD16: R | ACE16: W | ACF16: AD | ACG16: AI | ACH16: AJ | ACI16: AK | ACJ16: AL | ACK16: AN | ACL16: AP | ACM16: AS | ACN16: AU | ACO16: AW | ACP16: AY | ACQ16: BB | ACR16: BP | ACS16: BQ | ACT16: =ACA16 -> B | ACU16: =ACB16 -> D | ACV16: =ACC16 -> F | ACW16: =ACD16 -> R | ACX16: =ACE16 -> W | ACY16: =ACF16 -> AD | ACZ16: =ACG16 -> AI | ADA16: =ACH16 -> AJ | ... AFQ16: =AEX16 -> BQ | AIE16: B | AIF16: I | AIG16: AJ | AIH16: AO | AII16: AL | AIJ16: AM | AIK16: AK | AIL16: AD | AIM16: AF | AIN16: AP | AIO16: AQ | AIP16: =AIE16 -> B | AIQ16: =AIF16 -> I | AIR16: =AIG16 -> AJ | AIS16: =AIH16 -> AO | AIT16: =AII16 -> AL | AIU16: =AIJ16 -> AM | AIV16: =AIK16 -> AK | AIW16: =AIL16 -> AD | ... AKR16: =AKG16 -> AQ
KX17: =KX11+9 -> 10 | KY17: =KY11+9 -> 10 | KZ17: =KZ11+9 -> 10 | LA17: =LA11+9 -> 10 | LB17: =LB11+9 -> 10 | LC17: =LC11+9 -> 10 | LD17: =LD11+9 -> 10 | LE17: =LE11+9 -> 10 | ... VV17: =VV11+9 -> 24 | ACA17: =ACA11+44 -> 45 | ACB17: =ACB11+44 -> 45 | ACC17: =ACC11+44 -> 45 | ACD17: =ACD11+44 -> 45 | ACE17: =ACE11+44 -> 45 | ACF17: =ACF11+44 -> 45 | ACG17: =ACG11+44 -> 45 | ACH17: =ACH11+44 -> 45 | ... AFQ17: =AFQ11+44 -> 49 | AIE17: =AIE11+9 -> 10 | AIF17: =AIF11+9 -> 10 | AIG17: =AIG11+9 -> 10 | AIH17: =AIH11+9 -> 10 | AII17: =AII11+9 -> 10 | AIJ17: =AIJ11+9 -> 10 | AIK17: =AIK11+9 -> 10 | AIL17: =AIL11+9 -> 10 | ... AKR17: =AKR11+9 -> 15
KX19: =CONCATENATE("=IF('HVAC Worksheet'!",KX16,KX17,"=","""""",","""",","'HVAC Worksheet'!",KX16,KX17,")") -> =IF('HVAC Worksheet'!B10="","",'HVAC Worksheet'!B10) | KY19: =CONCATENATE("=IF('HVAC Worksheet'!",KY16,KY17,"=","""""",","""",","'HVAC Worksheet'!",KY16,KY17,")") -> =IF('HVAC Worksheet'!D10="","",'HVAC Worksheet'!D10) | KZ19: =CONCATENATE("=IF('HVAC Worksheet'!",KZ16,KZ17,"=","""""",","""",","'HVAC Worksheet'!",KZ16,KZ17,")") -> =IF('HVAC Worksheet'!F10="","",'HVAC Worksheet'!F10) | LA19: =CONCATENATE("=IF('HVAC Worksheet'!",LA16,LA17,"=","""""",","""",","'HVAC Worksheet'!",LA16,LA17,")") -> =IF('HVAC Worksheet'!R10="","",'HVAC Worksheet'!R10) | LB19: =CONCATENATE("=IF('HVAC Worksheet'!",LB16,LB17,"=","""""",","""",","'HVAC Worksheet'!",LB16,LB17,")") -> =IF('HVAC Worksheet'!W10="","",'HVAC Worksheet'!W10) | LC19: =CONCATENATE("=IF('HVAC Worksheet'!",LC16,LC17,"=","""""",","""",","'HVAC Worksheet'!",LC16,LC17,")") -> =IF('HVAC Worksheet'!AD10="","",'HVAC Worksheet'!AD10) | LD19: =CONCATENATE("=IF('HVAC Worksheet'!",LD16,LD17,"=","""""",","""",","'HVAC Worksheet'!",LD16,LD17,")") -> =IF('HVAC Worksheet'!AI10="","",'HVAC Worksheet'!AI10) | LE19: =CONCATENATE("=IF('HVAC Worksheet'!",LE16,LE17,"=","""""",","""",","'HVAC Worksheet'!",LE16,LE17,")") -> =IF('HVAC Worksheet'!AJ10="","",'HVAC Worksheet'!AJ10) | ... VV19: =CONCATENATE("=IF('HVAC Worksheet'!",VV16,VV17,"=","""""",","""",","'HVAC Worksheet'!",VV16,VV17,")") -> =IF('HVAC Worksheet'!BQ24="","",'HVAC Worksheet'!BQ24) | ACA19: =CONCATENATE("=IF('HVAC Worksheet'!",ACA16,ACA17,"=","""""",","""",","'HVAC Worksheet'!",ACA16,ACA17,")") -> =IF('HVAC Worksheet'!B45="","",'HVAC Worksheet'!B45) | ACB19: =CONCATENATE("=IF('HVAC Worksheet'!",ACB16,ACB17,"=","""""",","""",","'HVAC Worksheet'!",ACB16,ACB17,")") -> =IF('HVAC Worksheet'!D45="","",'HVAC Worksheet'!D45) | ACC19: =CONCATENATE("=IF('HVAC Worksheet'!",ACC16,ACC17,"=","""""",","""",","'HVAC Worksheet'!",ACC16,ACC17,")") -> =IF('HVAC Worksheet'!F45="","",'HVAC Worksheet'!F45) | ACD19: =CONCATENATE("=IF('HVAC Worksheet'!",ACD16,ACD17,"=","""""",","""",","'HVAC Worksheet'!",ACD16,ACD17,")") -> =IF('HVAC Worksheet'!R45="","",'HVAC Worksheet'!R45) | ACE19: =CONCATENATE("=IF('HVAC Worksheet'!",ACE16,ACE17,"=","""""",","""",","'HVAC Worksheet'!",ACE16,ACE17,")") -> =IF('HVAC Worksheet'!W45="","",'HVAC Worksheet'!W45) | ACF19: =CONCATENATE("=IF('HVAC Worksheet'!",ACF16,ACF17,"=","""""",","""",","'HVAC Worksheet'!",ACF16,ACF17,")") -> =IF('HVAC Worksheet'!AD45="","",'HVAC Worksheet'!AD45) | ACG19: =CONCATENATE("=IF('HVAC Worksheet'!",ACG16,ACG17,"=","""""",","""",","'HVAC Worksheet'!",ACG16,ACG17,")") -> =IF('HVAC Worksheet'!AI45="","",'HVAC Worksheet'!AI45) | ACH19: =CONCATENATE("=IF('HVAC Worksheet'!",ACH16,ACH17,"=","""""",","""",","'HVAC Worksheet'!",ACH16,ACH17,")") -> =IF('HVAC Worksheet'!AJ45="","",'HVAC Worksheet'!AJ45) | ... AFQ19: =CONCATENATE("=IF('HVAC Worksheet'!",AFQ16,AFQ17,"=","""""",","""",","'HVAC Worksheet'!",AFQ16,AFQ17,")") -> =IF('HVAC Worksheet'!BQ49="","",'HVAC Worksheet'!BQ49) | AIE19: =CONCATENATE("=IF('Controls Worksheet'!",AIE16,AIE17,"=","""""",","""",","'Controls Worksheet'!",AIE16,AIE17,")") -> =IF('Controls Worksheet'!B10="","",'Controls Worksheet'!B10) | AIF19: =CONCATENATE("=IF('Controls Worksheet'!",AIF16,AIF17,"=","""""",","""",","'Controls Worksheet'!",AIF16,AIF17,")") -> =IF('Controls Worksheet'!I10="","",'Controls Worksheet'!I10) | AIG19: =CONCATENATE("=IF('Controls Worksheet'!",AIG16,AIG17,"=","""""",","""",","'Controls Worksheet'!",AIG16,AIG17,")") -> =IF('Controls Worksheet'!AJ10="","",'Controls Worksheet'!AJ10) | AIH19: =CONCATENATE("=IF('Controls Worksheet'!",AIH16,AIH17,"=","""""",","""",","'Controls Worksheet'!",AIH16,AIH17,")") -> =IF('Controls Worksheet'!AO10="","",'Controls Worksheet'!AO10) | AII19: =CONCATENATE("=IF('Controls Worksheet'!",AII16,AII17,"=","""""",","""",","'Controls Worksheet'!",AII16,AII17,")") -> =IF('Controls Worksheet'!AL10="","",'Controls Worksheet'!AL10) | AIJ19: =CONCATENATE("=IF('Controls Worksheet'!",AIJ16,AIJ17,"=","""""",","""",","'Controls Worksheet'!",AIJ16,AIJ17,")") -> =IF('Controls Worksheet'!AM10="","",'Controls Worksheet'!AM10) | AIK19: =CONCATENATE("=IF('Controls Worksheet'!",AIK16,AIK17,"=","""""",","""",","'Controls Worksheet'!",AIK16,AIK17,")") -> =IF('Controls Worksheet'!AK10="","",'Controls Worksheet'!AK10) | AIL19: =CONCATENATE("=IF('Controls Worksheet'!",AIL16,AIL17,"=","""""",","""",","'Controls Worksheet'!",AIL16,AIL17,")") -> =IF('Controls Worksheet'!AD10="","",'Controls Worksheet'!AD10) | ... AKR19: =CONCATENATE("=IF('Controls Worksheet'!",AKR16,AKR17,"=","""""",","""",","'Controls Worksheet'!",AKR16,AKR17,")") -> =IF('Controls Worksheet'!AQ15="","",'Controls Worksheet'!AQ15)
VW20: A1: | AFR20: A3: | AKS20: C3:
VW21: 1 | WM21: 2 | XC21: 3 | XS21: 4 | YI21: 5 | YY21: 6 | ZO21: 7 | AAE21: 8 | AAU21: 9 | ABK21: 10 | AFR21: 1 | AGE21: 2 | AGR21: 3 | AHE21: 4 | AHR21: 5 | AKS21: 1 | ALA21: 2 | ALI21: 3 | ALQ21: 4 | ALY21: 5 | AMG21: 6 | AMO21: 7 | AMW21: 8 | ANE21: 9 | ANM21: 10 | ANU21: 11 | AOC21: 12 | AOK21: 13 | AOS21: 14 | APA21: 15
VW22: =SUM(VH21:VW21) -> 1 | VX22: =SUM(VI21:VX21) -> 1 | VY22: =SUM(VJ21:VY21) -> 1 | VZ22: =SUM(VK21:VZ21) -> 1 | WA22: =SUM(VL21:WA21) -> 1 | WB22: =SUM(VM21:WB21) -> 1 | WC22: =SUM(VN21:WC21) -> 1 | WD22: =SUM(VO21:WD21) -> 1 | ... ABZ22: =SUM(ABK21:ABZ21) -> 10 | AFR22: =SUM(AFD21:AFR21) -> 1 | AFS22: =SUM(AFE21:AFS21) -> 1 | AFT22: =SUM(AFF21:AFT21) -> 1 | AFU22: =SUM(AFG21:AFU21) -> 1 | AFV22: =SUM(AFH21:AFV21) -> 1 | AFW22: =SUM(AFI21:AFW21) -> 1 | AFX22: =SUM(AFJ21:AFX21) -> 1 | AFY22: =SUM(AFL21:AFY21) -> 1 | AFZ22: =SUM(AFM21:AFZ21) -> 1 | AGA22: =SUM(AFO21:AGA21) -> 1 | AGB22: =SUM(AFP21:AGB21) -> 1 | AGC22: =SUM(AFQ21:AGC21) -> 1 | AGD22: =SUM(AFR21:AGD21) -> 1 | AGE22: =SUM(AFS21:AGE21) -> 2 | AGF22: =SUM(AFT21:AGF21) -> 2 | AGG22: =SUM(AFU21:AGG21) -> 2 | AGH22: =SUM(AFV21:AGH21) -> 2 | ... AID22: =SUM(AHR21:AID21) -> 5 | AKS22: =SUM(AKL21:AKS21) -> 1 | AKT22: =SUM(AKM21:AKT21) -> 1 | AKU22: =SUM(AKN21:AKU21) -> 1 | AKV22: =SUM(AKO21:AKV21) -> 1 | AKW22: =SUM(AKP21:AKW21) -> 1 | AKX22: =SUM(AKQ21:AKX21) -> 1 | AKY22: =SUM(AKR21:AKY21) -> 1 | AKZ22: =SUM(AKS21:AKZ21) -> 1 | ... APH22: =SUM(APA21:APH21) -> 15
VW23: -Qty | VX23: -Tons | VY23: -Type (use drop-down menu) | VZ23: -Heating Section Type | WA23: -Split or Single | WB23: -Model / Designation | WC23: -Actual Eff. EER/SEER | WD23: -Efficiency Units (EER/SEER) | WE23: -Actual Eff. EER/IEER | WF23: -Efficiency Units (EER/IEER) | WG23: -Tier 1 Min Elig. (EER/SEER) | WH23: -Tier 1 Min Elig. (EER/IEER) | WI23: -Tier 1 Qualified | WJ23: -Incentive | WK23: -kWh Savings | WL23: -kW Reduction | WM23: =VW23 -> -Qty | WN23: =VX23 -> -Tons | WO23: =VY23 -> -Type (use drop-down menu) | WP23: =VZ23 -> -Heating Section Type | WQ23: =WA23 -> -Split or Single | WR23: =WB23 -> -Model / Designation | WS23: =WC23 -> -Actual Eff. EER/SEER | WT23: =WD23 -> -Efficiency Units (EER/SEER) | ... ABZ23: =ABJ23 -> -kW Reduction | AFR23: -Qty | AFS23: -Tons | AFT23: -System Name | AFU23: -Model / Designation | AFV23: -Actual Eff. EER/kW/ton | AFW23: -Efficiency Units (EER/kW/ton) | AFX23: -Min Eligibility (Water Cooled) | AFY23: -Qualified (Water Cooled) | AFZ23: -Min Eligibility (Air Cooled) | AGA23: -Qualified (Air Cooled) | AGB23: -Incentive | AGC23: -kWh Savings | AGD23: -kW Reduction | AGE23: =AFR23 -> -Qty | AGF23: =AFS23 -> -Tons | AGG23: =AFT23 -> -System Name | AGH23: =AFU23 -> -Model / Designation | AGI23: =AFV23 -> -Actual Eff. EER/kW/ton | AGJ23: =AFW23 -> -Efficiency Units (EER/kW/ton) | AGK23: =AFX23 -> -Min Eligibility (Water Cooled) | AGL23: =AFY23 -> -Qualified (Water Cooled) | ... AID23: =AHQ23 -> -kW Reduction | AKS23: -Operating Hours | AKT23: -Motor Designation | AKU23: -Motor Type | AKV23: -VSD Model No. | AKW23: -Motor Power | AKX23: -IEEE Compliant | AKY23: -Incentive | AKZ23: -kWh savings | ALA23: =AKS23 -> -Operating Hours | ALB23: =AKT23 -> -Motor Designation | ALC23: =AKU23 -> -Motor Type | ALD23: =AKV23 -> -VSD Model No. | ALE23: =AKW23 -> -Motor Power | ALF23: =AKX23 -> -IEEE Compliant | ALG23: =AKY23 -> -Incentive | ALH23: =AKZ23 -> -kWh savings | ... APH23: =AOZ23 -> -kWh savings
VW24: =$VW$20&VW22&VW23 -> A1: 1-Qty | VX24: =$VW$20&VX22&VX23 -> A1: 1-Tons | VY24: =$VW$20&VY22&VY23 -> A1: 1-Type (use drop-down menu) | VZ24: =$VW$20&VZ22&VZ23 -> A1: 1-Heating Section Type | WA24: =$VW$20&WA22&WA23 -> A1: 1-Split or Single | WB24: =$VW$20&WB22&WB23 -> A1: 1-Model / Designation | WC24: =$VW$20&WC22&WC23 -> A1: 1-Actual Eff. EER/SEER | WD24: =$VW$20&WD22&WD23 -> A1: 1-Efficiency Units (EER/SEER) | ... WL24: =$VW$20&WL22&WL23 -> A1: 1-kW Reduction | WM24: =$KX$9&WM22&WM23 -> A1: 2-Qty | WN24: =$KX$9&WN22&WN23 -> A1: 2-Tons | WO24: =$KX$9&WO22&WO23 -> A1: 2-Type (use drop-down menu) | WP24: =$KX$9&WP22&WP23 -> A1: 2-Heating Section Type | WQ24: =$KX$9&WQ22&WQ23 -> A1: 2-Split or Single | WR24: =$KX$9&WR22&WR23 -> A1: 2-Model / Designation | WS24: =$KX$9&WS22&WS23 -> A1: 2-Actual Eff. EER/SEER | WT24: =$KX$9&WT22&WT23 -> A1: 2-Efficiency Units (EER/SEER) | ... ABZ24: =$KX$9&ABZ22&ABZ23 -> A1: 10-kW Reduction | AFR24: =$AFR$20&AFR22&AFR23 -> A3: 1-Qty | AFS24: =$AFR$20&AFS22&AFS23 -> A3: 1-Tons | AFT24: =$AFR$20&AFT22&AFT23 -> A3: 1-System Name | AFU24: =$AFR$20&AFU22&AFU23 -> A3: 1-Model / Designation | AFV24: =$AFR$20&AFV22&AFV23 -> A3: 1-Actual Eff. EER/kW/ton | AFW24: =$AFR$20&AFW22&AFW23 -> A3: 1-Efficiency Units (EER/kW/ton) | AFX24: =$AFR$20&AFX22&AFX23 -> A3: 1-Min Eligibility (Water Cooled) | AFY24: =$AFR$20&AFY22&AFY23 -> A3: 1-Qualified (Water Cooled) | ... AID24: =$AFR$20&AID22&AID23 -> A3: 5-kW Reduction | AKS24: =$AKS$20&AKS22&AKS23 -> C3: 1-Operating Hours | AKT24: =$AKS$20&AKT22&AKT23 -> C3: 1-Motor Designation | AKU24: =$AKS$20&AKU22&AKU23 -> C3: 1-Motor Type | AKV24: =$AKS$20&AKV22&AKV23 -> C3: 1-VSD Model No. | AKW24: =$AKS$20&AKW22&AKW23 -> C3: 1-Motor Power | AKX24: =$AKS$20&AKX22&AKX23 -> C3: 1-IEEE Compliant | AKY24: =$AKS$20&AKY22&AKY23 -> C3: 1-Incentive | AKZ24: =$AKS$20&AKZ22&AKZ23 -> C3: 1-kWh savings | ... APH24: =$AKS$20&APH22&APH23 -> C3: 15-kWh savings
VW25: B | VX25: D | VY25: F | VZ25: R | WA25: W | WB25: AD | WC25: AI | WD25: AJ | WE25: AK | WF25: AL | WG25: AN | WH25: AP | WI25: AS | WJ25: BB | WK25: BP | WL25: BQ | WM25: =VW25 -> B | WN25: =VX25 -> D | WO25: =VY25 -> F | WP25: =VZ25 -> R | WQ25: =WA25 -> W | WR25: =WB25 -> AD | WS25: =WC25 -> AI | WT25: =WD25 -> AJ | ... ABZ25: =ABJ25 -> BQ | AFR25: B | AFS25: D | AFT25: F | AFU25: AD | AFV25: AI | AFW25: AJ | AFX25: AN | AFY25: AP | AFZ25: AU | AGA25: AW | AGB25: BB | AGC25: BP | AGD25: BQ | AGE25: =AFR25 -> B | AGF25: =AFS25 -> D | AGG25: =AFT25 -> F | AGH25: =AFU25 -> AD | AGI25: =AFV25 -> AI | AGJ25: =AFW25 -> AJ | AGK25: =AFX25 -> AN | AGL25: =AFY25 -> AP | ... AID25: =AHQ25 -> BQ | AKS25: B | AKT25: E | AKU25: M | AKV25: U | AKW25: AC | AKX25: AJ | AKY25: AF | AKZ25: AP | ALA25: =AKS25 -> B | ALB25: =AKT25 -> E | ALC25: =AKU25 -> M | ALD25: =AKV25 -> U | ALE25: =AKW25 -> AC | ALF25: =AKX25 -> AJ | ALG25: =AKY25 -> AF | ALH25: =AKZ25 -> AP | ... APH25: =AOZ25 -> AP
VW26: =VW22+28 -> 29 | VX26: =VX22+28 -> 29 | VY26: =VY22+28 -> 29 | VZ26: =VZ22+28 -> 29 | WA26: =WA22+28 -> 29 | WB26: =WB22+28 -> 29 | WC26: =WC22+28 -> 29 | WD26: =WD22+28 -> 29 | ... ABZ26: =ABZ22+28 -> 38 | AFR26: =AFR22+57 -> 58 | AFS26: =AFS22+57 -> 58 | AFT26: =AFT22+57 -> 58 | AFU26: =AFU22+57 -> 58 | AFV26: =AFV22+57 -> 58 | AFW26: =AFW22+57 -> 58 | AFX26: =AFX22+57 -> 58 | AFY26: =AFY22+57 -> 58 | ... AID26: =AID22+57 -> 62 | AKS26: =AKS22+21 -> 22 | AKT26: =AKT22+21 -> 22 | AKU26: =AKU22+21 -> 22 | AKV26: =AKV22+21 -> 22 | AKW26: =AKW22+21 -> 22 | AKX26: =AKX22+21 -> 22 | AKY26: =AKY22+21 -> 22 | AKZ26: =AKZ22+21 -> 22 | ... APH26: =APH22+21 -> 36
VW27: =CONCATENATE("=IF('HVAC Worksheet'!",VW25,VW26,"=","""""",","""",","'HVAC Worksheet'!",VW25,VW26,")") -> =IF('HVAC Worksheet'!B29="","",'HVAC Worksheet'!B29) | VX27: =CONCATENATE("=IF('HVAC Worksheet'!",VX25,VX26,"=","""""",","""",","'HVAC Worksheet'!",VX25,VX26,")") -> =IF('HVAC Worksheet'!D29="","",'HVAC Worksheet'!D29) | VY27: =CONCATENATE("=IF('HVAC Worksheet'!",VY25,VY26,"=","""""",","""",","'HVAC Worksheet'!",VY25,VY26,")") -> =IF('HVAC Worksheet'!F29="","",'HVAC Worksheet'!F29) | VZ27: =CONCATENATE("=IF('HVAC Worksheet'!",VZ25,VZ26,"=","""""",","""",","'HVAC Worksheet'!",VZ25,VZ26,")") -> =IF('HVAC Worksheet'!R29="","",'HVAC Worksheet'!R29) | WA27: =CONCATENATE("=IF('HVAC Worksheet'!",WA25,WA26,"=","""""",","""",","'HVAC Worksheet'!",WA25,WA26,")") -> =IF('HVAC Worksheet'!W29="","",'HVAC Worksheet'!W29) | WB27: =CONCATENATE("=IF('HVAC Worksheet'!",WB25,WB26,"=","""""",","""",","'HVAC Worksheet'!",WB25,WB26,")") -> =IF('HVAC Worksheet'!AD29="","",'HVAC Worksheet'!AD29) | WC27: =CONCATENATE("=IF('HVAC Worksheet'!",WC25,WC26,"=","""""",","""",","'HVAC Worksheet'!",WC25,WC26,")") -> =IF('HVAC Worksheet'!AI29="","",'HVAC Worksheet'!AI29) | WD27: =CONCATENATE("=IF('HVAC Worksheet'!",WD25,WD26,"=","""""",","""",","'HVAC Worksheet'!",WD25,WD26,")") -> =IF('HVAC Worksheet'!AJ29="","",'HVAC Worksheet'!AJ29) | ... ABZ27: =CONCATENATE("=IF('HVAC Worksheet'!",ABZ25,ABZ26,"=","""""",","""",","'HVAC Worksheet'!",ABZ25,ABZ26,")") -> =IF('HVAC Worksheet'!BQ38="","",'HVAC Worksheet'!BQ38) | AFR27: =CONCATENATE("=IF('HVAC Worksheet'!",AFR25,AFR26,"=","""""",","""",","'HVAC Worksheet'!",AFR25,AFR26,")") -> =IF('HVAC Worksheet'!B58="","",'HVAC Worksheet'!B58) | AFS27: =CONCATENATE("=IF('HVAC Worksheet'!",AFS25,AFS26,"=","""""",","""",","'HVAC Worksheet'!",AFS25,AFS26,")") -> =IF('HVAC Worksheet'!D58="","",'HVAC Worksheet'!D58) | AFT27: =CONCATENATE("=IF('HVAC Worksheet'!",AFT25,AFT26,"=","""""",","""",","'HVAC Worksheet'!",AFT25,AFT26,")") -> =IF('HVAC Worksheet'!F58="","",'HVAC Worksheet'!F58) | AFU27: =CONCATENATE("=IF('HVAC Worksheet'!",AFU25,AFU26,"=","""""",","""",","'HVAC Worksheet'!",AFU25,AFU26,")") -> =IF('HVAC Worksheet'!AD58="","",'HVAC Worksheet'!AD58) | AFV27: =CONCATENATE("=IF('HVAC Worksheet'!",AFV25,AFV26,"=","""""",","""",","'HVAC Worksheet'!",AFV25,AFV26,")") -> =IF('HVAC Worksheet'!AI58="","",'HVAC Worksheet'!AI58) | AFW27: =CONCATENATE("=IF('HVAC Worksheet'!",AFW25,AFW26,"=","""""",","""",","'HVAC Worksheet'!",AFW25,AFW26,")") -> =IF('HVAC Worksheet'!AJ58="","",'HVAC Worksheet'!AJ58) | AFX27: =CONCATENATE("=IF('HVAC Worksheet'!",AFX25,AFX26,"=","""""",","""",","'HVAC Worksheet'!",AFX25,AFX26,")") -> =IF('HVAC Worksheet'!AN58="","",'HVAC Worksheet'!AN58) | AFY27: =CONCATENATE("=IF('HVAC Worksheet'!",AFY25,AFY26,"=","""""",","""",","'HVAC Worksheet'!",AFY25,AFY26,")") -> =IF('HVAC Worksheet'!AP58="","",'HVAC Worksheet'!AP58) | ... AID27: =CONCATENATE("=IF('HVAC Worksheet'!",AID25,AID26,"=","""""",","""",","'HVAC Worksheet'!",AID25,AID26,")") -> =IF('HVAC Worksheet'!BQ62="","",'HVAC Worksheet'!BQ62) | AKS27: "" | AKT27: "" | AKU27: "" | AKV27: "" | AKW27: "" | AKX27: "" | AKY27: "Compliant?" | AKZ27: "" | ALA27: =AKS27 -> "" | ALB27: =AKT27 -> "" | ALC27: =AKU27 -> "" | ALD27: =AKV27 -> "" | ALE27: =AKW27 -> "" | ALF27: =AKX27 -> "" | ALG27: =AKY27 -> "Compliant?" | ALH27: =AKZ27 -> "" | ... APH27: =AOZ27 -> ""
AKS28: "" | AKT28: "" | AKU28: "" | AKV28: "" | AKW28: "" | AKX28: "" | AKY28: 0 | AKZ28: "" | ALA28: =AKS28 -> "" | ALB28: =AKT28 -> "" | ALC28: =AKU28 -> "" | ALD28: =AKV28 -> "" | ALE28: =AKW28 -> "" | ALF28: =AKX28 -> "" | ALG28: =AKY28 -> 0 | ALH28: =AKZ28 -> "" | ... APH28: =AOZ28 -> ""
AKS29: =CONCATENATE("=IF('Controls Worksheet'!",AKS25,AKS26,"=",AKS27,",",AKS28,",","'Controls Worksheet'!",AKS25,AKS26,")") -> =IF('Controls Worksheet'!B22="","",'Controls Worksheet'!B22) | AKT29: =CONCATENATE("=IF('Controls Worksheet'!",AKT25,AKT26,"=",AKT27,",",AKT28,",","'Controls Worksheet'!",AKT25,AKT26,")") -> =IF('Controls Worksheet'!E22="","",'Controls Worksheet'!E22) | AKU29: =CONCATENATE("=IF('Controls Worksheet'!",AKU25,AKU26,"=",AKU27,",",AKU28,",","'Controls Worksheet'!",AKU25,AKU26,")") -> =IF('Controls Worksheet'!M22="","",'Controls Worksheet'!M22) | AKV29: =CONCATENATE("=IF('Controls Worksheet'!",AKV25,AKV26,"=",AKV27,",",AKV28,",","'Controls Worksheet'!",AKV25,AKV26,")") -> =IF('Controls Worksheet'!U22="","",'Controls Worksheet'!U22) | AKW29: =CONCATENATE("=IF('Controls Worksheet'!",AKW25,AKW26,"=",AKW27,",",AKW28,",","'Controls Worksheet'!",AKW25,AKW26,")") -> =IF('Controls Worksheet'!AC22="","",'Controls Worksheet'!AC22) | AKX29: =CONCATENATE("=IF('Controls Worksheet'!",AKX25,AKX26,"=",AKX27,",",AKX28,",","'Controls Worksheet'!",AKX25,AKX26,")") -> =IF('Controls Worksheet'!AJ22="","",'Controls Worksheet'!AJ22) | AKY29: =CONCATENATE("=IF('Controls Worksheet'!",AKY25,AKY26,"=",AKY27,",",AKY28,",","'Controls Worksheet'!",AKY25,AKY26,")") -> =IF('Controls Worksheet'!AF22="Compliant?",0,'Controls Worksheet'!AF22) | AKZ29: =CONCATENATE("=IF('Controls Worksheet'!",AKZ25,AKZ26,"=",AKZ27,",",AKZ28,",","'Controls Worksheet'!",AKZ25,AKZ26,")") -> =IF('Controls Worksheet'!AP22="","",'Controls Worksheet'!AP22) | ... APH29: =CONCATENATE("=IF('Controls Worksheet'!",APH25,APH26,"=",APH27,",",APH28,",","'Controls Worksheet'!",APH25,APH26,")") -> =IF('Controls Worksheet'!AP36="","",'Controls Worksheet'!AP36)
A31: =SUBSTITUTE(ADDRESS(1,COLUMN(),4),"1","") -> A | B31: =SUBSTITUTE(ADDRESS(1,COLUMN(),4),"1","") -> B | C31: =SUBSTITUTE(ADDRESS(1,COLUMN(),4),"1","") -> C | D31: =SUBSTITUTE(ADDRESS(1,COLUMN(),4),"1","") -> D | E31: =SUBSTITUTE(ADDRESS(1,COLUMN(),4),"1","") -> E | F31: =SUBSTITUTE(ADDRESS(1,COLUMN(),4),"1","") -> F | G31: =SUBSTITUTE(ADDRESS(1,COLUMN(),4),"1","") -> G | H31: =SUBSTITUTE(ADDRESS(1,COLUMN(),4),"1","") -> H | ... APH31: =SUBSTITUTE(ADDRESS(1,COLUMN(),4),"1","") -> APH

Sheet Incent Calc Table
B2: New Construction & Major Renovations
B3: 2021 Incentive Program | D3: not used in 2021 app
B5: Applicant Name: | C5: =IF('Final Application'!B7="","Enter Applicant Name in Final App Tab",'Final Application'!B7) -> Enter Applicant Name in Final App Tab
B6: Application Number: | C6: =IF('Data Extraction'!A7="","Enter Application # in Data Extraction Tab",'Data Extraction'!A7) -> Enter Application # in Data Extraction Tab
B7: Account Number: | C7: ='Final Application'!T7 -> 0 | F7: Date: | G7: =TODAY() -> 46294
B9: Measure | D9: kW Red | E9: kWh Svgs | F9: Incentive | G9: cost/kWh
B10: ='Final Application'!C68 -> L1 - Interior Light Load Red. | D10: =IF('Final Application'!AN68=0,"",'Final Application'!AN68) | E10: =IF('Final Application'!AM68=0,"",'Final Application'!AM68) | F10: =IF(OR('Final Application'!AF68="Chk Box",'Final Application'!AF68="ID Only",'Final Application'!AF68="Not Eligible"),"",'Final Application'!AF68) | G10: =IF(OR(E10=0,E10=""),"",F10/E10)
B11: ='Final Application'!C69 -> L2 - Exterior Light Load Red. | D11: =IF('Final Application'!AN69=0,"",'Final Application'!AN69) | E11: =IF('Final Application'!AM69=0,"",'Final Application'!AM69) | F11: =IF(OR('Final Application'!AF69="Chk Box",'Final Application'!AF69="ID Only",'Final Application'!AF69="Not Eligible"),"",'Final Application'!AF69) | G11: =IF(OR(E11=0,E11=""),"",F11/E11)
B12: ='Final Application'!C70 -> L3a - LLLC Interior (Networked) | D12: =IF('Final Application'!AN70=0,"",'Final Application'!AN70) | E12: =IF('Final Application'!AM70=0,"",'Final Application'!AM70) | F12: =IF(OR('Final Application'!AF70="Chk Box",'Final Application'!AF70="ID Only",'Final Application'!AF70="Not Eligible"),"",'Final Application'!AF70) | G12: =IF(OR(E12=0,E12=""),"",F12/E12)
B13: ='Final Application'!C72 -> L3b - LLLC Exterior (Networked) | D13: =IF('Final Application'!AN72=0,"",'Final Application'!AN72) | E13: =IF('Final Application'!AM72=0,"",'Final Application'!AM72) | F13: =IF(OR('Final Application'!AF72="Chk Box",'Final Application'!AF72="ID Only",'Final Application'!AF72="Not Eligible"),"",'Final Application'!AF72) | G13: =IF(OR(E13=0,E13=""),"",F13/E13)
B14: ='Final Application'!C74 -> L4 - Occupancy Sensors | D14: =IF('Final Application'!AN74=0,"",'Final Application'!AN74) | E14: =IF('Final Application'!AM74=0,"",'Final Application'!AM74) | F14: =IF(OR('Final Application'!AF74="Chk Box",'Final Application'!AF74="ID Only",'Final Application'!AF74="Not Eligible"),"",'Final Application'!AF74) | G14: =IF(OR(E14=0,E14=""),"",F14/E14)
B15: ='Final Application'!C75 -> L5 - High Efficiency Exit Signs | D15: =IF('Final Application'!AN75=0,"",'Final Application'!AN75) | E15: =IF('Final Application'!AM75=0,"",'Final Application'!AM75) | F15: =IF(OR('Final Application'!AF75="Chk Box",'Final Application'!AF75="ID Only",'Final Application'!AF75="Not Eligible"),"",'Final Application'!AF75) | G15: =IF(OR(E15=0,E15=""),"",F15/E15)
B16: Lighting Sub | D16: =IF(SUM(D10:D15)=0,"",SUM(D10:D15)) | E16: =IF(SUM(E10:E15)=0,"",SUM(E10:E15)) | F16: =IF(SUM(F10:F15)=0,"",SUM(F10:F15)) | G16: =IF(OR(E16=0,E16=""),"",F16/E16)
B18: ='Final Application'!C83 -> A1 - Efficient AC & HP Units | D18: =IF('Final Application'!AN83=0,"",'Final Application'!AN83) | E18: =IF('Final Application'!AM83=0,"",'Final Application'!AM83) | F18: =IF(OR('Final Application'!AF83="Chk Box",'Final Application'!AF83="ID Only",'Final Application'!AF83="Not Eligible"),"",'Final Application'!AF83) | G18: =IF(OR(E18=0,E18=""),"",F18/E18)
B19: ='Final Application'!C84 -> A2 - Efficient VRF Units | D19: =IF('Final Application'!AN84=0,"",'Final Application'!AN84) | E19: =IF('Final Application'!AM84=0,"",'Final Application'!AM84) | F19: =IF(OR('Final Application'!AF84="Chk Box",'Final Application'!AF84="ID Only",'Final Application'!AF84="Not Eligible"),"",'Final Application'!AF84) | G19: =IF(OR(E19=0,E19=""),"",F19/E19)
B20: ='Final Application'!C85 -> A3 - Efficient Chillers | D20: =IF('Final Application'!AN85=0,"",'Final Application'!AN85) | E20: =IF('Final Application'!AM85=0,"",'Final Application'!AM85) | F20: =IF(OR('Final Application'!AF85="Chk Box",'Final Application'!AF85="ID Only",'Final Application'!AF85="Not Eligible"),"",'Final Application'!AF85) | G20: =IF(OR(E20=0,E20=""),"",F20/E20)
B21: ='Final Application'!C86 -> A4a - Economizer (Air Cooled) | D21: =IF('Final Application'!AN86=0,"",'Final Application'!AN86) | E21: =IF('Final Application'!AM86=0,"",'Final Application'!AM86) | F21: =IF(OR('Final Application'!AF86="Chk Box",'Final Application'!AF86="ID Only",'Final Application'!AF86="Not Eligible"),"",'Final Application'!AF86) | G21: =IF(OR(E21=0,E21=""),"",F21/E21)
B22: ='Final Application'!C87 -> A4b - Economizer (Water Cooled) | D22: =IF('Final Application'!AN87=0,"",'Final Application'!AN87) | E22: =IF('Final Application'!AM87=0,"",'Final Application'!AM87) | F22: =IF(OR('Final Application'!AF87="Chk Box",'Final Application'!AF87="ID Only",'Final Application'!AF87="Not Eligible"),"",'Final Application'!AF87) | G22: =IF(OR(E22=0,E22=""),"",F22/E22)
B23: ='Final Application'!C88 -> A5a - Heat/Energy Recovery Ventilation (AC w/gas heat) | D23: =IF('Final Application'!AN88=0,"",'Final Application'!AN88) | E23: =IF('Final Application'!AM88=0,"",'Final Application'!AM88) | F23: =IF(OR('Final Application'!AF88="Chk Box",'Final Application'!AF88="ID Only",'Final Application'!AF88="Not Eligible"),"",'Final Application'!AF88) | G23: =IF(OR(E23=0,E23=""),"",F23/E23)
B24: ='Final Application'!C89 -> A5b - Heat/Energy Recovery Ventilation (AC w/electric resistance) | D24: =IF('Final Application'!AN89=0,"",'Final Application'!AN89) | E24: =IF('Final Application'!AM89=0,"",'Final Application'!AM89) | F24: =IF(OR('Final Application'!AF89="Chk Box",'Final Application'!AF89="ID Only",'Final Application'!AF89="Not Eligible"),"",'Final Application'!AF89) | G24: =IF(OR(E24=0,E24=""),"",F24/E24)
B25: ='Final Application'!C90 -> A5c - Heat/Energy Recovery Ventilation (Heat Pump) | D25: =IF('Final Application'!AN90=0,"",'Final Application'!AN90) | E25: =IF('Final Application'!AM90=0,"",'Final Application'!AM90) | F25: =IF(OR('Final Application'!AF90="Chk Box",'Final Application'!AF90="ID Only",'Final Application'!AF90="Not Eligible"),"",'Final Application'!AF90) | G25: =IF(OR(E25=0,E25=""),"",F25/E25)
B26: ='Final Application'!C91 -> A6 - High Volume Low Speed Fans | D26: =IF('Final Application'!AN91=0,"",'Final Application'!AN91) | E26: =IF('Final Application'!AM91=0,"",'Final Application'!AM91) | F26: =IF(OR('Final Application'!AF91="Chk Box",'Final Application'!AF91="ID Only",'Final Application'!AF91="Not Eligible"),"",'Final Application'!AF91) | G26: =IF(OR(E26=0,E26=""),"",F26/E26)
B27: HVAC Sub | D27: =IF(SUM(D18:D26)=0,"",SUM(D18:D26)) | E27: =IF(SUM(E18:E26)=0,"",SUM(E18:E26)) | F27: =IF(SUM(F18:F26)=0,"",SUM(F18:F26)) | G27: =IF(OR(E27=0,E27=""),"",F27/E27)
B29: ='Final Application'!C96 -> B1 - Reflective Roof Treatment | D29: =IF('Final Application'!AN96=0,"",'Final Application'!AN96) | E29: =IF('Final Application'!AM96=0,"",'Final Application'!AM96) | F29: =IF(OR('Final Application'!AF96="Chk Box",'Final Application'!AF96="ID Only",'Final Application'!AF96="Not Eligible"),"",'Final Application'!AF96) | G29: =IF(OR(E29=0,E29=""),"",F29/E29)
B30: Building Shell Sub | D30: =IF(SUM(D29)=0,"",SUM(D29)) | E30: =IF(SUM(E29)=0,"",SUM(E29)) | F30: =IF(SUM(F29)=0,"",SUM(F29)) | G30: =IF(OR(E30=0,E30=""),"",F30/E30)
B32: ='Final Application'!C101 -> C1 - Energy Management Control Systems | D32: =IF('Final Application'!AN101=0,"",'Final Application'!AN101) | E32: =IF('Final Application'!AM101=0,"",'Final Application'!AM101) | F32: =IF(OR('Final Application'!AF101="Chk Box",'Final Application'!AF101="ID Only",'Final Application'!AF101="Not Eligible"),"",'Final Application'!AF101) | G32: =IF(OR(E32=0,E32=""),"",F32/E32)
B33: =LEFT('Final Application'!C102,20) -> C2 - Guest Room EMS | D33: =IF('Final Application'!AN102=0,"",'Final Application'!AN102) | E33: =IF('Final Application'!AM102=0,"",'Final Application'!AM102) | F33: =IF(OR('Final Application'!AF102="Chk Box",'Final Application'!AF102="ID Only",'Final Application'!AF102="Not Eligible"),"",'Final Application'!AF102) | G33: =IF(OR(E33=0,E33=""),"",F33/E33)
B34: ='Final Application'!C103 -> C3 - HVAC Variable Speed Drives | D34: =IF('Final Application'!AN103=0,"",'Final Application'!AN103) | E34: =IF('Final Application'!AM103=0,"",'Final Application'!AM103) | F34: =IF(OR('Final Application'!AF103="Chk Box",'Final Application'!AF103="ID Only",'Final Application'!AF103="Not Eligible"),"",'Final Application'!AF103) | G34: =IF(OR(E34=0,E34=""),"",F34/E34)
B35: ='Final Application'!C104 -> C4 - Onion/Potato Shed Ventilation Variable Speed Drive (Conditioned Space) | D35: =IF('Final Application'!AN104=0,"",'Final Application'!AN104) | E35: =IF('Final Application'!AM104=0,"",'Final Application'!AM104) | F35: =IF(OR('Final Application'!AF104="Chk Box",'Final Application'!AF104="ID Only",'Final Application'!AF104="Not Eligible"),"",'Final Application'!AF104) | G35: =IF(OR(E35=0,E35=""),"",F35/E35)
B36: ='Final Application'!C105 -> C5 - Onion/Potato Shed Ventilation Variable Speed Drive (Unconditioned Space) | D36: =IF('Final Application'!AN105=0,"",'Final Application'!AN105) | E36: =IF('Final Application'!AM105=0,"",'Final Application'!AM105) | F36: =IF(OR('Final Application'!AF105="Chk Box",'Final Application'!AF105="ID Only",'Final Application'!AF105="Not Eligible"),"",'Final Application'!AF105) | G36: =IF(OR(E36=0,E36=""),"",F36/E36)
B37: ='Final Application'!C106 -> C6 - Dairy Vacuum Pump Variable Speed Drive* | D37: =IF('Final Application'!AN106=0,"",'Final Application'!AN106) | E37: =IF('Final Application'!AM106=0,"",'Final Application'!AM106) | F37: =IF(OR('Final Application'!AF106="Chk Box",'Final Application'!AF106="ID Only",'Final Application'!AF106="Not Eligible"),"",'Final Application'!AF106) | G37: =IF(OR(E37=0,E37=""),"",F37/E37)
B38: ='Final Application'!C107 -> C7 - Dairy/Milk Transfer Pump | D38: =IF('Final Application'!AN107=0,"",'Final Application'!AN107) | E38: =IF('Final Application'!AM107=0,"",'Final Application'!AM107) | F38: =IF(OR('Final Application'!AF107="Chk Box",'Final Application'!AF107="ID Only",'Final Application'!AF107="Not Eligible"),"",'Final Application'!AF107) | G38: =IF(OR(E38=0,E38=""),"",F38/E38)
B39: Controls Sub | D39: =IF(SUM(D32:D38)=0,"",SUM(D32:D38)) | E39: =IF(SUM(E32:E38)=0,"",SUM(E32:E38)) | F39: =IF(SUM(F32:F38)=0,"",SUM(F32:F38)) | G39: =IF(OR(E39=0,E39=""),"",F39/E39)
B41: ='Final Application'!C112 -> W1 - ENERGY STAR® Efficient Laundry Machines | D41: =IF('Final Application'!AN112=0,"",'Final Application'!AN112) | E41: =IF('Final Application'!AM112=0,"",'Final Application'!AM112) | F41: =IF(OR('Final Application'!AF112="Chk Box",'Final Application'!AF112="ID Only",'Final Application'!AF112="Not Eligible"),"",'Final Application'!AF112) | G41: =IF(OR(E41=0,E41=""),"",F41/E41)
B42: ='Final Application'!C113 -> G1 - High Efficiency Grain Dryer | D42: =IF('Final Application'!AN113=0,"",'Final Application'!AN113) | E42: =IF('Final Application'!AM113=0,"",'Final Application'!AM113) | F42: =IF(OR('Final Application'!AF113="Chk Box",'Final Application'!AF113="ID Only",'Final Application'!AF113="Not Eligible"),"",'Final Application'!AF113) | G42: =IF(OR(E42=0,E42=""),"",F42/E42)
B43: ='Final Application'!C114 -> I1b - ENERGY STAR Ice Machine ≥ 200 lbs/day | D43: =IF('Final Application'!AN114=0,"",'Final Application'!AN114) | E43: =IF('Final Application'!AM114=0,"",'Final Application'!AM114) | F43: =IF(OR('Final Application'!AF114="Chk Box",'Final Application'!AF114="ID Only",'Final Application'!AF114="Not Eligible"),"",'Final Application'!AF114) | G43: =IF(OR(E43=0,E43=""),"",F43/E43)
B44: ='Final Application'!C115 -> E1a - Stationary Pump Driven Circulating Block Heater ≤ 200 kW | D44: =IF('Final Application'!AN115=0,"",'Final Application'!AN115) | E44: =IF('Final Application'!AM115=0,"",'Final Application'!AM115) | F44: =IF(OR('Final Application'!AF115="Chk Box",'Final Application'!AF115="ID Only",'Final Application'!AF115="Not Eligible"),"",'Final Application'!AF115) | G44: =IF(OR(E44=0,E44=""),"",F44/E44)
B45: ='Final Application'!C116 -> E1b - Stationary Pump Driven Circulating Block Heater 201-500 kW | D45: =IF('Final Application'!AN116=0,"",'Final Application'!AN116) | E45: =IF('Final Application'!AM116=0,"",'Final Application'!AM116) | F45: =IF(OR('Final Application'!AF116="Chk Box",'Final Application'!AF116="ID Only",'Final Application'!AF116="Not Eligible"),"",'Final Application'!AF116) | G45: =IF(OR(E45=0,E45=""),"",F45/E45)
B46: ='Final Application'!C117 -> E1c - Stationary Pump Driven Circulating Block Heater 501-1,000 kW | D46: =IF('Final Application'!AN117=0,"",'Final Application'!AN117) | E46: =IF('Final Application'!AM117=0,"",'Final Application'!AM117) | F46: =IF(OR('Final Application'!AF117="Chk Box",'Final Application'!AF117="ID Only",'Final Application'!AF117="Not Eligible"),"",'Final Application'!AF117) | G46: =IF(OR(E46=0,E46=""),"",F46/E46)
B47: ='Final Application'!C118 -> E2 - High Efficiency Battery Charger | D47: =IF('Final Application'!AN118=0,"",'Final Application'!AN118) | E47: =IF('Final Application'!AM118=0,"",'Final Application'!AM118) | F47: =IF(OR('Final Application'!AF118="Chk Box",'Final Application'!AF118="ID Only",'Final Application'!AF118="Not Eligible"),"",'Final Application'!AF118) | G47: =IF(OR(E47=0,E47=""),"",F47/E47)
B48: ='Final Application'!C120 -> E3a - Wall Mounted Block Heater Controls | D48: =IF('Final Application'!AN120=0,"",'Final Application'!AN120) | E48: =IF('Final Application'!AM120=0,"",'Final Application'!AM120) | F48: =IF(OR('Final Application'!AF120="Chk Box",'Final Application'!AF120="ID Only",'Final Application'!AF120="Not Eligible"),"",'Final Application'!AF120) | G48: =IF(OR(E48=0,E48=""),"",F48/E48)
B49: ='Final Application'!C121 -> E3b - Engine Mounted Block Heater Controls | D49: =IF('Final Application'!AN121=0,"",'Final Application'!AN121) | E49: =IF('Final Application'!AM121=0,"",'Final Application'!AM121) | F49: =IF(OR('Final Application'!AF121="Chk Box",'Final Application'!AF121="ID Only",'Final Application'!AF121="Not Eligible"),"",'Final Application'!AF121) | G49: =IF(OR(E49=0,E49=""),"",F49/E49)
B50: Appliances Sub | D50: =IF(SUM(D41:D49)=0,"",SUM(D41:D49)) | E50: =IF(SUM(E41:E49)=0,"",SUM(E41:E49)) | F50: =IF(SUM(F41:F49)=0,"",SUM(F41:F49)) | G50: =IF(OR(E50=0,E50=""),"",F50/E50)
B52: ='Final Application'!C126 -> R1 - No Heat Glass Doors for Low Temp Cases | D52: =IF('Final Application'!AN126=0,"",'Final Application'!AN126) | E52: =IF('Final Application'!AM126=0,"",'Final Application'!AM126) | F52: =IF(OR('Final Application'!AF126="Chk Box",'Final Application'!AF126="ID Only",'Final Application'!AF126="Not Eligible"),"",'Final Application'!AF126) | G52: =IF(OR(E52=0,E52=""),"",F52/E52)
B53: ='Final Application'!C127 -> R2a - Automatic High Speed Door: Between Refrigerator & Unrefrigerated Dock | D53: =IF('Final Application'!AN127=0,"",'Final Application'!AN127) | E53: =IF('Final Application'!AM127=0,"",'Final Application'!AM127) | F53: =IF(OR('Final Application'!AF127="Chk Box",'Final Application'!AF127="ID Only",'Final Application'!AF127="Not Eligible"),"",'Final Application'!AF127) | G53: =IF(OR(E53=0,E53=""),"",F53/E53)
B54: ='Final Application'!C128 -> R2b - Automatic High Speed Door: Between Freezer & Refrigerator | D54: =IF('Final Application'!AN128=0,"",'Final Application'!AN128) | E54: =IF('Final Application'!AM128=0,"",'Final Application'!AM128) | F54: =IF(OR('Final Application'!AF128="Chk Box",'Final Application'!AF128="ID Only",'Final Application'!AF128="Not Eligible"),"",'Final Application'!AF128) | G54: =IF(OR(E54=0,E54=""),"",F54/E54)
B55: ='Final Application'!C129 -> R2c - Automatic High Speed Door: Between Freezer & Unrefrigerated Dock | D55: =IF('Final Application'!AN129=0,"",'Final Application'!AN129) | E55: =IF('Final Application'!AM129=0,"",'Final Application'!AM129) | F55: =IF(OR('Final Application'!AF129="Chk Box",'Final Application'!AF129="ID Only",'Final Application'!AF129="Not Eligible"),"",'Final Application'!AF129) | G55: =IF(OR(E55=0,E55=""),"",F55/E55)
B56: ='Final Application'!C130 -> R3 - Evaporative Pre-coolers on Air-Cooled Condensers (Refrigeration)* | D56: =IF('Final Application'!AN130=0,"",'Final Application'!AN130) | E56: =IF('Final Application'!AM130=0,"",'Final Application'!AM130) | F56: =IF(OR('Final Application'!AF130="Chk Box",'Final Application'!AF130="ID Only",'Final Application'!AF130="Not Eligible"),"",'Final Application'!AF130) | G56: =IF(OR(E56=0,E56=""),"",F56/E56)
B57: Refrigeration Sub | D57: =IF(SUM(D52:D56)=0,"",SUM(D52:D56)) | E57: =IF(SUM(E52:E56)=0,"",SUM(E52:E56)) | F57: =IF(SUM(F52:F56)=0,"",SUM(F52:F56)) | G57: =IF(OR(E57=0,E57=""),"",F57/E57)
B59: ='Final Application'!C135 -> CA1 - Air Compressor Variable Speed Drives | D59: =IF('Final Application'!AN135=0,"",'Final Application'!AN135) | E59: =IF('Final Application'!AM135=0,"",'Final Application'!AM135) | F59: =IF(OR('Final Application'!AF135="Chk Box",'Final Application'!AF135="ID Only",'Final Application'!AF135="Not Eligible"),"",'Final Application'!AF135) | G59: =IF(OR(E59=0,E59=""),"",F59/E59)
B60: ='Final Application'!C136 -> CA2 - No Loss Condensate Drain | D60: =IF('Final Application'!AN136=0,"",'Final Application'!AN136) | E60: =IF('Final Application'!AM136=0,"",'Final Application'!AM136) | F60: =IF(OR('Final Application'!AF136="Chk Box",'Final Application'!AF136="ID Only",'Final Application'!AF136="Not Eligible"),"",'Final Application'!AF136) | G60: =IF(OR(E60=0,E60=""),"",F60/E60)
B61: ='Final Application'!C137 -> CA3 - Low Pressure Drop Filter | D61: =IF('Final Application'!AN137=0,"",'Final Application'!AN137) | E61: =IF('Final Application'!AM137=0,"",'Final Application'!AM137) | F61: =IF(OR('Final Application'!AF137="Chk Box",'Final Application'!AF137="ID Only",'Final Application'!AF137="Not Eligible"),"",'Final Application'!AF137) | G61: =IF(OR(E61=0,E61=""),"",F61/E61)
B62: ='Final Application'!C138 -> CA4 - Refrigerated Compressed Air Dryer | D62: =IF('Final Application'!AN138=0,"",'Final Application'!AN138) | E62: =IF('Final Application'!AM138=0,"",'Final Application'!AM138) | F62: =IF(OR('Final Application'!AF138="Chk Box",'Final Application'!AF138="ID Only",'Final Application'!AF138="Not Eligible"),"",'Final Application'!AF138) | G62: =IF(OR(E62=0,E62=""),"",F62/E62)
B63: ='Final Application'!C139 -> CA5 - Efficient Compressed Air Nozzle | D63: =IF('Final Application'!AN139=0,"",'Final Application'!AN139) | E63: =IF('Final Application'!AM139=0,"",'Final Application'!AM139) | F63: =IF(OR('Final Application'!AF139="Chk Box",'Final Application'!AF139="ID Only",'Final Application'!AF139="Not Eligible"),"",'Final Application'!AF139) | G63: =IF(OR(E63=0,E63=""),"",F63/E63)
B64: Compressed Air Equipment Sub | D64: =IF(SUM(D59:D63)=0,"",SUM(D59:D63)) | E64: =IF(SUM(E59:E63)=0,"",SUM(E59:E63)) | F64: =IF(SUM(F59:F63)=0,"",SUM(F59:F63)) | G64: =IF(OR(E64=0,E64=""),"",F64/E64)
B66: TOTALS | D66: =IF(SUM(D16,D27,D30,D39,D50,D57,D64)=0,"",SUM(D16,D27,D30,D39,D50,D57,D64)) | E66: =IF(SUM(E16,E27,E30,E39,E50,E57,E64)=0,"",SUM(E16,E27,E30,E39,E50,E57,E64)) | F66: =IF(SUM(F16,F27,F30,F39,F50,F57,F64)=0,"",SUM(F16,F27,F30,F39,F50,F57,F64)) | G66: =IF(OR(E66="",F66=""),"",IF(E66=0,"",F66/E66))

Sheet Welcome
B17: Idaho Power's Commercial & Industrial Energy Efficiency Program offers prescriptive incentives for energy efficient installation into new
B18: commercial construction projects and major renovations.
B20: Preliminary Application, Final Application, HVAC Worksheet & Controls Worksheet are the only pages that need to be filled out.
B22: Preliminary Application - The Preliminary Application must be submitted to Idaho Power before the project construction is completed.
B23: · Type in the requested information.
B24: · Fields with * are required and the application will not be accepted without this information provided.
B25: · Email addresses are required. Project correspondence will be sent via e-mail.
B26: · If you have energy savings beyond the prescriptive measures offered, please check the "Custom Projects" box and complete the Custom Projects
B27: worksheet and an engineer will contact you directly about custom options.
B29: Final Application - The Final Application and supporting documents must be submitted to Idaho Power within 90 days after construction is completed.
B30: · Type in the requested information.
B31: · Fields with * are required and the application will not be accepted without this information provided.
... B63: NC (09/26)
AA90: Idaho Power's Commercial and Industrial Energy Efficiency Program offers prescriptive incentives for energy efficient installation into new
AA91: commercial construction projects and major renovations.
AA93: Preliminary Application, Final Application, HVAC Worksheet & Controls Worksheet are the only pages that need to be filled out.
AA95: Preliminary Application - The Preliminary Application must be submitted to Idaho Power before the project construction is completed.
AA96: · Type in the requested information.
AA97: · Fields with * are required and the application will not be accepted without this information provided.
AA98: · Email addresses are required. Project correspondence will be sent via e-mail.
AA99: · If you have energy savings beyond the prescriptive measures offered, please check the "Custom Projects" box and complete the Custom Projects
AA100: worksheet and an engineer will contact you directly about custom options.
AA102: Final Application - The Final Application and supporting documents must be submitted to Idaho Power within 90 days after construction is completed.
AA103: · Type in the requested information.
AA104: · Fields with * are required and the application will not be accepted without this information provided.
... AA135: If you have any questions, please feel free to contact the program engineer or specialist by emailing newconstruction@idahopower.com.
AA136: =Version -> NC (09/26)

Sheet Preliminary Application
B1: New Construction & Major Renovations | AJ1: Effective September 28, 2026
B2: Commercial & Industrial Energy Efficiency Incentives
B3: Preliminary Application Data Entry
B5: Customer Information | AI5: *Indicates required field - if left blank your project will not be reviewed
B6: Applicant Name* (Organization) | T6: Account Number (If available) | AF6: Date
B8: Project / Facility Name | T8: Building Type*
B10: Project Site Address* | T10: City* | AD10: State* | AF10: Zip*
B12: Mailing Address (If different) | T12: City | AD12: State | AF12: Zip
B14: Primary Contact Name* | M14: Title | T14: Phone* | Z14: E-mail* (required to send application notices)
B16: Secondary Contact Name | M16: Title | T16: Phone | Z16: E-mail
B18: Project Description* | T18: Applicant Status
B20: Planned Start Date* | M20: Planned Completion Date* | T20: Building Area [sq ft]* | Z20: Project Type*
B24: Contractor Information
B25: Architect Company Name | M25: Contact Name | T25: Phone | Z25: E-mail
B27: Mechanical Engineer Company Name | M27: Contact Name | T27: Phone | Z27: E-mail
B29: Electrical Engineer Company Name | M29: Contact Name | T29: Phone | Z29: E-mail
B31: General Contractor Company Name | M31: Contact Name | T31: Phone | Z31: E-mail
B33: Measure Information
B36: Lighting | L36: Controls | Z36: Refrigeration
B37: L1-Interior Light Load Reduction | L37: C1-Energy Mgt Control Systems | Z37: R1-Low/No Heat Glass Doors
B38: L2-Exterior Light Load Reduction | L38: C2-Guest Room EMS | Z38: R2-Automatic High Speed Doors
B39: L3-LLLC (Networked) | M39: -Must use Electric Heat-
B40: L4-Occupancy Sensors | L40: C3-HVAC Variable Speed Drives
B41: L5-High Efficiency Exit Signs | L41: C4 -Onion/Potato Shed Ventilation VSD (conditioned space) | Z41: Compressed Air Equipment
L42: C5- Onion/Potato Shed Ventilation VSD (unconditioned space) | Z42: CA1-Air Compressor Variable Speed Drives
B43: Air-Conditioning | L43: C6-Dairy Vacuum Pump Variable Speed Drive | Z43: CA2-No Loss Condensate Drain
B44: A1-Efficient AC or HP Units | L44: C7-Dairy/Milk Transfer Pump Variable Speed Drive | Z44: CA3-Low Pressure Drop Filter
B45: A2-Efficient VRF Units | Z45: CA4-Refrigerated Compressed Air Dryer
B46: A3-Efficient Chillers | L46: Appliances and Equipment | Z46: CA5-Efficient Compressed Air Nozzle
B47: A4-Economizers | L47: W1-ENERGY STAR® Efficient Laundry Machines
B48: A5-Heat/Energy Recovery Ventilation Units | L48: G1-High Efficiency Grain Dryer | Z48: Other measures NOT on this list may qualify for
B49: A6-High Volume Low Speed Fan | L49: E1-Circulating Generator Block Heater | Z49: a Custom incentive. Please check the box below
L50: E2-High Efficiency Battery Chargers | Z50: and complete the Custom Projects tab or contact
L51: E3-Wall or Engine Block Heater Controls | Z51: customprojects@idahopower
B52: Building Shell | Z52: for more information.
B53: B1-Reflective Roof Treatment | L53: Pool Covers | Z53: Custom Projects
L54: P1-Indoor Pool Covers | AV54: FALSE
B57: For measures L1, L2, and L3, LEDs must be on one of the following QPLs (qualified product lists), DLC or ENERGY STAR® (exceptions are granted if an architect or engineer specified the product and completed COMcheck or if there is not a QPL category for proposed product).
B60: When completed, e-mail your Preliminary Application in Excel format to newconstruction@idahopower.com. Provide any other supporting materials by e-mail also, or fax to: (208) 388-5750 or mail to: Idaho Power, Attn: New Construction CHQ-8, PO Box 70, Boise, ID 83707-0070.
B61: =Version -> NC (09/26)
B222: =B1 -> New Construction & Major Renovations | AI222: Page 1 of 1
B223: =B2 -> Commercial & Industrial Energy Efficiency Incentives | AI223: =AJ1 -> Effective September 28, 2026
B224: Preliminary Application
B226: Customer Information | AI226: =AI5 -> *Indicates required field - if left blank your project will not be reviewed
B227: =IF(B6="","",B6) -> Applicant Name* (Organization) | T227: =IF(T$6="","",T$6) -> Account Number (If available) | AF227: =IF(AF6="","",AF6) -> Date
B228: =IF(B7="","",B7) | T228: =IF(T$7="","",T$7) | AF228: =IF(AF7="","",AF7)
B229: =IF(B$8="","",B$8) -> Project / Facility Name | T229: =IF(T$8="","",T$8) -> Building Type*
B230: =IF(B$9="","",B$9) | T230: =IF(T$9="","",T$9)
B231: =IF(B$10="","",B$10) -> Project Site Address* | T231: =IF(T$10="","",T$10) -> City* | AD231: =IF(AD$10="","",AD$10) -> State* | AF231: =IF(AF$10="","",AF$10) -> Zip*
B232: =IF(B$11="","",B$11) | T232: =IF(T$11="","",T$11) | AD232: =IF(AD$11="","",AD$11) | AF232: =IF(AF$11="","",AF$11)
B233: =IF(B$12="","",B$12) -> Mailing Address (If different) | T233: =IF(T$12="","",T$12) -> City | AD233: =IF(AD$12="","",AD$12) -> State | AF233: =IF(AF$12="","",AF$12) -> Zip
B234: =IF(B$13="","",B$13) | T234: =IF(T$13="","",T$13) | AD234: =IF(AD$13="","",AD$13) | AF234: =IF(AF$13="","",AF$13)
B235: =IF(B$14="","",B$14) -> Primary Contact Name* | M235: =IF(M$14="","",M$14) -> Title | T235: =IF(T$14="","",T$14) -> Phone* | Z235: =IF(Z14="","",Z14) -> E-mail* (required to send application notices)
B236: =IF(B$15="","",B$15) | M236: =IF(M$15="","",M$15) | T236: =IF(T$15="","",T$15) | Z236: =IF(Z15="","",Z15)
B237: =IF(B$16="","",B$16) -> Secondary Contact Name | M237: =IF(M$16="","",M$16) -> Title | T237: =IF(T$16="","",T$16) -> Phone | Z237: =IF(Z16="","",Z16) -> E-mail
B238: =IF(B$17="","",B$17) | M238: =IF(M$17="","",M$17) | T238: =IF(T$17="","",T$17) | Z238: =IF(Z17="","",Z17)
B239: =IF($B$18="","",$B$18) -> Project Description* | T239: =IF($T$18="","",$T$18) -> Applicant Status
B240: =IF($B$19="","",$B$19) | T240: =IF($T$19="","",$T$19)
B241: =IF($B$20="","",$B$20) -> Planned Start Date* | M241: =IF($M$20="","",$M$20) -> Planned Completion Date* | T241: =IF(T20="","",T20) -> Building Area [sq ft]* | Z241: =IF(Z20="","",Z20) -> Project Type*
B242: =IF($B$21="","",$B$21) | M242: =IF($M$21="","",$M$21) | T242: =IF(T21="","",T21) | Z242: =IF(Z21="","",Z21)
B245: Contractor Information
B246: =IF(B$25="","",B$25) -> Architect Company Name | M246: =IF(M$25="","",M$25) -> Contact Name | T246: =IF(T25="","",T25) -> Phone | Z246: =IF(Z25="","",Z25) -> E-mail
B247: =IF(B$26="","",B$26) | M247: =IF(M$26="","",M$26) | T247: =IF(T26="","",T26) | Z247: =IF(Z26="","",Z26)
B248: =IF($B$27="","",$B$27) -> Mechanical Engineer Company Name | M248: =IF($M$27="","",$M$27) -> Contact Name | T248: =IF(T27="","",T27) -> Phone | Z248: =IF(Z27="","",Z27) -> E-mail
B249: =IF($B$28="","",$B$28) | M249: =IF($M$28="","",$M$28) | T249: =IF(T28="","",T28) | Z249: =IF(Z28="","",Z28)
B250: =IF($B$29="","",$B$29) -> Electrical Engineer Company Name | M250: =IF($M$29="","",$M$29) -> Contact Name | T250: =IF(T29="","",T29) -> Phone | Z250: =IF(Z29="","",Z29) -> E-mail
B251: =IF($B$30="","",$B$30) | M251: =IF($M$30="","",$M$30) | T251: =IF(T30="","",T30) | Z251: =IF(Z30="","",Z30)
B252: =IF($B$31="","",$B$31) -> General Contractor Company Name | M252: =IF($M$31="","",$M$31) -> Contact Name | T252: =IF(T31="","",T31) -> Phone | Z252: =IF(Z31="","",Z31) -> E-mail
B253: =IF($B$32="","",$B$32) | M253: =IF($M$32="","",$M$32) | T253: =IF(T32="","",T32) | Z253: =IF(Z32="","",Z32)
B254: Measure Information
B257: =B36 -> Lighting | L257: =L36 -> Controls | Z257: =Z36 -> Refrigeration
B258: =B37 -> L1-Interior Light Load Reduction | L258: =L37 -> C1-Energy Mgt Control Systems | Z258: =Z37 -> R1-Low/No Heat Glass Doors
B259: =B38 -> L2-Exterior Light Load Reduction | L259: =L38 -> C2-Guest Room EMS | Z259: =Z38 -> R2-Automatic High Speed Doors
B260: =B39 -> L3-LLLC (Networked) | M260: =M39 -> -Must use Electric Heat- | Z260: =Z39 -> 0
B261: =B40 -> L4-Occupancy Sensors | L261: =L40 -> C3-HVAC Variable Speed Drives
B262: =B41 -> L5-High Efficiency Exit Signs | L262: =L41 -> C4 -Onion/Potato Shed Ventilation VSD (conditioned space) | Z262: =Z41 -> Compressed Air Equipment
L263: =L42 -> C5- Onion/Potato Shed Ventilation VSD (unconditioned space) | Z263: =Z42 -> CA1-Air Compressor Variable Speed Drives
B264: =B43 -> Air-Conditioning | L264: =L43 -> C6-Dairy Vacuum Pump Variable Speed Drive | Z264: =Z43 -> CA2-No Loss Condensate Drain
B265: =B44 -> A1-Efficient AC or HP Units | L265: =L44 -> C7-Dairy/Milk Transfer Pump Variable Speed Drive | Z265: =Z44 -> CA3-Low Pressure Drop Filter
B266: =B45 -> A2-Efficient VRF Units | Z266: =Z45 -> CA4-Refrigerated Compressed Air Dryer
B267: =B46 -> A3-Efficient Chillers | L267: =L46 -> Appliances and Equipment | Z267: =Z46 -> CA5-Efficient Compressed Air Nozzle
B268: =B47 -> A4-Economizers | L268: =L47 -> W1-ENERGY STAR® Efficient Laundry Machines
B269: =B48 -> A5-Heat/Energy Recovery Ventilation Units | L269: =L48 -> G1-High Efficiency Grain Dryer | Z269: =Z48 -> Other measures NOT on this list may qualify for
B270: =B49 -> A6-High Volume Low Speed Fan | L270: =L49 -> E1-Circulating Generator Block Heater | Z270: =Z49 -> a Custom incentive. Please check the box below
B271: =B50 -> 0 | L271: =L50 -> E2-High Efficiency Battery Chargers | Z271: =Z50 -> and complete the Custom Projects tab or contact
L272: =L51 -> E3-Wall or Engine Block Heater Controls | Z272: =Z51 -> customprojects@idahopower
B273: =B52 -> Building Shell | Z273: =Z52 -> for more information.
B274: =B53 -> B1-Reflective Roof Treatment | Z274: =Z53 -> Custom Projects
B278: =B57 -> For measures L1, L2, and L3, LEDs must be on one of the following QPLs (qualified product lists), DLC or ENERGY STAR® (exceptions are granted if an architect or engineer specified the product and completed COMcheck or if there is not a QPL category for proposed product).
B279: =B58 -> 0
B280: =B59 -> 0
B281: =B60 -> When completed, e-mail your Preliminary Application in Excel format to newconstruction@idahopower.com. Provide any other supporting materials by e-mail also, or fax to: (208) 388-5750 or mail to: Idaho Power, Attn: New Construction CHQ-8, PO Box 70, Boise, ID 83707-0070.
B282: =Version -> NC (09/26)

Sheet Final Application
A1: S | B1: New Construction & Major Renovations | AI1: ='Preliminary Application'!AJ1 -> Effective September 28, 2026
B2: Commercial & Industrial Energy Efficiency Incentives
B3: Final Application Data Entry
